 Dungeon Crawl Stone Soup version 0.30-a0-166-g5d06c95188 (webtiles) character file.

Game seed: 7306428504072826794

895524 qw the Knight (level 27, -12/195 (199) HPs)
             Began as a Gargoyle Fighter on Sept 29, 2022.
             Was a Priest of Okawaru.
             Mangled by a reaper
             ... wielding a +1 scythe of freezing
              (19 damage)
             ... in the Vestibule of Hell.
             The game lasted 00:59:09 (73147 turns).

qw the Knight (Gargoyle Fighter)                   Turns: 73147, Time: 00:59:10

HP:   -12/195 (199) AC: 62    Str: 35    XL:     27
MP:   38/40         EV: 21    Int: 11    God:    Okawaru [***...]
Gold: 6544          SH: 24    Dex: 13    Spells: 26/26 levels left

rFire   + + .      SeeInvis +    f - +5 broad axe (holy)
rCold   + . .      Faith    .    E - +0 tower shield {rF+}
rNeg    + + +      Spirit   .    p - +4 plate armour of Tartarus {Str+6}
rPois   inf        Reflect  .    q - +2 hat
rElec   +          Harm     .    L - +4 dragonskin cloak
rCorr   .          Rampage  inf  t - +0 pair of gloves of the Servitors {rPois Int-5 Dex+5 SInv}
Will    ++++.                    M - +3 pair of seven-league boots {Rampage+∞}
Stlth   ..........               Q - amulet "Qiosem" {rF++ Will+ Regen+}
HPRegen 1.22/turn                w - ring of Sotoudet {rElec rN++ EV+4 Str-3 Slay+5}
MPRegen 0.27/turn                S - ring of Rupus {Ice rN+ Will+ Str+2}

@: heroic, flying, lightly drained
A: sickness immunity, AC +20, big wings, negative energy resistance 1,
electricity resistance, torment resistance 1, petrification resistance, hooves
1, clever 1, mutation resistance 1, screaming 1
}: 10/15 runes: decaying, slimy, silver, golden, demonic, glowing, magical,
fiery, dark, gossamer
a: Renounce Religion, Heroism


You were in the Vestibule of Hell.
You worshipped Okawaru.
Okawaru was most pleased with you.
You visited 13 branches of the dungeon, and saw 56 of its levels.
You visited Pandemonium 3 times, and saw 14 of its levels.
You visited the Abyss 2 times.
You also visited: Wizlab.

You collected 11895 gold pieces.
You spent 5351 gold pieces at shops.


Innate Abilities, Weirdness & Mutations

You are immune to sickness and miasma.
Your stone body is resilient. (AC +20)
You are immune to poison.
Your large and strong wings let you fly.
You resist negative energy. (rN+)
You are resistant to electric shocks. (rElec)
You are resistant to unholy torment.
You are immune to petrification.
You have large cloven feet.
Your mind is acute. (Int +4, Str/Dex -1)
You are somewhat resistant to further mutation.
You occasionally shout uncontrollably at your foes.


   Skills:
 O Level 27 Fighting
 - Level 20.0(25.0) Axes
 - Level 13.9(18.9) Throwing
 - Level 24.7(27) Armour
 + Level 14.4(19.4) Dodging
 - Level 23.0(27) Shields
 O Level 27 Invocations
 - Level 4.8 Evocations


You had 26 spell levels left.
You didn't know any spells.
Your spell library was empty.

Inventory:

Hand Weapons
 f - a +5 broad axe of holy wrath (weapon)
 C - the +6 war axe "Jatun" {flame, rC+ Int-2 Dex+6}
   (Okawaru gifted it to you on level 1 of the Realm of Zot)

   It burns those it strikes, dealing additional fire damage.
   Big, fiery blades are also staple armaments of hydra-hunters.
   Int:       It affects your intelligence (-2).
   Dex:       It affects your dexterity (+6).
   rC:        It protects you from cold.
Missiles
 b - 11 boomerangs (quivered)
Armour
 g - the +0 pair of gloves of Roerheny {rC- Will+ Str+3}
   (Okawaru gifted it to you on level 2 of the Vaults)

   Str:       It affects your strength (+3).
   rC:        It makes you vulnerable to cold.
   Will:      It increases your willpower.
 h - +0 gold dragon scales
 k - a +4 plate armour of fire resistance
 p - the +4 plate armour of Tartarus (worn) {Str+6}
   (You found it on level 4 of the Swamp)

   Str:       It affects your strength (+6).
 q - a +2 hat (worn)
 t - the +0 pair of gloves of the Servitors (worn) {rPois Int-5 Dex+5 SInv}
   (You bought it in a shop on level 2 of the Orcish Mines)

   Int:       It affects your intelligence (-5).
   Dex:       It affects your dexterity (+5).
   rPois:     It protects you from poison.
   SInv:      It lets you see invisible.
 A - the +0 pair of boots "Xutekhlatz" {Rampage Drain rF+ rN+ Dex+4}
   (Okawaru gifted it to you on level 14 of the Dungeon)

   Dex:       It affects your dexterity (+4).
   rF:        It protects you from fire.
   rN:        It protects you from negative energy.
   Drain:     It drains your maximum health when unequipped.
   Rampage:   It bestows one free step when moving towards enemies.
 E - a +0 tower shield of fire resistance (worn)
 J - a scarf of resistance
 L - the +4 dragonskin cloak (worn)
   (You took it off Tiamat on level 1 of the Realm of Zot)

   It grants the wearer a chance to resist fire, cold, poison, electricity,
   acid, and negative energy.
 M - the +3 pair of seven-league boots (worn) {Rampage+∞}
   (You bought it in a shop on level 5 of the Vaults)

   Its wearer moves as far as possible in that direction when moving towards
   enemies.
Jewellery
 l - the amulet of Vitality {RegenMP++ Regen++}
   (You took it off a mummy priest on level 2 of the Depths)

   [amulet of magic regeneration]

   It increases your rate of magic regeneration.
   Regen:     It increases your rate of health regeneration.
 w - the ring of Sotoudet (left hand) {rElec rN++ EV+4 Str-3 Slay+5}
   (You found it on level 5 of the Lair of Beasts)

   [ring of evasion]

   EV:        It affects your evasion (+4).
   Str:       It affects your strength (-3).
   Slay:      It affects your accuracy & damage with ranged weapons and melee
   (+5).
   rElec:     It insulates you from electricity.
   rN:        It greatly protects you from negative energy.
 x - a ring of protection from cold
 B - the ring "Rocof" {Fire *Corrode rElec Int-5 Slay+4}
   (You bought it in a shop on level 2 of the Depths)

   [ring of fire]

   It enhances your fire magic.
   Int:       It affects your intelligence (-5).
   Slay:      It affects your accuracy & damage with ranged weapons and melee
   (+4).
   rF:        It protects you from fire.
   rC:        It makes you vulnerable to cold.
   rElec:     It insulates you from electricity.
   *Corrode:  It may corrode you when you take damage.
 D - the ring "Ymuim" {Ice rCorr}
   (You took it off Josephina on level 3 of the Depths)

   [ring of ice]

   It enhances your ice magic.
   rF:        It makes you vulnerable to fire.
   rC:        It protects you from cold.
   rCorr:     It protects you from acid and corrosion.
 H - the ring of the Fool {rF+ Str+6}
   (You bought it in a shop on level 2 of the Depths)

   [ring of strength]

   Str:       It affects your strength (+6).
   rF:        It protects you from fire.
 I - the amulet of Poijy {Faith rElec rC+ Str+4 Int-2}
   (You bought it in a shop on level 2 of the Depths)

   [amulet of faith]

   It allows you to gain divine favour quickly.
   Str:       It affects your strength (+4).
   Int:       It affects your intelligence (-2).
   rC:        It protects you from cold.
   rElec:     It insulates you from electricity.
 Q - the amulet "Qiosem" (around neck) {rF++ Will+ Regen+}
   (You found it on level 2 of the Realm of Zot)

   [amulet of regeneration]

   rF:        It greatly protects you from fire.
   Regen:     It increases your rate of health regeneration.
   Will:      It increases your willpower.
 S - the ring of Rupus (right hand) {Ice rN+ Will+ Str+2}
   (You found it on level 1 of the Depths)

   [ring of ice]

   It enhances your ice magic.
   Str:       It affects your strength (+2).
   rF:        It makes you vulnerable to fire.
   rC:        It protects you from cold.
   rN:        It protects you from negative energy.
   Will:      It increases your willpower.
 Y - a +4 ring of protection
Scrolls
 a - 43 scrolls of identify
 s - 5 scrolls of enchant armour
 y - 3 scrolls of brand weapon
Potions
 c - 3 potions of resistance
 d - 11 potions of might
 e - 9 potions of haste
 i - 6 potions of cancellation
 m - 20 potions of lignification
 r - 28 potions of curing
 z - 10 potions of attraction

Dungeon Overview and Level Annotations

Branches:
Dungeon (15/15)            Temple (1/1) D:4            Lair (5/5) D:9
  Swamp (4/4) Lair:3       Spider (4/4) Lair:3        Slime (5/5) Lair:5
    Orc (2/2) D:10            Elf (0/3) Orc:2        Vaults (5/5) D:14
  Crypt (3/3) Vaults:2       Tomb (3/3) Crypt:3      Depths (4/4) D:15
   Hell (1/1)                 Coc (0/7) Hell            Zot (4/5) Depths:4
 WizLab (visited)
    Dis: Hell:1         Geh: Hell:1         Tar: Hell:1

Altars:
Ashenzari
Cheibriados
Dithmenos
Elyvilon
Fedhas
Gozag
Hepliaklqana
Kikubaaqudgha
Makhleb
Nemelex Xobeh
Okawaru
Qazlal
Ru
Sif Muna
Trog
Uskayaw
Vehumet
Wu Jian
Xom
Yredelemnul
Zin
The Shining One
Jiyva
Lugonu

Shops:
D:7 !   D:9 (   Orc:2 *[[*   Vaults:2 (   Vaults:5 [   Depths:1 (:
Depths:2 =:=   Depths:4 :

Portals:
Hell: Depths:1 Depths:2 Depths:3 Depths:4
Abyss: Depths:3 Depths:4
Pandemonium: Depths:2 Depths:3
Ziggurat: Depths:3

Annotations:
D:5 3 runed translucent doors, qw's ghost, novice GrFi
D:8 1 runed translucent door
D:11 1 runed translucent door, Doxiuhun's ghost, journeyman GnSk
Lair:1 2 transporters
Lair:5 1 runed translucent door, qw's ghost, journeyman GrFi
Vaults:1 2 transporters
Zot:3 4 transporters


Message History

The fireball engulfs you. You resist.
You hear a sizzling sound!
You see here a +3 scythe of freezing.
You stride towards the iron golem!
You yell at the reaper!
A reaper comes into view. It is wielding a +1 scythe of freezing.
You slice the iron golem!!
The iron golem is lightly damaged.
The iron golem hits you but does no damage.
The iron golem closely misses you.
You carve the iron golem like a ham!!!
The iron golem is lightly damaged.
An ancient champion comes into view.
It is wielding a +3 great sword of flaming.
You slice the iron golem!!
The iron golem is moderately damaged.
The iron golem barely misses you. You block the iron golem's attack.
You open the iron golem like a pillowcase!!!
The iron golem is heavily damaged.
You block the iron golem's attack. x2
You slice the iron golem!!
The iron golem is heavily damaged.
The reaper says, "Everyone has to die sometime, and your time is now."
You block the reaper's attack. The iron golem hits you!!
The iron golem hits you but does no damage.
You slash the iron golem!
The iron golem is heavily damaged.
The hell hog breathes fire at you.
The fireball explodes!
The fireball engulfs you! You resist.
The fireball engulfs the iron golem.
The iron golem completely resists.
You block the reaper's attack.
You slice the iron golem!!
The iron golem is heavily damaged.
You feel like a meek peon again.
The iron golem hits you but does no damage.
You block the iron golem's attack.
73147 ||| INVOKING Heroism.
You gain the combat prowess of a mighty hero.
You block the hell hog's attack.
The reaper shouts, "Die, qw!"
The reaper hits you from afar with a +1 scythe of freezing!!
You die...

............... ...............
...............
....................~
...............~~~~~~~ ..
...........2.........~~~~~~~~ ..
..#.#......9......~.~~~~~~~~
..##.....##....@h....~~~~~~~~~~
. #.........#........~~~~~~~~~~~
..#....#....#.......))~~~~~~~~~~
.....#..2#...........~~~~~~~...~
#....\.W....#z................~
#¤.%\.#..........))......\.~
#...%¤zD....#........}........~
....2#¤zZ#............~~~~~~...~
..#....#&...#........~~~~~~~~~~~


You could see an iron golem, a reaper, an ancient champion and a hell hog.

Vanquished Creatures
  Cerebov (Pan)
  the Royal Jelly (Slime:5)
  Gloorx Vloq (Pan)
  Lom Lobon (Pan)
  5 pandemonium lords (Pan)
  2 dread liches (Vaults:5)
  2 ancient liches (Vaults:5)
  Tiamat (Zot:1)
  Mara (Vaults:2)
  A juggernaut (Depths:4)
  20 royal mummies
  Sojobo (Crypt:1)
  Josephina (Depths:3)
  Bai Suzhen (Depths:1)
  A Killer Klown (Zot:2)
  2 curse toes (Zot:3)
  Geryon (Hell)
  Saint Roka (Depths:2)
  Jory (Crypt:3)
  9 golden dragons
  the Enchantress (Depths:3)
  A bone dragon (Abyss:2)
  The ghost of qw the Hoplite, a veteran GrFi of Okawaru (Depths:2)
  4 Tzitzimimeh (Pan)
  Arachne (Spider:2)
  3 Brimstone Fiends (Pan)
  18 tentacled monstrosities
  3 Hell Sentinels (Pan)
  4 Ice Fiends (Pan)
  5 liches
  5 quicksilver dragons
  11 titans
  2 deep elf blademasters
  16 acid blobs
  2 tentacled starspawn (Abyss:2)
  17 Executioners (Pan)
  15 ancient champions
  7 deep elf master archers
  5 death cobs
  14 sphinxes
  Murray (Hell)
  Frances (Spider:2)
  11 shadow dragons
  13 storm dragons
  An eldritch tentacle (Pan)
  3 thorn hunters
  8 tengu reavers
  4 demonspawn warmongers (Pan)
  7 azure jellies
  5 revenants
  12 fire giants
  Donald (Vaults:4)
  A draconian knight (Zot:3)
  8 rockslimes
  6 draconian monks
  13 frost giants
  5 draconian scorchers
  21 vault wardens
  3 emperor scorpions
  6 draconian stormcallers
  A juggernaut zombie (Crypt:1)
  4 curse skulls
  Louise (Swamp:3)
  2 deep elf sorcerers
  15 balrugs
  4 draconian shifters
  4 draconian annihilators
  4 ghost moths
  13 cacodemons (Pan)
  6 spriggan defenders
  3 orc warlords
  11 reapers
  20 ironbound preservers
  4 broodmothers
  6 demonspawn corrupters (Pan)
  6 caustic shrike skeletons (Depths:3)
  3 demonspawn blood saints (Pan)
  34 very ugly things
  13 green draconians
  5 war gargoyles
  14 bennus
  3 deep elf demonologists
  7 quicksilver oozes (Slime:5)
  6 eleionomae
  29 stone giants
  7 ironbound thunderhulks
  6 demonspawn black suns (Pan)
  10 lorocyprocas (Pan)
  5 vampire knights
  10 dire elephants
  10 purple draconians
  12 yellow draconians
  14 black draconians
  13 white draconians
  15 red draconians
  4 spark wasps
  2 bunyips (Swamp:2)
  6 deep elf death magi
  2 crystal guardians (Vaults:3)
  4 eidola
  16 green deaths
  A merfolk javelineer (Depths:4)
  Snorg (D:10)
  16 ettins
  21 blizzard demons
  23 mummy priests
  22 jiangshi
  6 fire dragons
  17 yaktaur captains
  4 shambling mangroves
  5 entropy weavers
  2 deep elf high priests (Vaults:5)
  3 rakshasas
  A kraken zombie (Hell)
  5 great orbs of eyes
  12 spriggan air magi
  A ghost crab (Swamp:4)
  8 ice dragons
  2 peacekeepers
  31 vault guards
  27 hydras
  An ogre mage (Vaults:5)
  2 catoblepae
  2 jorogumos
  4 hell beasts (Pan)
  5 boulder beetles
  An anaconda (Depths:3)
  A fenstrider witch skeleton (Pan)
  7 centaur warriors
  A death knight (D:15)
  3 radroaches
  2 juggernaut simulacra (Pan)
  5 ironbound frosthearts
  8 alligators
  10 two-headed ogres
  2 dancing weapons (Pan)
  7 deep troll shamans
  39 death scarabs
  3 hell hogs (Hell)
  2 tengu warriors
  12 spriggan berserkers
  3 thrashing horrors (Abyss:2)
  9 death yaks
  8 vampire magi
  9 deep troll earth magi
  7 deep elf knights
  5 orc high priests
  Nergalle (Lair:2)
  10 hell knights
  55 sun demons
  2 iron trolls
  23 soul eaters
  A fire crab (shapeshifter) (D:14)
  A titan skeleton (Abyss:2)
  15 sixfirhies (Pan)
  37 skeletal warriors
  3 pharaoh ants
  11 shadow demons (Pan)
  7 shadow wraiths
  5 flayed ghosts
  3 wretched stars (Abyss:2)
  5 goliath frogs
  3 sun moths (Spider:4)
  63 deep trolls
  9 spriggan druids
  A bunyip zombie (Crypt:3)
  13 orb spiders
  A spark wasp zombie (Crypt:2)
  9 steelbarb worms
  13 bog bodies
  4 glowing orange brains
  2 swamp dragons (shapeshifter)
  A golden dragon skeleton (Depths:1)
  A bunyip skeleton (Crypt:3)
  A quicksilver dragon simulacrum (Crypt:2)
  17 swamp dragons
  7 deep elf archers
  10 deep elf pyromancers
  8 lindwurms
  4 harpies
  22 ironbound convokers
  An anaconda skeleton (Hell)
  13 phantasmal warriors
  An iron dragon zombie (Tomb:1)
  13 wizards
  12 necromancers
  8 deep elf zephyrmancers
  7 orc knights
  10 shining eyes
  A shining eye (shapeshifter) (Vaults:5)
  7 orc sorcerers
  6 will-o-the-wisps
  3 manticores
  A stone giant zombie (Tomb:2)
  47 ugly things
  5 cyclopes
  24 moths of wrath
  21 wolf spiders
  A naga zombie (Tomb:2)
  An elephant (shapeshifter) (Vaults:5)
  A fire giant skeleton (Vaults:4)
  A stone giant skeleton (Tomb:3)
  An iron dragon skeleton (Pan)
  4 black mambas
  5 torpor snails
  25 vault sentinels
  9 elephants
  A gargoyle (D:12)
  A dire elephant zombie (Crypt:1)
  2 black mambas (shapeshifter)
  24 cane toads
  2 centaur zombies
  4 ice statues
  14 orange demons
  A titan simulacrum (Depths:3)
  A minotaur zombie (Crypt:2)
  39 smoke demons
  An unseen horror (Pan)
  Psyche (D:8)
  A centaur skeleton (Pan)
  A cane toad (shapeshifter) (D:9)
  A catoblepas zombie (Crypt:1)
  A dire elephant skeleton (Tomb:1)
  An unseen horror (shapeshifter) (D:13)
  4 kobold demonologists
  A storm dragon simulacrum (Crypt:2)
  A redback zombie (Crypt:2)
  A sea snake zombie (Hell)
  6 ice devils
  An ancient zyme (Abyss:2)
  16 demonic crawlers
  A spark wasp simulacrum (Depths:3)
  2 anaconda simulacra (Hell)
  4 efreet
  15 komodo dragons
  4 freezing wraiths
  10 hellions
  25 hellwings (Pan)
  60 guardian mummies
  A rime drake (Lair:5)
  7 tormentors (Pan)
  46 yaktaurs
  6 tengu conjurers
  An alligator snapping turtle skeleton (Tomb:3)
  6 trolls
  A catoblepas skeleton (Crypt:1)
  A polar bear (Lair:4)
  2 mana viper skeletons
  3 harpy zombies
  2 red devils (Pan)
  A polar bear (shapeshifter) (Depths:3)
  A meliai (shapeshifter) (D:13)
  4 meliai
  An iron troll skeleton (Crypt:3)
  34 hornets
  8 tyrant leeches
  21 tarantellas
  A meliai zombie (Crypt:3)
  2 ettin zombies
  2 hydra skeletons (Hell)
  19 blink frogs
  79 slime creatures
  A hornet (shapeshifter) (D:13)
  2 human skeletons (Vaults:1)
  2 harpy skeletons
  7 raiju (Abyss:2)
  2 dream sheep (Lair:2)
  A guardian serpent skeleton (Crypt:1)
  An alligator zombie (Hell)
  A black mamba zombie (Crypt:1)
  2 frost giant simulacra (Depths:3)
  A jumping spider (shapeshifter) (D:15)
  A boulder beetle zombie (Crypt:3)
  17 culicivoras
  44 flying skulls
  26 jumping spiders
  20 starcursed masses
  54 spriggans
  3 shadows
  12 basilisks
  11 wraiths
  11 water elementals (Depths:4)
  71 yaks
  4 vampires (WizLab)
  11 wyverns
  11 ynoxinuls (Pan)
  24 ushabtiu
  20 vampire mosquitoes
  9 golden eyes
  59 redbacks
  A black mamba skeleton (Pan)
  33 neqoxecs
  An alligator snapping turtle simulacrum (Tomb:1)
  2 steam dragons
  A yaktaur simulacrum (Vaults:1)
  18 chaos spawn
  Edmund (D:5)
  A spriggan simulacrum (Depths:1)
  5 wargs
  A demonspawn zombie (Crypt:1)
  2 deep troll zombies
  An acid dragon (D:9)
  16 swamp worms
  17 water moccasins
  A harpy simulacrum (Crypt:2)
  A demonspawn skeleton (Crypt:3)
  A hydra simulacrum (Hell)
  8 hell hounds
  4 naga skeletons
  31 large abominations
  A two-headed ogre skeleton (Crypt:1)
  An ice beast (shapeshifter) (D:14)
  An ice beast (D:5)
  45 orc warriors
  A black bear (shapeshifter) (D:15)
  3 black bears
  9 ogres
  5 swamp drakes
  2 boggarts (Vaults:4)
  20 wolves
  3 centaurs
  A dream sheep skeleton (Crypt:1)
  A torpor snail zombie (Crypt:2)
  A lindwurm skeleton (Crypt:2)
  A swamp dragon skeleton (Pan)
  2 necrophages
  21 bullfrogs
  3 gnoll sergeants
  A glowing shapeshifter simulacrum (Depths:3)
  An earth elemental (Abyss:2)
  A tengu simulacrum (Depths:1)
  3 scorpions
  5 small abominations (Abyss:2)
  6 troll zombies (WizLab)
  30 wights
  2 queen bee zombies
  16 killer bees
  7 howler monkeys
  5 electric eels
  3 lava snakes (Lair:1)
  4 crimson imps (Depths:4)
  2 quasits (Abyss:2)
  5 hounds
  26 orc priests
  2 gnoll boudas
  5 jellies
  An iron imp (Abyss:2)
  3 iguanas
  26 orc wizards
  A boggart zombie (Crypt:3)
  5 hell rats (D:14)
  A scorpion zombie (Crypt:2)
  4 ogre zombies (WizLab)
  A hound zombie (Crypt:2)
  A boggart simulacrum (D:15)
  35 mummies
  23 gnolls
  7 adders
  A shadow imp (D:6)
  3 white imps
  2 ufetubi
  A worm (D:4)
  6 dart slugs
  101 orcs
  6 bats
  A bat zombie (Crypt:2)
  6 endoplasms
  5 giant cockroaches
  9 goblins
  11 hobgoblins
  4 jackals (D:3)
  8 kobolds
  3 quokkas
  8 ball pythons
  3 frilled lizards
  A frilled lizard zombie (Crypt:2)
  A jackal zombie (Crypt:3)
  3 rats
  2 blocks of ice (Pan)
  4 briar patches (Swamp:4)
  2 fire vortices (Pan)
  3 lurking horrors (Abyss:2)
  A starspawn tentacle (Abyss:2)
  2 tentacles (Hell)
3255 creatures vanquished.

Vanquished Creatures (collateral kills)
  2 pandemonium lords (Pan)
  Mnoleg (Pan)
  An ancient lich (Crypt:2)
  11 royal mummies
  A Brimstone Fiend (Pan)
  2 Tzitzimimeh (Pan)
  A lich (Tomb:2)
  An ancient champion (Tomb:3)
  An Executioner (Pan)
  2 demonspawn warmongers (Pan)
  A revenant (Tomb:2)
  2 fire giants
  A frost giant (Crypt:3)
  A cacodemon (Pan)
  3 balrugs (Pan)
  A curse skull (Pan)
  2 reapers (Pan)
  A demonspawn corrupter (Pan)
  2 bennus (Tomb:2)
  A green draconian (Crypt:3)
  A demonspawn black sun (Pan)
  A red draconian (Crypt:3)
  3 blizzard demons (Pan)
  A deep elf death mage (Crypt:2)
  3 green deaths (Pan)
  5 mummy priests
  3 hell beasts (Pan)
  6 death scarabs
  2 deep elf knights (Crypt:2)
  A sun demon (Pan)
  A sixfirhy (Pan)
  A skeletal warrior (Crypt:3)
  2 shadow wraiths (Pan)
  A shadow demon (Pan)
  5 bog bodies (Crypt:3)
  2 deep elf archers
  A deep elf zephyrmancer (Crypt:2)
  A deep elf pyromancer (Tomb:2)
  3 smoke demons (Pan)
  3 ice statues (Pan)
  2 demonic crawlers (Pan)
  A dire elephant skeleton (Tomb:3)
  2 hellions (Pan)
  A hellwing (Pan)
  10 guardian mummies
  A red devil (Pan)
  2 ice devils (Pan)
  A harpy skeleton (Tomb:2)
  7 flying skulls
  5 ynoxinuls (Pan)
  2 ushabtiu
  2 chaos spawn (Pan)
  12 mummies
132 creatures vanquished.

Vanquished Creatures (others)
  A titan (Tomb:2)
  A demonspawn blood saint (Pan)
  A green death (Pan)
  3 blizzard demons (Pan)
  A ghost crab (Swamp:3)
  A bloated husk (Swamp:3)
  A hornet (Swamp:3)
  2 jumping spiders
  2 spriggans (Swamp:3)
  2 water elementals (Hell)
  2 chaos spawn (Pan)
  A vampire mosquito (Swamp:3)
  A swamp worm (Swamp:3)
  An orc warrior (Orc:2)
  A bullfrog (D:8)
  An orc wizard (Orc:2)
  5 briar patches (Swamp:4)
  A bush (Depths:3)
  8 demonic plants
  A fire vortex (Pan)
  22 foxfires
  85 fungi
  140 plants
  4 starspawn tentacles (Abyss:2)
  2 tentacles (Hell)
290 creatures vanquished.

Grand Total: 3677 creatures vanquished

Notes
Turn   | Place    | Note
-------+----------+-------------------------------------------
     0 | D:1      | qw the Gargoyle Fighter began the quest for the Orb.
     0 | D:1      | Reached XP level 1. HP: 14/14 MP: 1/1
     0 | D:1      | 0 ||| qw: Version: 0.2-a-12-gaebbb33
     0 | D:1      | 0 ||| qw: Game counter: 1051
     0 | D:1      | 0 ||| qw: Always use a shield: true
     0 | D:1      | 0 ||| qw: God list: Okawaru
     0 | D:1      | 0 ||| qw: Allow faded altars: false
     0 | D:1      | 0 ||| qw: Do Orc after D:15 true
     0 | D:1      | 0 ||| qw: Do second Lair branch before Depths: true
     0 | D:1      | 0 ||| qw: Lair rune preference: random
     0 | D:1      | 0 ||| qw: Plans: Normal, Zot:1-4, God:TSO, Crypt, Tomb,
                  | Pan, Slime:5, Hells, Abyss, Orb
     0 | D:1      | 0 ||| PLANNING D:1-11
   363 | D:1      | Reached XP level 2. HP: 19/19 MP: 2/2
   516 | D:1      | HP: 3/19 [frozen (5)]
   852 | D:1      | Reached skill level 3 in Axes
   909 | D:1      | Reached XP level 3. HP: 22/23 MP: 3/3
   971 | D:1      | 971 ||| Stepping ~*~*~tactically~*~*~ (stealth).
  1322 | D:1      | 1322 ||| READING scroll labelled INEQAELO INUPN.
  1323 | D:1      | 1323 ||| READING scroll labelled BIQUIT ZOUDAKO.
  1324 | D:1      | 1324 ||| READING scroll labelled VOLIES SOTIE.
  1545 | D:2      | 1545 ||| Stepping ~*~*~tactically~*~*~ (stealth).
  1590 | D:2      | 1590 ||| Stepping ~*~*~tactically~*~*~ (stealth).
  1608 | D:2      | 1608 ||| Stepping ~*~*~tactically~*~*~ (stealth).
  1618 | D:2      | Reached XP level 4. HP: 28/28 MP: 4/4
  1916 | D:2      | 1916 ||| DROPPING +0 club.
  2032 | D:2      | 2032 ||| Stepping ~*~*~tactically~*~*~ (stealth).
  2038 | D:2      | 2038 ||| Stepping ~*~*~tactically~*~*~ (stealth).
  2217 | D:2      | 2217 ||| Stepping ~*~*~tactically~*~*~ (stealth).
  2218 | D:2      | 2218 ||| Stepping ~*~*~tactically~*~*~ (stealth).
  2591 | D:2      | Found a faded altar of an unknown god.
  2664 | D:2      | 2664 ||| UPGRADING to +4 chain mail of cold resistance.
  2674 | D:2      | 2674 ||| DROPPING +0 scale mail.
  2675 | D:2      | 2675 ||| DROPPING +6 ring of intelligence.
  2676 | D:2      | 2676 ||| READING 2 scrolls labelled ULLOOT WEHU.
  2677 | D:2      | 2677 ||| READING scroll labelled MEAXA YKEINON.
  2678 | D:2      | 2678 ||| DRINKING 2 pink potions.
  2868 | D:3      | 2868 ||| Stepping ~*~*~tactically~*~*~ (stealth).
  2869 | D:3      | 2869 ||| Stepping ~*~*~tactically~*~*~ (stealth).
  2870 | D:3      | 2870 ||| Stepping ~*~*~tactically~*~*~ (stealth).
  2872 | D:3      | 2872 ||| Stepping ~*~*~tactically~*~*~ (stealth).
  2897 | D:3      | Reached XP level 5. HP: 27/32 MP: 5/5
  3072 | D:3      | 3072 ||| Stepping ~*~*~tactically~*~*~ (stealth).
  3107 | D:3      | 3107 ||| Stepping ~*~*~tactically~*~*~ (hiding).
  3117 | D:3      | 3117 ||| Stepping ~*~*~tactically~*~*~ (hiding).
  3132 | D:3      | 3132 ||| FLEEEEING.
  3133 | D:3      | 3133 ||| FLEEEEING.
  3134 | D:3      | 3134 ||| FLEEEEING.
  3135 | D:3      | 3135 ||| FLEEEEING.
  3136 | D:3      | 3136 ||| FLEEEEING.
  3137 | D:3      | 3137 ||| FLEEEEING.
  3138 | D:3      | 3138 ||| FLEEEEING.
  3139 | D:3      | 3139 ||| FLEEEEING.
  3140 | D:3      | 3140 ||| FLEEEEING.
  3141 | D:3      | 3141 ||| FLEEEEING.
  3142 | D:3      | 3142 ||| FLEEEEING.
  3143 | D:3      | 3143 ||| FLEEEEING.
  3144 | D:3      | 3144 ||| FLEEEEING.
  3145 | D:3      | 3145 ||| FLEEEEING.
  3146 | D:3      | 3146 ||| FLEEEEING.
  3147 | D:3      | 3147 ||| FLEEEEING.
  3148 | D:3      | 3148 ||| FLEEEEING.
  3149 | D:3      | 3149 ||| FLEEEEING.
  3150 | D:3      | 3150 ||| FLEEEEING.
  3151 | D:3      | 3151 ||| FLEEEEING.
  3153 | D:3      | 3153 ||| FLEEEEING.
  3154 | D:3      | 3154 ||| FLEEEEING.
  3155 | D:3      | 3155 ||| FLEEEEING.
  3156 | D:3      | 3156 ||| FLEEEEING.
  3157 | D:3      | 3157 ||| FLEEEEING.
  3158 | D:3      | 3158 ||| FLEEEEING.
  3159 | D:3      | 3159 ||| FLEEEEING.
  3160 | D:3      | 3160 ||| FLEEEEING.
  3161 | D:3      | 3161 ||| FLEEEEING.
  3162 | D:3      | 3162 ||| FLEEEEING.
  3163 | D:3      | 3163 ||| FLEEEEING.
  3164 | D:3      | 3164 ||| FLEEEEING.
  3166 | D:3      | 3166 ||| FLEEEEING.
  3167 | D:3      | 3167 ||| FLEEEEING.
  3168 | D:3      | 3168 ||| FLEEEEING.
  3169 | D:3      | 3169 ||| FLEEEEING.
  3170 | D:3      | 3170 ||| FLEEEEING.
  3171 | D:3      | 3171 ||| FLEEEEING.
  3172 | D:3      | 3172 ||| FLEEEEING.
  3173 | D:3      | 3173 ||| FLEEEEING.
  3174 | D:3      | 3174 ||| FLEEEEING.
  3176 | D:3      | 3176 ||| FLEEEEING.
  3177 | D:3      | 3177 ||| FLEEEEING.
  3178 | D:3      | 3178 ||| FLEEEEING.
  3179 | D:3      | 3179 ||| FLEEEEING.
  3180 | D:3      | 3180 ||| FLEEEEING.
  3182 | D:3      | 3182 ||| STAIRDANCE
  3321 | D:2      | 3321 ||| UPGRADING to +0 pair of gloves.
  3326 | D:2      | 3326 ||| UPGRADING to +6 ring of dexterity.
  3327 | D:2      | 3327 ||| READING scroll labelled LIUZU IROEBED.
  3332 | D:2      | 3332 ||| READING scroll labelled DEIJEO YTTAM.
  3333 | D:2      | 3333 ||| DRINKING 2 blue potions.
  3334 | D:2      | 3334 ||| DROPPING potion of flight.
  3387 | D:3      | 3387 ||| Stepping ~*~*~tactically~*~*~ (stealth).
  3412 | D:3      | Reached skill level 1 in Dodging
  3493 | D:3      | Reached XP level 6. HP: 34/37 MP: 6/6
  3493 | D:3      | 3493 ||| Stepping ~*~*~tactically~*~*~ (stealth).
  3498 | D:3      | 3498 ||| Stepping ~*~*~tactically~*~*~ (stealth).
  3607 | D:3      | 3607 ||| SWAPPING to +2 war axe of flaming.
  3608 | D:3      | 3608 ||| DROPPING +0 flail.
  3609 | D:3      | 3609 ||| DROPPING +1 war axe.
  3750 | D:4      | 3750 ||| Stepping ~*~*~tactically~*~*~ (hiding).
  4386 | D:4      | Found a burning altar of Makhleb.
  4500 | D:4      | Found a staircase to the Ecumenical Temple.
  4501 | D:4      | 4501 ||| PLANNING TEMPLE
  4501 | D:4      | 4501 ||| READING scroll labelled KISOH BUBU.
  4502 | D:4      | 4502 ||| READING scroll labelled HUSHEI NOHUXKOTH.
  4503 | D:4      | 4503 ||| DRINKING 2 clear potions.
  4504 | D:4      | 4504 ||| DRINKING 2 black potions.
  4506 | D:4      | 4506 ||| READING 3 scrolls of identify.
  4506 | D:4      | 4506 ||| IDENTIFYING bubbling inky potion
  4507 | D:4      | 4507 ||| READING 2 scrolls of identify.
  4507 | D:4      | 4507 ||| IDENTIFYING murky emerald potion
  4508 | D:4      | 4508 ||| DROPPING potion of degeneration.
  4516 | Temple   | Entered the Ecumenical Temple
  4701 | Temple   | 4701 ||| PLANNING D:1-11
  4750 | D:5      | Entered Level 5 of the Dungeon
  4752 | D:5      | 4752 ||| Stepping ~*~*~tactically~*~*~ (hiding).
  4809 | D:5      | Reached skill level 6 in Axes
  4809 | D:5      | Reached XP level 7. HP: 44/44 MP: 7/7
  4821 | D:5      | 4821 ||| Stepping ~*~*~tactically~*~*~ (stealth).
  5044 | D:5      | Found a glowing silver altar of Zin.
  5325 | D:5      | Found a runed translucent gate.
  5325 | D:5      | Noticed qw's ghost (novice GrFi)
  5329 | D:5      | Found a runed translucent gate.
  5330 | D:5      | Found a runed translucent gate.
  5511 | D:5      | Noticed Edmund
  5523 | D:5      | Killed Edmund
  5524 | D:5      | Reached XP level 8. HP: 29/51 MP: 8/8
  5916 | D:5      | 5916 ||| UPGRADING to +0 kite shield.
  5926 | D:5      | 5926 ||| DROPPING +0 buckler.
  5927 | D:5      | 5927 ||| READING scroll labelled TUMELE BEESHA.
  5928 | D:5      | 5928 ||| READING scroll labelled ZUIBRE DALEGETT.
  5929 | D:5      | 5929 ||| READING 3 scrolls of identify.
  5929 | D:5      | 5929 ||| IDENTIFYING purple potion
  5930 | D:5      | 5930 ||| READING 2 scrolls of identify.
  5930 | D:5      | 5930 ||| IDENTIFYING coppery potion
  5980 | D:6      | 5980 ||| Stepping ~*~*~tactically~*~*~ (hiding).
  5983 | D:6      | 5983 ||| Stepping ~*~*~tactically~*~*~ (hiding).
  5993 | D:6      | 5993 ||| FLEEEEING.
  5994 | D:6      | 5994 ||| FLEEEEING.
  5995 | D:6      | 5995 ||| FLEEEEING.
  5996 | D:6      | 5996 ||| DRINKING potion of curing.
  5996 | D:6      | 5996 ||| (to cure confusion)
  6186 | D:6      | Found an iron altar of Okawaru.
  6187 | D:6      | 6187 ||| PLANNING OKAWARU WORSHIP
  6195 | D:6      | Became a worshipper of Warmaster Okawaru
  6196 | D:6      | 6196 ||| PLANNING D:1-11
  6332 | D:6      | Reached skill level 6 in Shields
  6481 | D:6      | Identified the +6 ring mail of Inevitability {Will+ Int+3
                  | Slay+2}
  7123 | D:6      | 7123 ||| READING scroll labelled NILURR ISEISIS.
  7187 | D:6      | 7187 ||| DROPPING +0 flail.
  7188 | D:6      | 7188 ||| READING 2 scrolls of identify.
  7188 | D:6      | 7188 ||| IDENTIFYING emerald potion
  7243 | D:7      | Noticed a hornet
  7255 | D:7      | Killed a hornet
  7255 | D:7      | Reached * piety under Okawaru
  7300 | D:7      | 7300 ||| Stepping ~*~*~tactically~*~*~ (stealth).
  7301 | D:7      | 7301 ||| Stepping ~*~*~tactically~*~*~ (stealth).
  7303 | D:7      | 7303 ||| Stepping ~*~*~tactically~*~*~ (stealth).
  7316 | D:7      | 7316 ||| INVOKING Heroism.
  7321 | D:7      | Reached skill level 1 in Invocations
  7321 | D:7      | Reached XP level 9. HP: 38/55 MP: 6/9
  7416 | D:7      | 7416 ||| INVOKING Heroism.
  7502 | D:7      | 7502 ||| INVOKING Heroism.
  7507 | D:7      | Reached skill level 1 in Throwing
  7507 | D:7      | Reached skill level 3 in Invocations
  7635 | D:7      | 7635 ||| INVOKING Heroism.
  7696 | D:7      | You fall into a shaft and drop 1 floor!
  7696 | D:8      | Found a radiant altar of Vehumet.
  7699 | D:8      | 7699 ||| Stepping ~*~*~tactically~*~*~ (hiding).
  7702 | D:8      | 7702 ||| INVOKING Heroism.
  7828 | D:7      | Found Oruaq's Distillery.
  7834 | D:7      | 7834 ||| BUYING 2 potions of curing (84 gold).
  7834 | D:7      | Bought 2 potions of curing for 84 gold pieces
  7834 | D:7      | 7834 ||| BUYING potion of cancellation (112 gold).
  7834 | D:7      | Bought a potion of cancellation for 112 gold pieces
  7834 | D:7      | 7834 ||| BUYING potion of curing (42 gold).
  7834 | D:7      | Bought a potion of curing for 42 gold pieces
  7834 | D:7      | 7834 ||| BUYING potion of haste (140 gold).
  7834 | D:7      | Bought a potion of haste for 140 gold pieces
  7834 | D:7      | 7834 ||| SHOPLISTING potion of heal wounds (70 gold, have
                  | 14).
  7834 | D:7      | 7834 ||| SHOPLISTING potion of lignification (42 gold, have
                  | 14).
  7834 | D:7      | 7834 ||| SHOPLISTING potion of magic (112 gold, have 14).
  7928 | D:7      | Found a stormy altar of Qazlal.
  7928 | D:7      | Found a shadowy altar of Dithmenos.
  8115 | D:7      | Reached skill level 6 in Fighting
  8312 | D:7      | 8312 ||| READING scroll labelled PACIQE IGOSCH.
  8313 | D:7      | 8313 ||| READING 2 scrolls of identify.
  8313 | D:7      | 8313 ||| IDENTIFYING puce potion
  8314 | D:7      | 8314 ||| DROPPING potion of berserk rage.
  8377 | D:8      | 8377 ||| Stepping ~*~*~tactically~*~*~ (stealth).
  8379 | D:8      | 8379 ||| INVOKING Heroism.
  8382 | D:8      | 8382 ||| Stepping ~*~*~tactically~*~*~ (hiding).
  8393 | D:8      | Reached ** piety under Okawaru
  8405 | D:8      | 8405 ||| INVOKING Heroism.
  8428 | D:8      | Reached skill level 9 in Axes
  8428 | D:8      | Reached XP level 10. HP: 59/60 MP: 13/13
  8433 | D:8      | 8433 ||| INVOKING Heroism.
  8458 | D:8      | Reached *** piety under Okawaru
  8460 | D:8      | 8460 ||| INVOKING Heroism.
  8566 | D:8      | 8566 ||| INVOKING Heroism.
  8620 | D:8      | 8620 ||| Stepping ~*~*~tactically~*~*~ (hiding).
  8621 | D:8      | 8621 ||| Stepping ~*~*~tactically~*~*~ (hiding).
  8626 | D:8      | 8626 ||| INVOKING Heroism.
  8628 | D:8      | 8628 ||| Stepping ~*~*~tactically~*~*~ (hiding).
  8686 | D:8      | 8686 ||| INVOKING Heroism.
  8710 | D:8      | 8710 ||| DROPPING +0 vampiric whip.
  8796 | D:8      | 8796 ||| Stepping ~*~*~tactically~*~*~ (stealth).
  8796 | D:8      | Noticed Psyche
  8797 | D:8      | 8797 ||| Stepping ~*~*~tactically~*~*~ (stealth).
  8798 | D:8      | 8798 ||| Stepping ~*~*~tactically~*~*~ (hiding).
  8799 | D:8      | 8799 ||| INVOKING Heroism.
  8803 | D:8      | 8803 ||| Stepping ~*~*~tactically~*~*~ (hiding).
  8804 | D:8      | 8804 ||| Stepping ~*~*~tactically~*~*~ (hiding).
  8808 | D:8      | Killed Psyche
  8809 | D:8      | Reached skill level 9 in Shields
  8828 | D:8      | Found a shimmering altar of Xom.
  8829 | D:8      | Found a hazy altar of Hepliaklqana.
  8830 | D:8      | Noticed a spectral ugly thing
  8957 | D:8      | Found a runed translucent door.
  9187 | D:8      | 9187 ||| READING scroll labelled COEZXI MAZAO.
  9248 | D:8      | 9248 ||| READING 3 scrolls of identify.
  9248 | D:8      | 9248 ||| IDENTIFYING fizzy brown potion
  9249 | D:8      | 9249 ||| DROPPING potion of invisibility.
  9343 | D:9      | 9343 ||| Stepping ~*~*~tactically~*~*~ (hiding).
  9343 | D:9      | Found a white marble altar of Elyvilon.
  9346 | D:9      | 9346 ||| Stepping ~*~*~tactically~*~*~ (stealth).
  9367 | D:9      | Noticed a kobold demonologist
  9373 | D:9      | 9373 ||| INVOKING Heroism.
  9376 | D:9      | Noticed a sun demon
  9380 | D:9      | Killed a kobold demonologist
  9522 | D:9      | 9522 ||| Stepping ~*~*~tactically~*~*~ (stealth).
  9524 | D:9      | 9524 ||| Stepping ~*~*~tactically~*~*~ (stealth).
  9526 | D:9      | 9526 ||| INVOKING Heroism.
  9572 | D:9      | 9572 ||| INVOKING Heroism.
  9596 | D:9      | Reached **** piety under Okawaru
  9650 | D:9      | 9650 ||| Stepping ~*~*~tactically~*~*~ (hiding).
  9656 | D:9      | 9656 ||| INVOKING Heroism.
  9664 | D:9      | 9664 ||| Stepping randomly (cloudy).
  9665 | D:9      | 9665 ||| Stepping randomly (cloudy).
  9666 | D:9      | 9666 ||| Stepping randomly (cloudy).
  9670 | D:9      | 9670 ||| INVOKING Heroism.
  9734 | D:9      | 9734 ||| INVOKING Heroism.
  9842 | D:9      | 9842 ||| Stepping ~*~*~tactically~*~*~ (hiding).
  9850 | D:9      | 9850 ||| INVOKING Heroism.
 10028 | D:9      | Found a broken altar of Ashenzari.
 10100 | D:9      | 10100 ||| Stepping ~*~*~tactically~*~*~ (stealth).
 10102 | D:9      | 10102 ||| Stepping ~*~*~tactically~*~*~ (stealth).
 10103 | D:9      | 10103 ||| Stepping ~*~*~tactically~*~*~ (stealth).
 10104 | D:9      | 10104 ||| Stepping ~*~*~tactically~*~*~ (stealth).
 10106 | D:9      | 10106 ||| Stepping ~*~*~tactically~*~*~ (hiding).
 10117 | D:9      | Reached XP level 11. HP: 68/68 MP: 14/14
 10120 | D:9      | 10120 ||| INVOKING Heroism.
 10195 | D:9      | Found a staircase to the Lair.
 10226 | D:9      | 10226 ||| Stepping ~*~*~tactically~*~*~ (stealth).
 10231 | D:9      | Reached skill level 6 in Invocations
 10240 | D:9      | 10240 ||| INVOKING Heroism.
 10261 | D:9      | 10261 ||| Stepping ~*~*~tactically~*~*~ (stealth).
 10262 | D:9      | 10262 ||| Stepping ~*~*~tactically~*~*~ (stealth).
 10264 | D:9      | 10264 ||| Stepping ~*~*~tactically~*~*~ (hiding).
 10268 | D:9      | Reached ***** piety under Okawaru
 10278 | D:9      | 10278 ||| INVOKING Heroism.
 10280 | D:9      | 10280 ||| Stepping ~*~*~tactically~*~*~ (stealth).
 10301 | D:9      | 10301 ||| INVOKING Heroism.
 10422 | D:9      | 10422 ||| Stepping ~*~*~tactically~*~*~ (hiding).
 10424 | D:9      | 10424 ||| Stepping ~*~*~tactically~*~*~ (hiding).
 10430 | D:9      | 10430 ||| INVOKING Heroism.
 10462 | D:9      | Found Lalas's Antique Weapon Boutique.
 10474 | D:9      | 10474 ||| INVOKING Heroism.
 10480 | D:9      | HP: 12/68 [culicivora (shapeshifter) (11)]
 10481 | D:9      | 10481 ||| READING 2 scrolls of teleportation.
 10482 | D:9      | 10482 ||| DRINKING 6 potions of heal wounds.
 10809 | D:9      | 10809 ||| INVOKING Heroism.
 10910 | D:9      | 10910 ||| BUYING broad axe (96 gold).
 10910 | D:9      | Bought a broad axe for 96 gold pieces
 10970 | D:9      | 10970 ||| PLANNING LAIR
 10970 | D:9      | 10970 ||| DROPPING scarf of shadows.
 10980 | Lair:1   | Entered Level 1 of the Lair of Beasts
 11112 | Lair:1   | 11112 ||| INVOKING Heroism.
 11194 | Lair:1   | 11194 ||| INVOKING Heroism.
 11344 | Lair:1   | 11344 ||| INVOKING Heroism.
 11442 | Lair:1   | 11442 ||| Stepping ~*~*~tactically~*~*~ (stealth).
 11444 | Lair:1   | 11444 ||| Stepping ~*~*~tactically~*~*~ (stealth).
 11446 | Lair:1   | 11446 ||| INVOKING Heroism.
 11522 | Lair:1   | 11522 ||| INVOKING Heroism.
 11537 | Lair:1   | Found a transporter.
 11540 | Lair:1   | Found a transporter.
 11541 | Lair:1   | Noticed a boulder beetle
 11541 | Lair:1   | Noticed a boulder beetle
 11653 | Lair:1   | 11653 ||| INVOKING Heroism.
 11672 | Lair:1   | Reached skill level 9 in Invocations
 11730 | Lair:1   | You fall into a shaft and drop 1 floor!
 11733 | Lair:2   | 11733 ||| INVOKING Heroism.
 11747 | Lair:2   | Reached XP level 12. HP: 75/75 MP: 16/18
 11824 | Lair:2   | Reached skill level 9 in Fighting
 11862 | Lair:2   | Noticed Nergalle
 11863 | Lair:2   | 11863 ||| Stepping ~*~*~tactically~*~*~ (hiding).
 11865 | Lair:2   | 11865 ||| Stepping ~*~*~tactically~*~*~ (hiding).
 11868 | Lair:2   | 11868 ||| INVOKING Heroism.
 11877 | Lair:2   | Killed Nergalle
 11878 | Lair:2   | 11878 ||| UPGRADING to amulet of regeneration.
 11883 | Lair:2   | 11883 ||| DROPPING ring of flight.
 12070 | Lair:1   | Reached skill level 3 in Dodging
 12375 | Lair:2   | 12375 ||| INVOKING Heroism.
 12378 | Lair:2   | 12378 ||| STAIRDANCE
 12391 | Lair:2   | 12391 ||| STAIRDANCE
 12415 | Lair:2   | 12415 ||| STAIRDANCE
 12486 | Lair:2   | Reached skill level 6 in Armour
 13057 | Lair:2   | 13057 ||| UPGRADING to +0 pair of boots.
 13062 | Lair:2   | 13062 ||| UPGRADING to ring of willpower.
 13103 | Lair:3   | 13103 ||| STAIRDANCE
 13125 | Lair:3   | Found a hole to the Spider Nest.
 13137 | Lair:3   | 13137 ||| INVOKING Heroism.
 13245 | Lair:3   | 13245 ||| INVOKING Heroism.
 13270 | Lair:3   | Received a gift from Okawaru
 13285 | Lair:3   | Reached skill level 12 in Axes
 13290 | Lair:3   | 13290 ||| Stepping ~*~*~tactically~*~*~ (stealth).
 13352 | Lair:3   | 13352 ||| INVOKING Heroism.
 13390 | Lair:3   | 13390 ||| Stepping ~*~*~tactically~*~*~ (stealth).
 13399 | Lair:3   | 13399 ||| INVOKING Heroism.
 13409 | Lair:3   | Reached skill level 3 in Throwing
 13481 | Lair:3   | 13481 ||| INVOKING Heroism.
 13482 | Lair:3   | Found a staircase to the Swamp.
 13525 | Lair:3   | Noticed a catoblepas
 13526 | Lair:3   | 13526 ||| Stepping ~*~*~tactically~*~*~ (stealth).
 13785 | Lair:3   | 13785 ||| INVOKING Heroism.
 13786 | Lair:3   | 13786 ||| INVOKING Finesse.
 13801 | Lair:3   | Killed a catoblepas
 13802 | Lair:3   | Reached XP level 13. HP: 80/80 MP: 13/20
 14053 | Lair:3   | 14053 ||| UPGRADING to +2 cloak of stealth.
 14078 | Lair:4   | 14078 ||| INVOKING Heroism.
 14149 | Lair:4   | 14149 ||| INVOKING Heroism.
 14368 | Lair:4   | 14368 ||| INVOKING Heroism.
 14420 | Lair:4   | 14420 ||| Stepping ~*~*~tactically~*~*~ (stealth).
 14421 | Lair:4   | 14421 ||| Stepping ~*~*~tactically~*~*~ (stealth).
 14480 | Lair:4   | 14480 ||| INVOKING Heroism.
 14481 | Lair:4   | 14481 ||| SWAPPING to +2 morningstar of freezing.
 14482 | Lair:4   | 14482 ||| INVOKING Finesse.
 14489 | Lair:4   | 14489 ||| SWAPPING to +2 vampiric war axe.
 14518 | Lair:4   | 14518 ||| UPGRADING to +6 ring of strength.
 14520 | Lair:4   | 14520 ||| UPGRADING to +6 ring of dexterity.
 14522 | Lair:4   | 14522 ||| INVOKING Heroism.
 14600 | Lair:4   | 14600 ||| INVOKING Heroism.
 14638 | Lair:4   | 14638 ||| INVOKING Heroism.
 14639 | Lair:4   | 14639 ||| SWAPPING to +2 morningstar of freezing.
 14640 | Lair:4   | 14640 ||| INVOKING Finesse.
 14647 | Lair:4   | 14647 ||| SWAPPING to +2 vampiric war axe.
 14746 | Lair:4   | 14746 ||| Stepping ~*~*~tactically~*~*~ (stealth).
 14751 | Lair:4   | Identified the +1 buckler "Dakexuppu" {+Blink rN+ Dex+3}
                  | (Okawaru gifted it to you on level 4 of the Lair of Beasts)
 14751 | Lair:4   | Received a gift from Okawaru
 14754 | Lair:4   | 14754 ||| INVOKING Heroism.
 15223 | Lair:4   | 15223 ||| DROPPING ring of willpower.
 15250 | Lair:5   | Entered Level 5 of the Lair of Beasts
 15253 | Lair:5   | 15253 ||| Stepping ~*~*~tactically~*~*~ (stealth).
 15261 | Lair:5   | 15261 ||| INVOKING Heroism.
 15335 | Lair:5   | 15335 ||| Stepping ~*~*~tactically~*~*~ (stealth).
 15336 | Lair:5   | 15336 ||| INVOKING Heroism.
 15337 | Lair:5   | 15337 ||| SWAPPING to +2 morningstar of freezing.
 15338 | Lair:5   | 15338 ||| INVOKING Finesse.
 15340 | Lair:5   | 15340 ||| Stepping ~*~*~tactically~*~*~ (stealth).
 15343 | Lair:5   | 15343 ||| SWAPPING to +2 vampiric war axe.
 15400 | Lair:5   | 15400 ||| Stepping ~*~*~tactically~*~*~ (stealth).
 15402 | Lair:5   | 15402 ||| INVOKING Heroism.
 15414 | Lair:5   | 15414 ||| Stepping ~*~*~tactically~*~*~ (stealth).
 15423 | Lair:5   | 15423 ||| INVOKING Finesse.
 15451 | Lair:5   | 15451 ||| Stepping ~*~*~tactically~*~*~ (stealth).
 15453 | Lair:5   | 15453 ||| INVOKING Heroism.
 15494 | Lair:5   | 15494 ||| Stepping ~*~*~tactically~*~*~ (stealth).
 15496 | Lair:5   | 15496 ||| INVOKING Heroism.
 15540 | Lair:5   | 15540 ||| INVOKING Heroism.
 15591 | Lair:5   | 15591 ||| INVOKING Heroism.
 15595 | Lair:5   | 15595 ||| Stepping ~*~*~tactically~*~*~ (water).
 15619 | Lair:5   | 15619 ||| Stepping ~*~*~tactically~*~*~ (water).
 15647 | Lair:5   | Received a gift from Okawaru
 15655 | Lair:5   | 15655 ||| INVOKING Heroism.
 15663 | Lair:5   | 15663 ||| Stepping ~*~*~tactically~*~*~ (water).
 15672 | Lair:5   | Identified the ring of Sotoudet {rElec rN++ EV+4 Str-3
                  | Slay+5}
 15696 | Lair:5   | Gained mutation: Your large and strong wings let you fly.
                  | [Gargoyle growth]
 15696 | Lair:5   | Reached XP level 14. HP: 88/88 MP: 21/21
 15708 | Lair:5   | 15708 ||| INVOKING Heroism.
 15754 | Lair:5   | 15754 ||| Stepping ~*~*~tactically~*~*~ (stealth).
 15763 | Lair:5   | 15763 ||| INVOKING Heroism.
 15885 | Lair:5   | Found a runed translucent door.
 15886 | Lair:5   | Noticed qw's ghost (journeyman GrFi)
 15910 | Lair:5   | 15910 ||| Stepping ~*~*~tactically~*~*~ (stealth).
 15930 | Lair:5   | 15930 ||| Stepping ~*~*~tactically~*~*~ (stealth).
 15961 | Lair:5   | 15961 ||| INVOKING Heroism.
 15981 | Lair:5   | Reached skill level 9 in Armour
 15986 | Lair:5   | Found a viscous altar of Jiyva.
 15986 | Lair:5   | Found a staircase to the Slime Pits.
 16037 | Lair:5   | 16037 ||| READING scroll of enchant armour.
 16037 | Lair:5   | 16037 ||| ENCHANTING +0 pair of gloves.
 16048 | Lair:5   | Received a gift from Okawaru
 16449 | Lair:5   | 16449 ||| PLANNING D:1-11
 16449 | Lair:5   | 16449 ||| UPGRADING to ring of Sotoudet {rElec rN++ EV+4
                  | Str-3 Slay+5}.
 16451 | Lair:5   | 16451 ||| UPGRADING to +6 ring of strength.
 16453 | Lair:5   | 16453 ||| DROPPING +6 ring of dexterity.
 16558 | D:10     | Entered Level 10 of the Dungeon
 16582 | D:10     | 16582 ||| STAIRDANCE
 16592 | D:10     | 16592 ||| STAIRDANCE
 16605 | D:10     | 16605 ||| STAIRDANCE
 16609 | D:9      | Received a gift from Okawaru
 16708 | D:10     | 16708 ||| Stepping ~*~*~tactically~*~*~ (stealth).
 16711 | D:10     | 16711 ||| INVOKING Heroism.
 16719 | D:10     | Reached skill level 12 in Shields
 16920 | D:10     | Found a staircase to the Orcish Mines.
 16921 | D:10     | 16921 ||| INVOKING Heroism.
 16928 | D:10     | 16928 ||| Stepping ~*~*~tactically~*~*~ (stealth).
 16980 | D:10     | 16980 ||| INVOKING Heroism.
 17019 | D:10     | Noticed Snorg
 17020 | D:10     | 17020 ||| INVOKING Finesse.
 17025 | D:10     | Killed Snorg
 17025 | D:10     | Received a gift from Okawaru
 17556 | D:10     | 17556 ||| READING 6 scrolls of identify.
 17556 | D:10     | 17556 ||| IDENTIFYING sedimented sapphire potion
 17683 | D:11     | 17683 ||| INVOKING Heroism.
 17765 | D:11     | 17765 ||| Stepping ~*~*~tactically~*~*~ (stealth).
 17789 | D:11     | 17789 ||| Stepping ~*~*~tactically~*~*~ (stealth).
 17791 | D:11     | 17791 ||| INVOKING Heroism.
 17793 | D:11     | 17793 ||| Stepping ~*~*~tactically~*~*~ (stealth).
 17797 | D:11     | 17797 ||| READING 5 scrolls of teleportation.
 17800 | D:11     | Found a frozen archway.
 17847 | D:11     | 17847 ||| INVOKING Heroism.
 17854 | D:11     | 17854 ||| READING 4 scrolls of teleportation.
 18025 | D:11     | Found a runed translucent door.
 18077 | D:11     | Noticed Doxiuhun's ghost (journeyman GnSk)
 18078 | D:11     | Identified the +5 trident "Impbane" {vamp, rC++ Str+3}
 18193 | D:11     | 18193 ||| Stepping ~*~*~tactically~*~*~ (stealth).
 18275 | D:11     | 18275 ||| Stepping ~*~*~tactically~*~*~ (stealth).
 18278 | D:11     | 18278 ||| Stepping ~*~*~tactically~*~*~ (stealth).
 18281 | D:11     | 18281 ||| Stepping ~*~*~tactically~*~*~ (stealth).
 18282 | D:11     | 18282 ||| INVOKING Heroism.
 18296 | D:11     | Reached skill level 15 in Axes
 18547 | D:11     | 18547 ||| PLANNING D
 18593 | D:12     | 18593 ||| INVOKING Heroism.
 18594 | D:12     | 18594 ||| Stepping ~*~*~tactically~*~*~ (hiding).
 18595 | D:12     | 18595 ||| Stepping ~*~*~tactically~*~*~ (hiding).
 18596 | D:12     | 18596 ||| INVOKING Finesse.
 18800 | D:12     | 18800 ||| Stepping ~*~*~tactically~*~*~ (stealth).
 18850 | D:12     | 18850 ||| INVOKING Heroism.
 18887 | D:12     | 18887 ||| READING 4 scrolls of teleportation.
 18889 | D:12     | 18889 ||| INVOKING Heroism.
 18979 | D:12     | 18979 ||| INVOKING Heroism.
 18981 | D:12     | 18981 ||| Stepping ~*~*~tactically~*~*~ (stealth).
 19008 | D:12     | Reached skill level 12 in Fighting
 19300 | D:13     | 19300 ||| INVOKING Heroism.
 19349 | D:13     | 19349 ||| Stepping ~*~*~tactically~*~*~ (hiding).
 19455 | D:13     | 19455 ||| Stepping ~*~*~tactically~*~*~ (stealth).
 19461 | D:13     | 19461 ||| INVOKING Heroism.
 19554 | D:13     | 19554 ||| INVOKING Heroism.
 19713 | D:13     | Found a corrupted altar of Lugonu.
 19909 | D:13     | 19909 ||| READING 9 scrolls of identify.
 19909 | D:13     | 19909 ||| IDENTIFYING cyan potion
 19910 | D:13     | 19910 ||| DROPPING potion of brilliance.
 19975 | D:14     | 19975 ||| Stepping ~*~*~tactically~*~*~ (hiding).
 19976 | D:14     | 19976 ||| INVOKING Heroism.
 19978 | D:14     | Reached XP level 15. HP: 96/96 MP: 19/22
 19988 | D:14     | 19988 ||| Stepping ~*~*~tactically~*~*~ (stealth).
 19994 | D:14     | Identified the +0 pair of boots "Xutekhlatz" {Rampage Drain
                  | rF+ rN+ Dex+4} (Okawaru gifted it to you on level 14 of the
                  | Dungeon)
 19994 | D:14     | Received a gift from Okawaru
 20219 | D:14     | 20219 ||| INVOKING Heroism.
 20222 | D:14     | 20222 ||| INVOKING Finesse.
 20227 | D:14     | 20227 ||| SWAPPING to +2 morningstar of freezing.
 20228 | D:14     | 20228 ||| Stepping ~*~*~tactically~*~*~ (outnumbered).
 20229 | D:14     | 20229 ||| SWAPPING to +2 vampiric war axe.
 20232 | D:14     | 20232 ||| SWAPPING to +2 morningstar of freezing.
 20237 | D:14     | 20237 ||| Stepping ~*~*~tactically~*~*~ (outnumbered).
 20238 | D:14     | 20238 ||| Stepping ~*~*~tactically~*~*~ (hiding).
 20239 | D:14     | 20239 ||| SWAPPING to +2 vampiric war axe.
 20244 | D:14     | 20244 ||| SWAPPING to +2 morningstar of freezing.
 20248 | D:14     | 20248 ||| SWAPPING to +2 vampiric war axe.
 20256 | D:14     | 20256 ||| Stepping ~*~*~tactically~*~*~ (hiding).
 20263 | D:14     | 20263 ||| Stepping ~*~*~tactically~*~*~ (hiding).
 20289 | D:14     | 20289 ||| INVOKING Heroism.
 20296 | D:14     | 20296 ||| Stepping ~*~*~tactically~*~*~ (hiding).
 20419 | D:14     | Found a gate to the Vaults.
 20420 | D:14     | 20420 ||| Stepping ~*~*~tactically~*~*~ (hiding).
 20421 | D:14     | 20421 ||| INVOKING Heroism.
 20422 | D:14     | 20422 ||| INVOKING Finesse.
 20424 | D:14     | 20424 ||| SWAPPING to +2 morningstar of freezing.
 20428 | D:14     | 20428 ||| SWAPPING to +2 vampiric war axe.
 20440 | D:14     | 20440 ||| SWAPPING to +2 morningstar of freezing.
 20445 | D:14     | 20445 ||| Stepping ~*~*~tactically~*~*~ (outnumbered).
 20446 | D:14     | 20446 ||| SWAPPING to +2 vampiric war axe.
 20475 | D:14     | 20475 ||| SWAPPING to +2 morningstar of freezing.
 20483 | D:14     | 20483 ||| Stepping ~*~*~tactically~*~*~ (outnumbered).
 20485 | D:14     | 20485 ||| Stepping ~*~*~tactically~*~*~ (outnumbered).
 20489 | D:14     | 20489 ||| SWAPPING to +2 vampiric war axe.
 20560 | D:14     | 20560 ||| INVOKING Heroism.
 20768 | D:14     | 20768 ||| UPGRADING to +0 pair of boots "Xutekhlatz"
                  | {Rampage Drain rF+ rN+ Dex+4}.
 20778 | D:14     | 20778 ||| DROPPING +0 pair of boots.
 20779 | D:14     | 20779 ||| DROPPING +2 cloak.
 20780 | D:14     | 20780 ||| DROPPING amulet of faith.
 20781 | D:14     | 20781 ||| UPGRADING to +4 ring of evasion.
 20783 | D:14     | 20783 ||| DROPPING +6 ring of strength.
 20802 | D:15     | Entered Level 15 of the Dungeon
 20817 | D:15     | 20817 ||| INVOKING Heroism.
 20818 | D:15     | 20818 ||| INVOKING Finesse.
 20820 | D:15     | 20820 ||| SWAPPING to +2 morningstar of freezing.
 20825 | D:15     | 20825 ||| SWAPPING to +2 vampiric war axe.
 21024 | D:15     | 21024 ||| FLEEEEING.
 21025 | D:15     | 21025 ||| FLEEEEING.
 21026 | D:15     | 21026 ||| FLEEEEING.
 21027 | D:15     | 21027 ||| FLEEEEING.
 21028 | D:15     | 21028 ||| FLEEEEING.
 21029 | D:15     | 21029 ||| FLEEEEING.
 21030 | D:15     | 21030 ||| FLEEEEING.
 21031 | D:15     | 21031 ||| FLEEEEING.
 21032 | D:15     | 21032 ||| FLEEEEING.
 21034 | D:15     | 21034 ||| FLEEEEING.
 21035 | D:15     | 21035 ||| FLEEEEING.
 21036 | D:15     | 21036 ||| FLEEEEING.
 21038 | D:15     | 21038 ||| FLEEEEING.
 21048 | D:15     | 21048 ||| Stepping ~*~*~tactically~*~*~ (hiding).
 21051 | D:15     | 21051 ||| Stepping ~*~*~tactically~*~*~ (hiding).
 21059 | D:15     | 21059 ||| INVOKING Heroism.
 21063 | D:15     | 21063 ||| Stepping ~*~*~tactically~*~*~ (hiding).
 21163 | D:15     | 21163 ||| Stepping ~*~*~tactically~*~*~ (hiding).
 21165 | D:15     | 21165 ||| Stepping ~*~*~tactically~*~*~ (stealth).
 21166 | D:15     | 21166 ||| INVOKING Heroism.
 21181 | D:15     | Identified the +2 ring mail of Dorann {rElec Slay+2 Stlth+}
                  | (Okawaru gifted it to you on level 15 of the Dungeon)
 21181 | D:15     | Received a gift from Okawaru
 21226 | D:15     | 21226 ||| INVOKING Heroism.
 21318 | D:15     | 21318 ||| INVOKING Heroism.
 21431 | D:15     | Found a viscous altar of Jiyva.
 21761 | D:15     | 21761 ||| INVOKING Heroism.
 21791 | D:15     | Found a staircase to the Depths.
 21911 | D:15     | 21911 ||| PLANNING ORC
 21911 | D:15     | 21911 ||| DROPPING amulet of the acrobat.
 22018 | Orc:1    | Entered Level 1 of the Orcish Mines
 22031 | Orc:1    | 22031 ||| Stepping ~*~*~tactically~*~*~ (stealth).
 22033 | Orc:1    | 22033 ||| Stepping ~*~*~tactically~*~*~ (hiding).
 22037 | Orc:1    | 22037 ||| Stepping ~*~*~tactically~*~*~ (stealth).
 22053 | Orc:1    | 22053 ||| Stepping ~*~*~tactically~*~*~ (stealth).
 22054 | Orc:1    | 22054 ||| Stepping ~*~*~tactically~*~*~ (stealth).
 22055 | Orc:1    | 22055 ||| Stepping ~*~*~tactically~*~*~ (stealth).
 22056 | Orc:1    | 22056 ||| INVOKING Heroism.
 22061 | Orc:1    | 22061 ||| DRINKING 10 potions of curing.
 22061 | Orc:1    | 22061 ||| (to cure confusion)
 22143 | Orc:1    | 22143 ||| Stepping ~*~*~tactically~*~*~ (stealth).
 22144 | Orc:1    | 22144 ||| INVOKING Heroism.
 22146 | Orc:1    | Noticed an orc warlord
 22147 | Orc:1    | 22147 ||| INVOKING Finesse.
 22182 | Orc:1    | Killed an orc warlord
 22279 | Orc:1    | 22279 ||| Stepping ~*~*~tactically~*~*~ (hiding).
 22280 | Orc:1    | 22280 ||| Stepping ~*~*~tactically~*~*~ (hiding).
 22281 | Orc:1    | 22281 ||| Stepping ~*~*~tactically~*~*~ (hiding).
 22284 | Orc:1    | 22284 ||| INVOKING Heroism.
 22413 | Orc:2    | Entered Level 2 of the Orcish Mines
 22414 | Orc:2    | 22414 ||| INVOKING Heroism.
 22415 | Orc:2    | 22415 ||| STAIRDANCE
 22428 | Orc:2    | 22428 ||| STAIRDANCE
 22459 | Orc:2    | 22459 ||| Stepping ~*~*~tactically~*~*~ (stealth).
 22490 | Orc:2    | 22490 ||| Stepping ~*~*~tactically~*~*~ (stealth).
 22491 | Orc:2    | 22491 ||| Stepping ~*~*~tactically~*~*~ (stealth).
 22516 | Orc:2    | Reached XP level 16. HP: 104/104 MP: 23/23
 22553 | Orc:2    | 22553 ||| Stepping ~*~*~tactically~*~*~ (stealth).
 22566 | Orc:2    | 22566 ||| Stepping ~*~*~tactically~*~*~ (stealth).
 22583 | Orc:2    | 22583 ||| Stepping ~*~*~tactically~*~*~ (stealth).
 22598 | Orc:2    | 22598 ||| Stepping ~*~*~tactically~*~*~ (stealth).
 22599 | Orc:2    | 22599 ||| Stepping ~*~*~tactically~*~*~ (stealth).
 22609 | Orc:2    | 22609 ||| INVOKING Heroism.
 22692 | Orc:2    | 22692 ||| INVOKING Heroism.
 22768 | Orc:2    | 22768 ||| INVOKING Heroism.
 22785 | Orc:2    | Found Eguush's General Store.
 22790 | Orc:2    | 22790 ||| BUYING scroll of teleportation (45 gold).
 22790 | Orc:2    | Bought a scroll of teleportation for 45 gold pieces
 22796 | Orc:2    | Found Waree's Armour Shop.
 22821 | Orc:2    | 22821 ||| BUYING +0 pair of gloves of the Servitors {rPois
                  | Int-5 Dex+5 SInv} (218 gold).
 22821 | Orc:2    | Bought the +0 pair of gloves of the Servitors {rPois Int-5
                  | Dex+5 SInv} for 218 gold pieces
 22942 | Orc:2    | 22942 ||| Stepping ~*~*~tactically~*~*~ (stealth).
 22943 | Orc:2    | 22943 ||| Stepping ~*~*~tactically~*~*~ (stealth).
 23022 | Orc:2    | 23022 ||| Stepping ~*~*~tactically~*~*~ (hiding).
 23025 | Orc:2    | 23025 ||| Stepping ~*~*~tactically~*~*~ (hiding).
 23026 | Orc:2    | 23026 ||| Stepping ~*~*~tactically~*~*~ (hiding).
 23027 | Orc:2    | 23027 ||| Stepping ~*~*~tactically~*~*~ (hiding).
 23028 | Orc:2    | 23028 ||| Stepping ~*~*~tactically~*~*~ (hiding).
 23159 | Orc:2    | 23159 ||| INVOKING Heroism.
 23212 | Orc:2    | Found a staircase to the Elven Halls.
 23213 | Orc:2    | 23213 ||| Stepping ~*~*~tactically~*~*~ (hiding).
 23261 | Orc:2    | 23261 ||| INVOKING Heroism.
 23381 | Orc:2    | 23381 ||| Stepping ~*~*~tactically~*~*~ (hiding).
 23383 | Orc:2    | 23383 ||| Stepping ~*~*~tactically~*~*~ (hiding).
 23384 | Orc:2    | 23384 ||| Stepping ~*~*~tactically~*~*~ (hiding).
 23387 | Orc:2    | 23387 ||| INVOKING Heroism.
 23397 | Orc:2    | 23397 ||| Stepping ~*~*~tactically~*~*~ (hiding).
 23434 | Orc:2    | Found Urpheung's Armour Boutique.
 23449 | Orc:2    | 23449 ||| BUYING +2 pair of boots of stealth (236 gold).
 23449 | Orc:2    | Bought a +2 pair of boots of stealth for 236 gold pieces
 23449 | Orc:2    | 23449 ||| BUYING +4 plate armour of poison resistance (517
                  | gold).
 23449 | Orc:2    | Bought a +4 plate armour of poison resistance for 517 gold
                  | pieces
 23474 | Orc:2    | 23474 ||| INVOKING Heroism.
 23478 | Orc:2    | Found Jutath's Assorted Antiques.
 23534 | Orc:2    | Reached skill level 12 in Armour
 23564 | Orc:2    | 23564 ||| BUYING glowing war axe (182 gold).
 23564 | Orc:2    | Bought a glowing war axe for 182 gold pieces
 23564 | Orc:2    | 23564 ||| BUYING metallic amethyst potion (25 gold).
 23564 | Orc:2    | Bought a metallic amethyst potion for 25 gold pieces
 23564 | Orc:2    | 23564 ||| BUYING potion of might (112 gold).
 23564 | Orc:2    | Bought a potion of might for 112 gold pieces
 23564 | Orc:2    | 23564 ||| BUYING scroll of enchant weapon (210 gold).
 23564 | Orc:2    | Bought a scroll of enchant weapon for 210 gold pieces
 23564 | Orc:2    | 23564 ||| DROPPING +3 vorpal war axe.
 23565 | Orc:2    | 23565 ||| READING scroll of enchant weapon.
 23565 | Orc:2    | 23565 ||| ENCHANTING +2 vampiric war axe.
 23590 | Orc:2    | 23590 ||| Stepping ~*~*~tactically~*~*~ (stealth).
 23593 | Orc:2    | 23593 ||| Stepping ~*~*~tactically~*~*~ (stealth).
 23606 | Orc:2    | 23606 ||| INVOKING Heroism.
 23662 | Orc:2    | 23662 ||| INVOKING Heroism.
 23826 | Orc:2    | 23826 ||| Stepping ~*~*~tactically~*~*~ (stealth).
 23893 | Orc:2    | 23893 ||| PLANNING SWAMP:1-3
 23893 | Orc:2    | 23893 ||| UPGRADING to +0 pair of gloves of the Servitors
                  | {rPois Int-5 Dex+5 SInv}.
 23903 | Orc:2    | 23903 ||| DROPPING +1 pair of gloves.
 23904 | Orc:2    | 23904 ||| DROPPING +0 fire dragon scales.
 23905 | Orc:2    | 23905 ||| UPGRADING to +4 plate armour of poison
                  | resistance.
 23915 | Orc:2    | 23915 ||| READING 11 scrolls of identify.
 23915 | Orc:2    | 23915 ||| IDENTIFYING metallic amethyst potion
 24084 | Swamp:1  | Entered Level 1 of the Swamp
 24085 | Swamp:1  | 24085 ||| INVOKING Heroism.
 24086 | Swamp:1  | 24086 ||| SWAPPING to +2 morningstar of freezing.
 24087 | Swamp:1  | 24087 ||| INVOKING Finesse.
 24092 | Swamp:1  | 24092 ||| SWAPPING to +3 vampiric war axe.
 24212 | Swamp:1  | 24212 ||| INVOKING Heroism.
 24271 | Swamp:1  | 24271 ||| Stepping ~*~*~tactically~*~*~ (stealth).
 24375 | Swamp:1  | 24375 ||| Stepping ~*~*~tactically~*~*~ (hiding).
 24420 | Swamp:1  | 24420 ||| Stepping ~*~*~tactically~*~*~ (stealth).
 24426 | Swamp:1  | 24426 ||| INVOKING Heroism.
 24447 | Swamp:1  | 24447 ||| INVOKING Heroism.
 24644 | Swamp:1  | 24644 ||| INVOKING Heroism.
 24645 | Swamp:1  | 24645 ||| INVOKING Finesse.
 24647 | Swamp:1  | 24647 ||| SWAPPING to +2 morningstar of freezing.
 24650 | Swamp:1  | Received a gift from Okawaru
 24651 | Swamp:1  | 24651 ||| SWAPPING to +3 vampiric war axe.
 24723 | Swamp:1  | 24723 ||| INVOKING Heroism.
 24724 | Swamp:1  | 24724 ||| SWAPPING to +2 morningstar of freezing.
 24725 | Swamp:1  | 24725 ||| INVOKING Finesse.
 24732 | Swamp:1  | 24732 ||| SWAPPING to +3 vampiric war axe.
 24835 | Swamp:1  | 24835 ||| INVOKING Heroism.
 24978 | Swamp:1  | 24978 ||| UPGRADING to +0 helmet.
 24983 | Swamp:1  | 24983 ||| DROPPING +2 cloak.
 24984 | Swamp:1  | 24984 ||| UPGRADING to +2 helmet.
 24994 | Swamp:1  | 24994 ||| DROPPING +0 helmet.
 24995 | Swamp:1  | 24995 ||| DROPPING ring of fire.
 24996 | Swamp:1  | 24996 ||| READING scroll labelled QYR TOUTIYFASS.
 25031 | Swamp:2  | 25031 ||| Stepping ~*~*~tactically~*~*~ (hiding).
 25034 | Swamp:2  | 25034 ||| INVOKING Heroism.
 25075 | Swamp:2  | 25075 ||| INVOKING Heroism.
 25076 | Swamp:2  | 25076 ||| INVOKING Finesse.
 25078 | Swamp:2  | 25078 ||| SWAPPING to +2 morningstar of freezing.
 25089 | Swamp:2  | 25089 ||| SWAPPING to +3 vampiric war axe.
 25139 | Swamp:2  | 25139 ||| Stepping ~*~*~tactically~*~*~ (stealth).
 25140 | Swamp:2  | 25140 ||| Stepping ~*~*~tactically~*~*~ (stealth).
 25151 | Swamp:2  | 25151 ||| Stepping ~*~*~tactically~*~*~ (hiding).
 25152 | Swamp:2  | 25152 ||| Stepping ~*~*~tactically~*~*~ (hiding).
 25169 | Swamp:2  | 25169 ||| INVOKING Heroism.
 25198 | Swamp:2  | 25198 ||| Stepping ~*~*~tactically~*~*~ (stealth).
 25204 | Swamp:2  | 25204 ||| INVOKING Heroism.
 25246 | Swamp:2  | 25246 ||| SWAPPING to +2 morningstar of freezing.
 25247 | Swamp:2  | 25247 ||| INVOKING Finesse.
 25251 | Swamp:2  | 25251 ||| SWAPPING to +3 vampiric war axe.
 25321 | Swamp:2  | 25321 ||| INVOKING Heroism.
 25395 | Swamp:2  | Received a gift from Okawaru
 25436 | Swamp:2  | Identified the +0 leather armour of the Slightly Bent
                  | {Rampage rElec rF+ rN+}
 25489 | Swamp:2  | Noticed a thorn hunter
 25490 | Swamp:2  | 25490 ||| Stepping ~*~*~tactically~*~*~ (stealth).
 25491 | Swamp:2  | 25491 ||| INVOKING Heroism.
 25494 | Swamp:2  | 25494 ||| INVOKING Finesse.
 25501 | Swamp:2  | Reached skill level 15 in Fighting
 25510 | Swamp:2  | Killed a thorn hunter
 25570 | Swamp:2  | 25570 ||| INVOKING Heroism.
 25581 | Swamp:2  | Reached XP level 17. HP: 113/113 MP: 22/24
 25641 | Swamp:3  | 25641 ||| INVOKING Heroism.
 25642 | Swamp:3  | 25642 ||| SWAPPING to +2 morningstar of freezing.
 25647 | Swamp:3  | 25647 ||| Stepping ~*~*~tactically~*~*~ (outnumbered).
 25650 | Swamp:3  | 25650 ||| Stepping ~*~*~tactically~*~*~ (outnumbered).
 25651 | Swamp:3  | 25651 ||| Stepping ~*~*~tactically~*~*~ (outnumbered).
 25654 | Swamp:3  | 25654 ||| Stepping ~*~*~tactically~*~*~ (outnumbered).
 25655 | Swamp:3  | 25655 ||| Stepping ~*~*~tactically~*~*~ (outnumbered).
 25655 | Swamp:3  | Noticed Louise
 25657 | Swamp:3  | 25657 ||| Stepping ~*~*~tactically~*~*~ (outnumbered).
 25658 | Swamp:3  | 25658 ||| Stepping ~*~*~tactically~*~*~ (outnumbered).
 25659 | Swamp:3  | 25659 ||| Stepping ~*~*~tactically~*~*~ (outnumbered).
 25660 | Swamp:3  | 25660 ||| Stepping ~*~*~tactically~*~*~ (outnumbered).
 25661 | Swamp:3  | 25661 ||| Stepping ~*~*~tactically~*~*~ (outnumbered).
 25664 | Swamp:3  | 25664 ||| SWAPPING to +3 vampiric war axe.
 25672 | Swamp:3  | Identified the +6 crystal plate armour of Incorporation
                  | {*Slow rN+++ Str-5 Int+4} (Okawaru gifted it to you on
                  | level 3 of the Swamp)
 25672 | Swamp:3  | Received a gift from Okawaru
 25690 | Abyss:2  | Cast into level 2 of the Abyss (Louise)
 25704 | Swamp:3  | Escaped the Abyss
 25718 | Swamp:3  | 25718 ||| INVOKING Heroism.
 25747 | Swamp:3  | 25747 ||| Stepping ~*~*~tactically~*~*~ (stealth).
 25748 | Swamp:3  | 25748 ||| Stepping ~*~*~tactically~*~*~ (stealth).
 25749 | Swamp:3  | 25749 ||| INVOKING Heroism.
 25751 | Swamp:3  | 25751 ||| Stepping ~*~*~tactically~*~*~ (stealth).
 25752 | Swamp:3  | 25752 ||| SWAPPING to +2 morningstar of freezing.
 25758 | Swamp:3  | 25758 ||| SWAPPING to +3 vampiric war axe.
 25807 | Swamp:3  | 25807 ||| READING scroll of enchant armour.
 25807 | Swamp:3  | 25807 ||| ENCHANTING +4 plate armour of poison resistance.
 25862 | Swamp:3  | 25862 ||| INVOKING Heroism.
 25865 | Swamp:3  | 25865 ||| SWAPPING to +2 morningstar of freezing.
 25872 | Swamp:3  | Reached skill level 15 in Armour
 25877 | Swamp:3  | 25877 ||| SWAPPING to +3 vampiric war axe.
 25953 | Swamp:3  | 25953 ||| Stepping ~*~*~tactically~*~*~ (stealth).
 25959 | Swamp:3  | 25959 ||| INVOKING Heroism.
 25963 | Swamp:3  | 25963 ||| Stepping ~*~*~tactically~*~*~ (hiding).
 25970 | Swamp:3  | 25970 ||| Stepping ~*~*~tactically~*~*~ (hiding).
 25989 | Swamp:3  | Killed Louise
 26027 | Swamp:3  | 26027 ||| INVOKING Heroism.
 26157 | Swamp:3  | 26157 ||| INVOKING Heroism.
 26231 | Swamp:3  | 26231 ||| PLANNING SPIDER:1-3
 26231 | Swamp:3  | 26231 ||| DROPPING +4 chain mail of cold resistance.
 26232 | Swamp:3  | 26232 ||| UPGRADING to +6 crystal plate armour of
                  | Incorporation {*Slow rN+++ Str-5 Int+4}.
 26242 | Swamp:3  | 26242 ||| UPGRADING to +0 tower shield.
 26252 | Swamp:3  | 26252 ||| DROPPING +0 kite shield.
 26253 | Swamp:3  | 26253 ||| DROPPING +5 plate armour of poison resistance.
 26254 | Swamp:3  | 26254 ||| READING 13 scrolls of identify.
 26254 | Swamp:3  | 26254 ||| IDENTIFYING murky cyan potion
 26255 | Swamp:3  | 26255 ||| DROPPING potion of ambrosia.
 26359 | Spider:1 | Entered Level 1 of the Spider Nest
 26362 | Spider:1 | 26362 ||| INVOKING Heroism.
 26372 | Spider:1 | 26372 ||| INVOKING Finesse.
 26442 | Spider:1 | Reached skill level 15 in Shields
 26449 | Spider:1 | 26449 ||| INVOKING Heroism.
 26491 | Spider:1 | 26491 ||| INVOKING Finesse.
 26510 | Spider:1 | You are sucked into a shaft and drop 1 floor!
 26614 | Spider:2 | 26614 ||| INVOKING Heroism.
 26634 | Spider:2 | Noticed Arachne
 26635 | Spider:2 | 26635 ||| Stepping ~*~*~tactically~*~*~ (hiding).
 26636 | Spider:2 | 26636 ||| INVOKING Finesse.
 26649 | Spider:2 | 26649 ||| Stepping ~*~*~tactically~*~*~ (hiding).
 26650 | Spider:2 | 26650 ||| Stepping ~*~*~tactically~*~*~ (hiding).
 26650 | Spider:2 | Gained mutation: You are frail. (-10% HP) [mutagenic glow]
 26660 | Spider:2 | 26660 ||| Stepping ~*~*~tactically~*~*~ (hiding).
 26665 | Spider:2 | Killed Arachne
 26675 | Spider:2 | 26675 ||| DRINKING 10 potions of mutation.
 26675 | Spider:2 | Lost mutation: You are frail. (-10% HP) [potion of
                  | mutation]
 26675 | Spider:2 | Gained mutation: You are strong-willed. (Will+) [potion of
                  | mutation]
 26675 | Spider:2 | Gained mutation: You have large cloven feet. [potion of
                  | mutation]
 26675 | Spider:2 | Gained mutation: You possess an exceptional clarity of
                  | mind. [potion of mutation]
 26675 | Spider:2 | Gained mutation: You have a pair of small horns on your
                  | head. [potion of mutation]
 26698 | Spider:2 | 26698 ||| INVOKING Heroism.
 26741 | Spider:2 | 26741 ||| Stepping ~*~*~tactically~*~*~ (hiding).
 26753 | Spider:2 | 26753 ||| Stepping ~*~*~tactically~*~*~ (stealth).
 26755 | Spider:2 | 26755 ||| Stepping ~*~*~tactically~*~*~ (hiding).
 26759 | Spider:2 | 26759 ||| INVOKING Finesse.
 26793 | Spider:2 | 26793 ||| Stepping ~*~*~tactically~*~*~ (stealth).
 26795 | Spider:2 | 26795 ||| Stepping ~*~*~tactically~*~*~ (stealth).
 26796 | Spider:2 | 26796 ||| Stepping ~*~*~tactically~*~*~ (stealth).
 26799 | Spider:2 | 26799 ||| INVOKING Heroism.
 26908 | Spider:2 | Noticed Frances
 26909 | Spider:2 | 26909 ||| Stepping ~*~*~tactically~*~*~ (hiding).
 26934 | Spider:2 | 26934 ||| INVOKING Heroism.
 26937 | Spider:2 | Killed Frances
 27071 | Spider:2 | 27071 ||| DROPPING +2 helmet.
 27086 | Spider:1 | 27086 ||| INVOKING Finesse.
 27153 | Spider:1 | 27153 ||| INVOKING Finesse.
 27169 | Spider:1 | Received a gift from Okawaru
 27261 | Spider:1 | 27261 ||| INVOKING Finesse.
 27269 | Spider:1 | 27269 ||| READING 4 scrolls of teleportation.
 27709 | Spider:3 | 27709 ||| STAIRDANCE
 27711 | Spider:2 | 27711 ||| INVOKING Heroism.
 27787 | Spider:3 | 27787 ||| Stepping ~*~*~tactically~*~*~ (hiding).
 27813 | Spider:3 | 27813 ||| Stepping ~*~*~tactically~*~*~ (stealth).
 27842 | Spider:3 | 27842 ||| Stepping ~*~*~tactically~*~*~ (stealth).
 27843 | Spider:3 | 27843 ||| INVOKING Heroism.
 27857 | Spider:3 | Received a gift from Okawaru
 27902 | Spider:3 | 27902 ||| Stepping ~*~*~tactically~*~*~ (hiding).
 27904 | Spider:3 | 27904 ||| INVOKING Heroism.
 27917 | Spider:3 | 27917 ||| INVOKING Heroism.
 27940 | Spider:3 | Reached XP level 18. HP: 119/119 MP: 25/25
 27948 | Spider:3 | 27948 ||| DROPPING +2 morningstar of freezing.
 27953 | Spider:3 | 27953 ||| Stepping ~*~*~tactically~*~*~ (stealth).
 27954 | Spider:3 | 27954 ||| Stepping ~*~*~tactically~*~*~ (stealth).
 27957 | Spider:3 | 27957 ||| Stepping ~*~*~tactically~*~*~ (hiding).
 27966 | Spider:3 | 27966 ||| INVOKING Heroism.
 27988 | Spider:3 | Received a gift from Okawaru
 28120 | Spider:3 | 28120 ||| Stepping ~*~*~tactically~*~*~ (stealth).
 28139 | Spider:3 | 28139 ||| Stepping ~*~*~tactically~*~*~ (stealth).
 28217 | Spider:3 | Received a gift from Okawaru
 28266 | Spider:3 | 28266 ||| Stepping ~*~*~tactically~*~*~ (stealth).
 28270 | Spider:3 | 28270 ||| INVOKING Heroism.
 28419 | Spider:3 | 28419 ||| Stepping ~*~*~tactically~*~*~ (stealth).
 28615 | Spider:3 | Reached skill level 6 in Throwing
 28685 | Spider:3 | 28685 ||| PLANNING SWAMP:4
 28685 | Spider:3 | 28685 ||| DROPPING +1 pair of gloves.
 28847 | Swamp:4  | Entered Level 4 of the Swamp
 28858 | Swamp:4  | 28858 ||| INVOKING Heroism.
 28942 | Swamp:4  | 28942 ||| Stepping ~*~*~tactically~*~*~ (hiding).
 28943 | Swamp:4  | 28943 ||| INVOKING Heroism.
 29033 | Swamp:4  | 29033 ||| INVOKING Heroism.
 29034 | Swamp:4  | 29034 ||| Stepping ~*~*~tactically~*~*~ (hiding).
 29039 | Swamp:4  | 29039 ||| Stepping ~*~*~tactically~*~*~ (hiding).
 29067 | Swamp:4  | 29067 ||| Stepping ~*~*~tactically~*~*~ (cloud).
 29072 | Swamp:4  | 29072 ||| Stepping ~*~*~tactically~*~*~ (stealth).
 29085 | Swamp:4  | 29085 ||| Stepping ~*~*~tactically~*~*~ (hiding).
 29088 | Swamp:4  | 29088 ||| INVOKING Heroism.
 29119 | Swamp:4  | 29119 ||| Stepping ~*~*~tactically~*~*~ (hiding).
 29124 | Swamp:4  | 29124 ||| INVOKING Finesse.
 29151 | Swamp:4  | Received a gift from Okawaru
 29185 | Swamp:4  | 29185 ||| INVOKING Heroism.
 29191 | Swamp:4  | 29191 ||| Stepping ~*~*~tactically~*~*~ (stealth).
 29192 | Swamp:4  | 29192 ||| Stepping ~*~*~tactically~*~*~ (stealth).
 29193 | Swamp:4  | 29193 ||| Stepping ~*~*~tactically~*~*~ (stealth).
 29194 | Swamp:4  | 29194 ||| Stepping ~*~*~tactically~*~*~ (stealth).
 29224 | Swamp:4  | HP: 28/119 [eight-headed hydra (5)]
 29225 | Swamp:4  | 29225 ||| READING 3 scrolls of teleportation.
 29225 | Swamp:4  | HP: 12/119 [15-headed hydra (2)]
 29226 | Swamp:4  | 29226 ||| DRINKING 9 potions of heal wounds.
 29275 | Swamp:4  | 29275 ||| INVOKING Heroism.
 29285 | Swamp:4  | Received a gift from Okawaru
 29319 | Swamp:4  | 29319 ||| INVOKING Heroism.
 29361 | Swamp:4  | 29361 ||| INVOKING Heroism.
 29362 | Swamp:4  | 29362 ||| INVOKING Finesse.
 29372 | Swamp:4  | HP: 29/119 [briar patch's spines[a thorn hunter] (3)]
 29373 | Swamp:4  | 29373 ||| READING 2 scrolls of teleportation.
 29377 | Swamp:4  | HP: 26/119 [thorn hunter/volley of thorns (33)]
 29378 | Swamp:4  | 29378 ||| DRINKING 8 potions of heal wounds.
 29399 | Swamp:4  | 29399 ||| INVOKING Finesse.
 29400 | Swamp:4  | 29400 ||| INVOKING Finesse.
 29407 | Swamp:4  | 29407 ||| INVOKING Heroism.
 29521 | Swamp:4  | 29521 ||| Stepping ~*~*~tactically~*~*~ (hiding).
 29555 | Swamp:4  | 29555 ||| Stepping ~*~*~tactically~*~*~ (hiding).
 29631 | Swamp:4  | Identified the +4 plate armour of Tartarus {Str+6}
 29634 | Swamp:4  | Got a decaying rune of Zot
 29707 | Swamp:4  | 29707 ||| Stepping ~*~*~tactically~*~*~ (hiding).
 29859 | Swamp:4  | 29859 ||| PLANNING VAULTS:1-4
 29859 | Swamp:4  | 29859 ||| UPGRADING to +4 plate armour of Tartarus {Str+6}.
 29869 | Swamp:4  | 29869 ||| DROPPING +1 plate armour of fire resistance.
 29870 | Swamp:4  | 29870 ||| READING 3 scrolls labelled NOL QANUFOIR OGH.
 29871 | Swamp:4  | 29871 ||| DROPPING 2 scrolls of immolation.
 30073 | Vaults:1 | Entered Level 1 of the Vaults
 30095 | Vaults:1 | 30095 ||| INVOKING Heroism.
 30203 | Vaults:1 | 30203 ||| Stepping ~*~*~tactically~*~*~ (stealth).
 30238 | Vaults:1 | Reached skill level 6 in Dodging
 30242 | Vaults:1 | 30242 ||| Stepping ~*~*~tactically~*~*~ (hiding).
 30314 | Vaults:1 | 30314 ||| Stepping ~*~*~tactically~*~*~ (stealth).
 30316 | Vaults:1 | 30316 ||| INVOKING Heroism.
 30317 | Vaults:1 | 30317 ||| Stepping ~*~*~tactically~*~*~ (stealth).
 30318 | Vaults:1 | 30318 ||| Stepping ~*~*~tactically~*~*~ (stealth).
 30319 | Vaults:1 | 30319 ||| Stepping ~*~*~tactically~*~*~ (stealth).
 30329 | Vaults:1 | Reached skill level 18 in Shields
 30370 | Vaults:1 | 30370 ||| INVOKING Heroism.
 30372 | Vaults:1 | Received a gift from Okawaru
 30444 | Vaults:1 | 30444 ||| Stepping ~*~*~tactically~*~*~ (stealth).
 30451 | Vaults:1 | 30451 ||| Stepping ~*~*~tactically~*~*~ (stealth).
 30454 | Vaults:1 | 30454 ||| Stepping ~*~*~tactically~*~*~ (stealth).
 30479 | Vaults:1 | 30479 ||| INVOKING Heroism.
 30609 | Vaults:1 | Reached XP level 19. HP: 124/124 MP: 26/26
 30609 | Vaults:1 | Identified the +11 scimitar "Killer Klown's Regret"
                  | {protect, Drain Will- rCorr Dex+8} (Okawaru gifted it to
                  | you on level 1 of the Vaults)
 30609 | Vaults:1 | Received a gift from Okawaru
 30689 | Vaults:1 | 30689 ||| INVOKING Heroism.
 30770 | Vaults:1 | 30770 ||| Stepping ~*~*~tactically~*~*~ (hiding).
 30824 | Vaults:1 | 30824 ||| Stepping ~*~*~tactically~*~*~ (hiding).
 30825 | Vaults:1 | 30825 ||| Stepping ~*~*~tactically~*~*~ (hiding).
 31187 | Vaults:1 | 31187 ||| INVOKING Heroism.
 31216 | Vaults:1 | Reached skill level 9 in Throwing
 31228 | Vaults:1 | 31228 ||| INVOKING Finesse.
 31273 | Vaults:1 | 31273 ||| SWAPPING to +1 vampiric broad axe.
 31274 | Vaults:1 | 31274 ||| DROPPING +0 broad axe.
 31275 | Vaults:1 | 31275 ||| DROPPING +3 vampiric war axe.
 31371 | Vaults:1 | Identified the +7 chain mail of the Conjuring Gods {Rampage
                  | +Blink rPois Str-5}
 31381 | Vaults:1 | 31381 ||| Stepping ~*~*~tactically~*~*~ (stealth).
 31423 | Vaults:1 | Identified the +1 robe "Wyz Kiol" {Str+4 Dex+4}
 31600 | Vaults:1 | Found a transporter.
 31639 | Vaults:1 | Found a transporter.
 31857 | Vaults:2 | 31857 ||| INVOKING Heroism.
 31881 | Vaults:2 | Identified the +0 pair of gloves of Roerheny {rC- Will+
                  | Str+3} (Okawaru gifted it to you on level 2 of the Vaults)
 31881 | Vaults:2 | Received a gift from Okawaru
 31895 | Vaults:2 | 31895 ||| INVOKING Heroism.
 32150 | Vaults:2 | Noticed Mara
 32153 | Vaults:2 | 32153 ||| Stepping ~*~*~tactically~*~*~ (hiding).
 32156 | Vaults:2 | 32156 ||| Stepping ~*~*~tactically~*~*~ (hiding).
 32158 | Vaults:2 | 32158 ||| INVOKING Heroism.
 32159 | Vaults:2 | 32159 ||| INVOKING Finesse.
 32166 | Vaults:2 | 32166 ||| Stepping ~*~*~tactically~*~*~ (hiding).
 32178 | Vaults:2 | 32178 ||| Stepping ~*~*~tactically~*~*~ (hiding).
 32192 | Vaults:2 | Killed Mara
 32208 | Vaults:2 | 32208 ||| INVOKING Heroism.
 32209 | Vaults:2 | 32209 ||| Stepping ~*~*~tactically~*~*~ (stealth).
 32235 | Vaults:2 | 32235 ||| INVOKING Heroism.
 32241 | Vaults:2 | Found a staircase to the Crypt.
 32326 | Vaults:2 | 32326 ||| Stepping ~*~*~tactically~*~*~ (hiding).
 32396 | Vaults:2 | Found Gisilala's Antique Weapon Emporium.
 32483 | Vaults:2 | 32483 ||| Stepping ~*~*~tactically~*~*~ (hiding).
 32485 | Vaults:2 | 32485 ||| Stepping ~*~*~tactically~*~*~ (hiding).
 32486 | Vaults:2 | 32486 ||| Stepping ~*~*~tactically~*~*~ (hiding).
 32487 | Vaults:2 | 32487 ||| INVOKING Heroism.
 32659 | Vaults:2 | 32659 ||| Stepping ~*~*~tactically~*~*~ (hiding).
 32683 | Vaults:2 | 32683 ||| Stepping ~*~*~tactically~*~*~ (stealth).
 32685 | Vaults:2 | 32685 ||| INVOKING Heroism.
 32824 | Vaults:2 | 32824 ||| INVOKING Heroism.
 32885 | Vaults:2 | 32885 ||| INVOKING Heroism.
 32912 | Vaults:2 | 32912 ||| Stepping ~*~*~tactically~*~*~ (stealth).
 32914 | Vaults:2 | 32914 ||| Stepping ~*~*~tactically~*~*~ (stealth).
 33039 | Vaults:3 | 33039 ||| INVOKING Heroism.
 33065 | Vaults:3 | 33065 ||| READING scroll of teleportation.
 33090 | Vaults:3 | 33090 ||| INVOKING Heroism.
 33155 | Vaults:3 | 33155 ||| Stepping ~*~*~tactically~*~*~ (hiding).
 33168 | Vaults:3 | Reached skill level 18 in Axes
 33213 | Vaults:3 | 33213 ||| Stepping ~*~*~tactically~*~*~ (hiding).
 33224 | Vaults:3 | 33224 ||| READING scroll of teleportation.
 33257 | Vaults:3 | 33257 ||| Stepping ~*~*~tactically~*~*~ (hiding).
 33267 | Vaults:3 | Received a gift from Okawaru
 33282 | Vaults:3 | 33282 ||| Stepping ~*~*~tactically~*~*~ (hiding).
 33436 | Vaults:3 | 33436 ||| Stepping ~*~*~tactically~*~*~ (hiding).
 33643 | Vaults:3 | 33643 ||| Stepping ~*~*~tactically~*~*~ (hiding).
 33762 | Vaults:3 | 33762 ||| Stepping ~*~*~tactically~*~*~ (hiding).
 33764 | Vaults:3 | 33764 ||| Stepping ~*~*~tactically~*~*~ (hiding).
 33765 | Vaults:3 | 33765 ||| Stepping ~*~*~tactically~*~*~ (hiding).
 33766 | Vaults:3 | 33766 ||| Stepping ~*~*~tactically~*~*~ (hiding).
 33774 | Vaults:3 | Reached XP level 20. HP: 129/129 MP: 27/27
 33789 | Vaults:3 | 33789 ||| Stepping ~*~*~tactically~*~*~ (hiding).
 33792 | Vaults:3 | 33792 ||| Stepping ~*~*~tactically~*~*~ (hiding).
 33816 | Vaults:3 | 33816 ||| Stepping ~*~*~tactically~*~*~ (hiding).
 33819 | Vaults:3 | 33819 ||| Stepping ~*~*~tactically~*~*~ (hiding).
 33820 | Vaults:3 | 33820 ||| Stepping ~*~*~tactically~*~*~ (hiding).
 33850 | Vaults:3 | 33850 ||| INVOKING Heroism.
 33859 | Vaults:3 | Received a gift from Okawaru
 33902 | Vaults:3 | 33902 ||| INVOKING Heroism.
 34117 | Vaults:3 | 34117 ||| Stepping ~*~*~tactically~*~*~ (hiding).
 34134 | Vaults:3 | 34134 ||| INVOKING Heroism.
 34309 | Vaults:3 | 34309 ||| Stepping ~*~*~tactically~*~*~ (hiding).
 34399 | Vaults:3 | Identified the +4 scale mail of the Cobbler {rC- Int+5
                  | Stlth+}
 34436 | Vaults:3 | 34436 ||| Stepping ~*~*~tactically~*~*~ (stealth).
 34438 | Vaults:3 | 34438 ||| Stepping ~*~*~tactically~*~*~ (stealth).
 34442 | Vaults:3 | 34442 ||| Stepping ~*~*~tactically~*~*~ (stealth).
 34581 | Vaults:4 | 34581 ||| Stepping ~*~*~tactically~*~*~ (hiding).
 34656 | Vaults:4 | 34656 ||| INVOKING Heroism.
 34746 | Vaults:4 | 34746 ||| Stepping ~*~*~tactically~*~*~ (stealth).
 34748 | Vaults:4 | 34748 ||| Stepping ~*~*~tactically~*~*~ (stealth).
 34750 | Vaults:4 | 34750 ||| Stepping ~*~*~tactically~*~*~ (stealth).
 34752 | Vaults:4 | 34752 ||| Stepping ~*~*~tactically~*~*~ (stealth).
 34753 | Vaults:4 | 34753 ||| Stepping ~*~*~tactically~*~*~ (stealth).
 34754 | Vaults:4 | 34754 ||| Stepping ~*~*~tactically~*~*~ (stealth).
 34756 | Vaults:4 | 34756 ||| Stepping ~*~*~tactically~*~*~ (hiding).
 34764 | Vaults:4 | Received a gift from Okawaru
 34855 | Vaults:4 | 34855 ||| FLEEEEING.
 34856 | Vaults:4 | 34856 ||| FLEEEEING.
 34857 | Vaults:4 | 34857 ||| FLEEEEING.
 34858 | Vaults:4 | 34858 ||| FLEEEEING.
 34859 | Vaults:4 | 34859 ||| FLEEEEING.
 34860 | Vaults:4 | 34860 ||| FLEEEEING.
 34861 | Vaults:4 | 34861 ||| FLEEEEING.
 34862 | Vaults:4 | 34862 ||| FLEEEEING.
 34863 | Vaults:4 | 34863 ||| FLEEEEING.
 34864 | Vaults:4 | 34864 ||| FLEEEEING.
 34865 | Vaults:4 | 34865 ||| FLEEEEING.
 34866 | Vaults:4 | 34866 ||| FLEEEEING.
 34867 | Vaults:4 | 34867 ||| FLEEEEING.
 34868 | Vaults:4 | 34868 ||| FLEEEEING.
 34869 | Vaults:4 | 34869 ||| FLEEEEING.
 34870 | Vaults:4 | 34870 ||| FLEEEEING.
 34871 | Vaults:4 | 34871 ||| FLEEEEING.
 34872 | Vaults:4 | 34872 ||| FLEEEEING.
 34873 | Vaults:4 | 34873 ||| FLEEEEING.
 34879 | Vaults:4 | 34879 ||| FLEEEEING.
 34880 | Vaults:4 | 34880 ||| FLEEEEING.
 34881 | Vaults:4 | 34881 ||| FLEEEEING.
 34882 | Vaults:4 | 34882 ||| FLEEEEING.
 34883 | Vaults:4 | 34883 ||| FLEEEEING.
 34884 | Vaults:4 | 34884 ||| FLEEEEING.
 34885 | Vaults:4 | 34885 ||| FLEEEEING.
 34886 | Vaults:4 | 34886 ||| FLEEEEING.
 34887 | Vaults:4 | 34887 ||| FLEEEEING.
 34888 | Vaults:4 | 34888 ||| FLEEEEING.
 34889 | Vaults:4 | 34889 ||| FLEEEEING.
 34890 | Vaults:4 | 34890 ||| FLEEEEING.
 34891 | Vaults:4 | 34891 ||| FLEEEEING.
 34892 | Vaults:4 | 34892 ||| FLEEEEING.
 34893 | Vaults:4 | 34893 ||| FLEEEEING.
 34894 | Vaults:4 | 34894 ||| FLEEEEING.
 34895 | Vaults:4 | 34895 ||| FLEEEEING.
 34896 | Vaults:4 | 34896 ||| FLEEEEING.
 34897 | Vaults:4 | 34897 ||| FLEEEEING.
 34898 | Vaults:4 | 34898 ||| FLEEEEING.
 34899 | Vaults:4 | 34899 ||| FLEEEEING.
 34911 | Vaults:4 | 34911 ||| INVOKING Heroism.
 34925 | Vaults:4 | 34925 ||| INVOKING Finesse.
 34942 | Vaults:4 | Received a gift from Okawaru
 35071 | Vaults:4 | Noticed Donald
 35085 | Vaults:4 | Killed Donald
 35120 | Vaults:4 | 35120 ||| Stepping ~*~*~tactically~*~*~ (stealth).
 35125 | Vaults:4 | 35125 ||| Stepping ~*~*~tactically~*~*~ (stealth).
 35173 | Vaults:4 | 35173 ||| Stepping ~*~*~tactically~*~*~ (stealth).
 35175 | Vaults:4 | 35175 ||| INVOKING Heroism.
 35183 | Vaults:4 | Received a gift from Okawaru
 35255 | Vaults:4 | 35255 ||| INVOKING Heroism.
 35274 | Vaults:4 | Received a gift from Okawaru
 35282 | Vaults:4 | 35282 ||| Stepping ~*~*~tactically~*~*~ (hiding).
 35303 | Vaults:4 | 35303 ||| INVOKING Heroism.
 35511 | Vaults:4 | 35511 ||| Stepping ~*~*~tactically~*~*~ (stealth).
 35513 | Vaults:4 | 35513 ||| Stepping ~*~*~tactically~*~*~ (stealth).
 35518 | Vaults:4 | 35518 ||| Stepping ~*~*~tactically~*~*~ (stealth).
 35520 | Vaults:4 | 35520 ||| Stepping ~*~*~tactically~*~*~ (stealth).
 35527 | Vaults:4 | 35527 ||| INVOKING Heroism.
 35549 | Vaults:4 | 35549 ||| Stepping ~*~*~tactically~*~*~ (hiding).
 35556 | Vaults:4 | 35556 ||| Stepping ~*~*~tactically~*~*~ (hiding).
 35715 | Vaults:4 | Identified the +4 chain mail of Xubuss {Fly rPois rN+}
                  | (Okawaru gifted it to you on level 4 of the Vaults)
 35715 | Vaults:4 | Received a gift from Okawaru
 35753 | Vaults:4 | Identified the +2 ring mail of the End {Str+2}
 35756 | Vaults:4 | 35756 ||| INVOKING Heroism.
 35757 | Vaults:4 | 35757 ||| INVOKING Finesse.
 35797 | Vaults:4 | 35797 ||| INVOKING Heroism.
 36040 | Vaults:4 | Identified the +4 quarterstaff of Xom's Reproof {freeze,
                  | rElec}
 36156 | Vaults:4 | 36156 ||| PLANNING SPIDER:4
 36156 | Vaults:4 | 36156 ||| DROPPING +1 pair of gloves.
 36578 | Spider:4 | Entered Level 4 of the Spider Nest
 36582 | Spider:4 | 36582 ||| INVOKING Heroism.
 36810 | Spider:4 | 36810 ||| Stepping ~*~*~tactically~*~*~ (hiding).
 36811 | Spider:4 | 36811 ||| Stepping ~*~*~tactically~*~*~ (stealth).
 36885 | Spider:4 | 36885 ||| INVOKING Heroism.
 36893 | Spider:4 | Reached XP level 21. HP: 140/140 MP: 26/28
 36915 | Spider:4 | Reached skill level 18 in Fighting
 36916 | Spider:4 | 36916 ||| INVOKING Heroism.
 36986 | Spider:4 | 36986 ||| Stepping ~*~*~tactically~*~*~ (stealth).
 36990 | Spider:4 | 36990 ||| Stepping ~*~*~tactically~*~*~ (stealth).
 36993 | Spider:4 | 36993 ||| INVOKING Heroism.
 37047 | Spider:4 | Found the +11 plutonium sword {Contam Stlth-}
 37069 | Spider:4 | 37069 ||| INVOKING Heroism.
 37295 | Spider:4 | Got a gossamer rune of Zot
 37428 | Spider:4 | 37428 ||| PLANNING DEPTHS
 37428 | Spider:4 | 37428 ||| DROPPING +0 hat of stealth.
 37429 | Spider:4 | 37429 ||| DROPPING +0 pair of boots of rampaging.
 37430 | Spider:4 | 37430 ||| DROPPING ring of ice.
 37678 | Depths:1 | Entered Level 1 of the Depths
 37679 | Depths:1 | 37679 ||| PLANNING WIZLAB
 37700 | Depths:1 | 37700 ||| Stepping ~*~*~tactically~*~*~ (hiding).
 37859 | Depths:1 | Noticed Bai Suzhen
 37860 | Depths:1 | 37860 ||| Stepping ~*~*~tactically~*~*~ (hiding).
 37861 | Depths:1 | 37861 ||| Stepping ~*~*~tactically~*~*~ (hiding).
 37862 | Depths:1 | 37862 ||| Stepping ~*~*~tactically~*~*~ (hiding).
 37863 | Depths:1 | 37863 ||| Stepping ~*~*~tactically~*~*~ (hiding).
 37865 | Depths:1 | 37865 ||| Stepping ~*~*~tactically~*~*~ (hiding).
 37879 | Depths:1 | 37879 ||| INVOKING Heroism.
 37883 | Depths:1 | Killed Bai Suzhen
 37893 | Depths:1 | 37893 ||| Stepping ~*~*~tactically~*~*~ (stealth).
 37895 | Depths:1 | 37895 ||| Stepping ~*~*~tactically~*~*~ (hiding).
 37915 | Depths:1 | Noticed a golden dragon
 37916 | Depths:1 | 37916 ||| INVOKING Heroism.
 37917 | Depths:1 | 37917 ||| INVOKING Finesse.
 37939 | Depths:1 | Killed a golden dragon
 37977 | Depths:1 | Noticed a golden dragon
 37978 | Depths:1 | 37978 ||| Stepping ~*~*~tactically~*~*~ (hiding).
 37979 | Depths:1 | 37979 ||| Stepping ~*~*~tactically~*~*~ (hiding).
 37983 | Depths:1 | 37983 ||| INVOKING Heroism.
 37984 | Depths:1 | 37984 ||| INVOKING Finesse.
 37992 | Depths:1 | Killed a golden dragon
 37993 | Depths:1 | Reached skill level 9 in Dodging
 38035 | Depths:1 | 38035 ||| INVOKING Heroism.
 38052 | Depths:1 | Identified the +1 robe of the Ladybird {rN+} (Okawaru
                  | gifted it to you on level 1 of the Depths)
 38052 | Depths:1 | Received a gift from Okawaru
 38072 | Depths:1 | Identified the ring of Rupus {Ice rN+ Will+ Str+2}
 38142 | Depths:1 | 38142 ||| INVOKING Heroism.
 38143 | Depths:1 | 38143 ||| INVOKING Finesse.
 38189 | Depths:1 | 38189 ||| Stepping ~*~*~tactically~*~*~ (stealth).
 38192 | Depths:1 | 38192 ||| INVOKING Finesse.
 38211 | Depths:1 | 38211 ||| INVOKING Heroism.
 38336 | Depths:1 | Found Tofog's Book Shoppe.
 38338 | Depths:1 | Found Navoicro's General Store.
 38341 | Depths:1 | Found Vaiwang's Antique Weapon Shoppe.
 38374 | Depths:1 | 38374 ||| Stepping ~*~*~tactically~*~*~ (hiding).
 38375 | Depths:1 | 38375 ||| Stepping ~*~*~tactically~*~*~ (hiding).
 38411 | Depths:1 | Found a magical portal.
 38412 | Depths:1 | 38412 ||| DROPPING +2 plate armour of cold resistance.
 38413 | Depths:1 | 38413 ||| DROPPING +1 pair of gloves.
 38417 | Depths:1 | 38417 ||| Stepping ~*~*~tactically~*~*~ (stealth).
 38418 | Depths:1 | 38418 ||| Stepping ~*~*~tactically~*~*~ (stealth).
 38432 | WizLab   | Entered Zonguldrok's Shrine
 38448 | WizLab   | 38448 ||| INVOKING Heroism.
 38586 | Depths:1 | 38586 ||| PLANNING DEPTHS
 38606 | Depths:1 | 38606 ||| READING 4 scrolls of teleportation.
 38636 | Depths:1 | 38636 ||| INVOKING Heroism.
 38674 | Depths:1 | 38674 ||| INVOKING Heroism.
 38725 | Depths:1 | 38725 ||| INVOKING Finesse.
 39145 | Depths:1 | 39145 ||| Stepping ~*~*~tactically~*~*~ (stealth).
 39218 | Depths:1 | 39218 ||| Stepping ~*~*~tactically~*~*~ (stealth).
 39221 | Depths:1 | 39221 ||| INVOKING Heroism.
 39256 | Depths:1 | 39256 ||| Stepping ~*~*~tactically~*~*~ (hiding).
 39264 | Depths:1 | 39264 ||| Stepping ~*~*~tactically~*~*~ (hiding).
 39348 | Depths:1 | 39348 ||| INVOKING Heroism.
 39431 | Depths:1 | 39431 ||| Stepping ~*~*~tactically~*~*~ (stealth).
 39444 | Depths:1 | Found a gateway to Hell.
 39446 | Depths:1 | 39446 ||| INVOKING Heroism.
 39552 | Depths:1 | 39552 ||| Stepping ~*~*~tactically~*~*~ (stealth).
 39554 | Depths:1 | 39554 ||| Stepping ~*~*~tactically~*~*~ (stealth).
 39555 | Depths:1 | 39555 ||| INVOKING Finesse.
 39556 | Depths:1 | 39556 ||| Stepping ~*~*~tactically~*~*~ (hiding).
 39557 | Depths:1 | 39557 ||| INVOKING Heroism.
 39573 | Depths:1 | Reached skill level 18 in Armour
 39662 | Depths:1 | 39662 ||| Stepping ~*~*~tactically~*~*~ (stealth).
 39664 | Depths:1 | 39664 ||| Stepping ~*~*~tactically~*~*~ (stealth).
 39665 | Depths:1 | 39665 ||| INVOKING Heroism.
 39666 | Depths:1 | 39666 ||| INVOKING Finesse.
 39717 | Depths:2 | 39717 ||| INVOKING Heroism.
 39731 | Depths:2 | Noticed Saint Roka
 39752 | Depths:2 | Killed Saint Roka
 39781 | Depths:2 | 39781 ||| Stepping ~*~*~tactically~*~*~ (stealth).
 39783 | Depths:2 | 39783 ||| Stepping ~*~*~tactically~*~*~ (hiding).
 39786 | Depths:2 | 39786 ||| INVOKING Heroism.
 39799 | Depths:2 | Reached XP level 22. HP: 149/149 MP: 29/29
 39899 | Depths:2 | Found a runed translucent door.
 39901 | Depths:2 | Noticed qw's ghost (veteran GrFi)
 39904 | Depths:2 | Found a one-way gate leading to the halls of Pandemonium.
 40017 | Depths:2 | 40017 ||| INVOKING Heroism.
 40057 | Depths:2 | 40057 ||| Stepping ~*~*~tactically~*~*~ (hiding).
 40061 | Depths:2 | 40061 ||| INVOKING Heroism.
 40077 | Depths:2 | 40077 ||| Stepping ~*~*~tactically~*~*~ (stealth).
 40079 | Depths:2 | 40079 ||| Stepping ~*~*~tactically~*~*~ (stealth).
 40175 | Depths:2 | 40175 ||| INVOKING Heroism.
 40176 | Depths:2 | 40176 ||| INVOKING Finesse.
 40265 | Depths:2 | 40265 ||| INVOKING Heroism.
 40272 | Depths:2 | Received a gift from Okawaru
 40397 | Depths:2 | 40397 ||| INVOKING Heroism.
 40401 | Depths:2 | 40401 ||| Stepping ~*~*~tactically~*~*~ (stealth).
 40417 | Depths:2 | 40417 ||| Stepping ~*~*~tactically~*~*~ (hiding).
 40418 | Depths:2 | 40418 ||| Stepping ~*~*~tactically~*~*~ (hiding).
 40421 | Depths:2 | 40421 ||| Stepping ~*~*~tactically~*~*~ (hiding).
 40509 | Depths:2 | Noticed a royal mummy
 40510 | Depths:2 | 40510 ||| Stepping ~*~*~tactically~*~*~ (hiding).
 40511 | Depths:2 | 40511 ||| INVOKING Heroism.
 40512 | Depths:2 | 40512 ||| INVOKING Finesse.
 40522 | Depths:2 | Killed a royal mummy
 40561 | Depths:2 | 40561 ||| Stepping ~*~*~tactically~*~*~ (stealth).
 40563 | Depths:2 | 40563 ||| Stepping ~*~*~tactically~*~*~ (hiding).
 40567 | Depths:2 | 40567 ||| INVOKING Heroism.
 40579 | Depths:2 | Identified the +3 leather armour of Dramatic Exits {Rampage
                  | Slay+2}
 40807 | Depths:2 | 40807 ||| Stepping ~*~*~tactically~*~*~ (stealth).
 40809 | Depths:2 | 40809 ||| Stepping ~*~*~tactically~*~*~ (hiding).
 40814 | Depths:2 | 40814 ||| INVOKING Heroism.
 40870 | Depths:2 | 40870 ||| INVOKING Finesse.
 40952 | Depths:2 | 40952 ||| INVOKING Heroism.
 41305 | Depths:2 | Found Moemnonk's Jewellery Emporium.
 41305 | Depths:2 | Found Waunk's Book Boutique.
 41306 | Depths:2 | Found Qeong's Jewellery Emporium.
 41312 | Depths:2 | 41312 ||| BUYING amulet of Poijy {Faith rElec rC+ Str+4
                  | Int-2} (1043 gold).
 41312 | Depths:2 | Bought the amulet of Poijy {Faith rElec rC+ Str+4 Int-2}
                  | for 1043 gold pieces
 41312 | Depths:2 | 41312 ||| BUYING ring of the Fool {rF+ Str+6} (800 gold).
 41312 | Depths:2 | Bought the ring of the Fool {rF+ Str+6} for 800 gold pieces
 41316 | Depths:2 | 41316 ||| SHOPLISTING ring "Rocof" {Fire *Corrode rElec
                  | Int-5 Slay+4} (555 gold, have 446).
 41422 | Depths:2 | 41422 ||| UPGRADING to amulet of Vitality {RegenMP++
                  | Regen++}.
 41432 | Depths:2 | 41432 ||| DROPPING amulet of regeneration.
 41433 | Depths:2 | 41433 ||| DROPPING ring of protection from fire.
 41434 | Depths:2 | 41434 ||| UPGRADING to ring of the Fool {rF+ Str+6}.
 41437 | Depths:2 | 41437 ||| INVOKING Heroism.
 41476 | Depths:2 | Killed qw's ghost
 41584 | Depths:3 | 41584 ||| INVOKING Heroism.
 41638 | Depths:3 | 41638 ||| INVOKING Heroism.
 41710 | Depths:3 | 41710 ||| Stepping ~*~*~tactically~*~*~ (hiding).
 41711 | Depths:3 | 41711 ||| Stepping ~*~*~tactically~*~*~ (hiding).
 41714 | Depths:3 | 41714 ||| INVOKING Heroism.
 41766 | Depths:3 | Found a one-way gate to the infinite horrors of the Abyss.
 41802 | Depths:3 | 41802 ||| Stepping ~*~*~tactically~*~*~ (stealth).
 41839 | Depths:3 | Found a one-way gateway to a ziggurat.
 41874 | Depths:3 | 41874 ||| Stepping ~*~*~tactically~*~*~ (hiding).
 41885 | Depths:3 | Received a gift from Okawaru
 41887 | Depths:3 | 41887 ||| Stepping ~*~*~tactically~*~*~ (stealth).
 41889 | Depths:3 | 41889 ||| Stepping ~*~*~tactically~*~*~ (hiding).
 42058 | Depths:3 | Found a bloodstained altar of Trog.
 42066 | Depths:3 | 42066 ||| INVOKING Heroism.
 42177 | Depths:3 | 42177 ||| READING scroll of enchant weapon.
 42177 | Depths:3 | 42177 ||| ENCHANTING +1 vampiric broad axe.
 42236 | Depths:3 | 42236 ||| Stepping ~*~*~tactically~*~*~ (hiding).
 42251 | Depths:3 | 42251 ||| INVOKING Heroism.
 42257 | Depths:3 | 42257 ||| Stepping ~*~*~tactically~*~*~ (hiding).
 42317 | Depths:3 | Identified the ring "Ymuim" {Ice rCorr}
 42317 | Depths:3 | Noticed Josephina
 42318 | Depths:3 | 42318 ||| INVOKING Heroism.
 42319 | Depths:3 | 42319 ||| INVOKING Finesse.
 42329 | Depths:3 | Killed Josephina
 42331 | Depths:3 | Received a gift from Okawaru
 42835 | Depths:3 | 42835 ||| INVOKING Heroism.
 42874 | Depths:3 | Noticed the Enchantress
 42875 | Depths:3 | 42875 ||| INVOKING Finesse.
 42916 | Depths:3 | Killed the Enchantress
 42916 | Depths:3 | Received a gift from Okawaru
 42917 | Depths:3 | Reached skill level 21 in Shields
 42947 | Depths:3 | Identified the +1 hat of the Old and Reckless {*Slow rF-
                  | rN+++ rCorr}
 43175 | Depths:3 | 43175 ||| Stepping ~*~*~tactically~*~*~ (stealth).
 43183 | Depths:3 | 43183 ||| INVOKING Heroism.
 43226 | Depths:3 | You are sucked into a shaft and drop 1 floor!
 43226 | Depths:4 | Entered Level 4 of the Depths
 43227 | Depths:4 | 43227 ||| INVOKING Finesse.
 43228 | Depths:4 | 43228 ||| INVOKING Finesse.
 43235 | Depths:4 | Reached XP level 23. HP: 152/158 MP: 27/30
 43267 | Depths:4 | 43267 ||| UPGRADING to +1 hat.
 43272 | Depths:4 | 43272 ||| READING 3 scrolls of enchant armour.
 43272 | Depths:4 | 43272 ||| ENCHANTING +1 hat.
 43423 | Depths:4 | 43423 ||| Stepping ~*~*~tactically~*~*~ (cloud).
 43424 | Depths:4 | 43424 ||| INVOKING Heroism.
 43427 | Depths:4 | 43427 ||| Stepping ~*~*~tactically~*~*~ (cloud).
 43474 | Depths:4 | 43474 ||| INVOKING Finesse.
 43475 | Depths:4 | 43475 ||| Stepping ~*~*~tactically~*~*~ (hiding).
 43476 | Depths:4 | 43476 ||| Stepping ~*~*~tactically~*~*~ (hiding).
 43478 | Depths:4 | 43478 ||| INVOKING Heroism.
 43478 | Depths:4 | Noticed a juggernaut
 43480 | Depths:4 | 43480 ||| Stepping ~*~*~tactically~*~*~ (hiding).
 43496 | Depths:4 | Killed a juggernaut
 43514 | Depths:4 | Reached skill level 21 in Fighting
 43570 | Depths:4 | Received a gift from Okawaru
 43613 | Depths:4 | Found Wurim's One-of-a-Kind Books.
 43650 | Depths:4 | Found a shimmering altar of Xom.
 43653 | Depths:4 | 43653 ||| Stepping ~*~*~tactically~*~*~ (hiding).
 43655 | Depths:4 | 43655 ||| Stepping ~*~*~tactically~*~*~ (hiding).
 43701 | Depths:4 | 43701 ||| Stepping ~*~*~tactically~*~*~ (stealth).
 43707 | Depths:4 | 43707 ||| Stepping ~*~*~tactically~*~*~ (hiding).
 43709 | Depths:4 | 43709 ||| INVOKING Heroism.
 43710 | Depths:4 | 43710 ||| INVOKING Finesse.
 43724 | Depths:4 | Reached skill level 12 in Throwing
 43726 | Depths:4 | Received a gift from Okawaru
 43822 | Depths:4 | Found a gate to the Realm of Zot.
 43831 | Depths:4 | Noticed a golden dragon
 43832 | Depths:4 | 43832 ||| INVOKING Heroism.
 43833 | Depths:4 | 43833 ||| INVOKING Finesse.
 43843 | Depths:4 | Killed a golden dragon
 43853 | Depths:4 | Found the +2 hood of the Assassin {Detection Stab+ Stlth++}
 44025 | Depths:4 | 44025 ||| PLANNING VAULTS:5
 44321 | Vaults:5 | Entered Level 5 of the Vaults
 44322 | Vaults:5 | 44322 ||| INVOKING Heroism.
 44323 | Vaults:5 | 44323 ||| STAIRDANCE
 44347 | Vaults:5 | 44347 ||| INVOKING Finesse.
 44348 | Vaults:5 | 44348 ||| INVOKING Finesse.
 44359 | Vaults:5 | 44359 ||| STAIRDANCE
 44385 | Vaults:5 | 44385 ||| INVOKING Heroism.
 44388 | Vaults:5 | 44388 ||| STAIRDANCE
 44405 | Vaults:5 | 44405 ||| STAIRDANCE
 44419 | Vaults:5 | 44419 ||| INVOKING Finesse.
 44432 | Vaults:5 | Noticed a golden dragon
 44451 | Vaults:5 | 44451 ||| STAIRDANCE
 44467 | Vaults:5 | 44467 ||| STAIRDANCE
 44469 | Vaults:4 | 44469 ||| INVOKING Heroism.
 44485 | Vaults:4 | Killed a golden dragon
 44508 | Vaults:5 | 44508 ||| INVOKING Finesse.
 44529 | Vaults:5 | Noticed an ancient lich
 44536 | Vaults:5 | 44536 ||| Stepping ~*~*~tactically~*~*~ (hiding).
 44537 | Vaults:5 | Noticed a golden dragon
 44543 | Vaults:5 | Killed an ancient lich
 44560 | Vaults:5 | Killed a golden dragon
 44560 | Vaults:5 | Received a gift from Okawaru
 44574 | Vaults:5 | 44574 ||| INVOKING Heroism.
 44604 | Vaults:5 | Found Synneum's Armour Boutique.
 44614 | Vaults:5 | Identified the +0 leather armour of Starshine {Fly rPois
                  | MP+9 Int-5}
 44616 | Vaults:5 | Identified the +0 ring mail "Taeshis" {Harm rElec rC+
                  | Dex-5}
 44618 | Vaults:5 | 44618 ||| BUYING +3 pair of seven-league boots {Rampage+∞}
                  | (640 gold).
 44618 | Vaults:5 | Bought the +3 pair of seven-league boots {Rampage+∞} for
                  | 640 gold pieces
 44618 | Vaults:5 | Found the +3 pair of seven-league boots {Rampage+∞}
 44623 | Vaults:5 | Identified the +4 great sword of Conformity {pain, rN+
                  | Int+4}
 44625 | Vaults:5 | Identified the +7 sling "Nuty" {flame, Will+ MP+9}
 44676 | Vaults:5 | 44676 ||| INVOKING Heroism.
 44677 | Vaults:5 | 44677 ||| INVOKING Finesse.
 44688 | Vaults:5 | Noticed an ancient lich
 44689 | Vaults:5 | 44689 ||| Stepping ~*~*~tactically~*~*~ (stealth).
 44700 | Vaults:5 | Killed an ancient lich
 44700 | Vaults:5 | Received a gift from Okawaru
 44723 | Vaults:5 | Reached XP level 24. HP: 168/168 MP: 30/30
 44781 | Vaults:5 | Received a gift from Okawaru
 44811 | Vaults:5 | 44811 ||| INVOKING Heroism.
 44818 | Vaults:5 | 44818 ||| INVOKING Finesse.
 44854 | Vaults:5 | Received a gift from Okawaru
 44915 | Vaults:5 | 44915 ||| INVOKING Heroism.
 44919 | Vaults:5 | 44919 ||| Stepping ~*~*~tactically~*~*~ (hiding).
 44989 | Vaults:5 | 44989 ||| Stepping ~*~*~tactically~*~*~ (stealth).
 45076 | Vaults:5 | 45076 ||| Stepping ~*~*~tactically~*~*~ (hiding).
 45089 | Vaults:5 | Noticed a dread lich
 45089 | Vaults:5 | 45089 ||| INVOKING Heroism.
 45098 | Vaults:5 | Killed a dread lich
 45106 | Vaults:5 | 45106 ||| Stepping ~*~*~tactically~*~*~ (hiding).
 45150 | Vaults:5 | Noticed a dread lich
 45151 | Vaults:5 | 45151 ||| INVOKING Heroism.
 45160 | Vaults:5 | Killed a dread lich
 45184 | Vaults:5 | 45184 ||| Stepping ~*~*~tactically~*~*~ (hiding).
 45244 | Vaults:5 | 45244 ||| INVOKING Heroism.
 45339 | Vaults:5 | 45339 ||| INVOKING Heroism.
 45363 | Vaults:5 | Identified the +4 ring mail of Kaschik {Harm}
 45364 | Vaults:5 | Identified the +8 bardiche "Vyud" {vorpal, Str+3}
 45469 | Vaults:5 | 45469 ||| INVOKING Heroism.
 45508 | Vaults:5 | 45508 ||| Stepping ~*~*~tactically~*~*~ (hiding).
 45515 | Vaults:5 | 45515 ||| Stepping ~*~*~tactically~*~*~ (hiding).
 45530 | Vaults:5 | 45530 ||| INVOKING Heroism.
 45587 | Vaults:5 | Got a silver rune of Zot
 45629 | Vaults:5 | 45629 ||| INVOKING Heroism.
 45630 | Vaults:5 | Received a gift from Okawaru
 45649 | Vaults:5 | 45649 ||| Stepping ~*~*~tactically~*~*~ (hiding).
 45775 | Vaults:5 | 45775 ||| Stepping ~*~*~tactically~*~*~ (hiding).
 45781 | Vaults:5 | 45781 ||| INVOKING Heroism.
 45842 | Vaults:5 | Identified the +1 buckler of Impatience {rN+ Slay-2 SInv}
 45988 | Vaults:5 | 45988 ||| INVOKING Heroism.
 45999 | Vaults:5 | Reached skill level 21 in Armour
 46013 | Vaults:5 | 46013 ||| Stepping ~*~*~tactically~*~*~ (hiding).
 46045 | Vaults:5 | 46045 ||| INVOKING Heroism.
 46228 | Vaults:5 | 46228 ||| PLANNING SHOPPING SPREE
 46228 | Vaults:5 | 46228 ||| DROPPING +2 pair of boots of stealth.
 46229 | Vaults:5 | 46229 ||| DROPPING ring of see invisible.
 46565 | D:7      | 46565 ||| BUYING potion of heal wounds (70 gold).
 46565 | D:7      | Bought a potion of heal wounds for 70 gold pieces
 46565 | D:7      | 46565 ||| BUYING potion of heal wounds (70 gold).
 46565 | D:7      | Bought a potion of heal wounds for 70 gold pieces
 46565 | D:7      | 46565 ||| BUYING potion of lignification (42 gold).
 46565 | D:7      | Bought a potion of lignification for 42 gold pieces
 46565 | D:7      | 46565 ||| BUYING potion of magic (112 gold).
 46565 | D:7      | Bought a potion of magic for 112 gold pieces
 46808 | Depths:2 | 46808 ||| BUYING ring "Rocof" {Fire *Corrode rElec Int-5
                  | Slay+4} (555 gold).
 46808 | Depths:2 | Bought the ring "Rocof" {Fire *Corrode rElec Int-5 Slay+4}
                  | for 555 gold pieces
 46808 | Depths:2 | 46808 ||| PLANNING ZOT:1-4
 46895 | Zot:1    | Entered Level 1 of the Realm of Zot
 46896 | Zot:1    | 46896 ||| INVOKING Heroism.
 46910 | Zot:1    | Received a gift from Okawaru
 47009 | Zot:1    | 47009 ||| Stepping ~*~*~tactically~*~*~ (hiding).
 47029 | Zot:1    | 47029 ||| INVOKING Heroism.
 47151 | Zot:1    | 47151 ||| Stepping ~*~*~tactically~*~*~ (hiding).
 47152 | Zot:1    | 47152 ||| Stepping ~*~*~tactically~*~*~ (stealth).
 47293 | Zot:1    | 47293 ||| Stepping ~*~*~tactically~*~*~ (hiding).
 47351 | Zot:1    | 47351 ||| INVOKING Heroism.
 47357 | Zot:1    | Identified the +6 war axe "Jatun" {flame, rC+ Int-2 Dex+6}
                  | (Okawaru gifted it to you on level 1 of the Realm of Zot)
 47357 | Zot:1    | Received a gift from Okawaru
 47378 | Zot:1    | 47378 ||| Stepping ~*~*~tactically~*~*~ (hiding).
 47395 | Zot:1    | 47395 ||| Stepping ~*~*~tactically~*~*~ (stealth).
 47399 | Zot:1    | 47399 ||| Stepping ~*~*~tactically~*~*~ (hiding).
 47401 | Zot:1    | 47401 ||| Stepping ~*~*~tactically~*~*~ (hiding).
 47406 | Zot:1    | 47406 ||| Stepping ~*~*~tactically~*~*~ (hiding).
 47409 | Zot:1    | 47409 ||| Stepping ~*~*~tactically~*~*~ (hiding).
 47410 | Zot:1    | 47410 ||| Stepping ~*~*~tactically~*~*~ (hiding).
 47415 | Zot:1    | 47415 ||| INVOKING Heroism.
 47457 | Zot:1    | Found the +4 dragonskin cloak
 47457 | Zot:1    | Noticed Tiamat
 47458 | Zot:1    | 47458 ||| INVOKING Heroism.
 47459 | Zot:1    | 47459 ||| INVOKING Finesse.
 47514 | Zot:1    | Reached XP level 25. HP: 176/176 MP: 30/30
 47520 | Zot:1    | Killed Tiamat
 47523 | Zot:1    | 47523 ||| Stepping ~*~*~tactically~*~*~ (hiding).
 47542 | Zot:1    | 47542 ||| Stepping ~*~*~tactically~*~*~ (hiding).
 47830 | Zot:1    | 47830 ||| Stepping ~*~*~tactically~*~*~ (hiding).
 47834 | Zot:1    | 47834 ||| INVOKING Heroism.
 47965 | Zot:1    | 47965 ||| INVOKING Heroism.
 47977 | Zot:1    | Reached skill level 12 in Dodging
 48116 | Zot:1    | 48116 ||| UPGRADING to scarf of resistance.
 48126 | Zot:1    | 48126 ||| DROPPING +2 cloak of stealth.
 48127 | Zot:1    | 48127 ||| UPGRADING to +4 dragonskin cloak.
 48379 | Zot:2    | 48379 ||| INVOKING Heroism.
 48386 | Zot:2    | Identified the +1 storm dragon scales of Sin {rElec rCorr
                  | Int+2 Dex-5} (Okawaru gifted it to you on level 2 of the
                  | Realm of Zot)
 48386 | Zot:2    | Received a gift from Okawaru
 48577 | Zot:2    | 48577 ||| INVOKING Heroism.
 48782 | Zot:2    | Identified the +1 plate armour of Ivuxeew {Harm Fly Str+3}
 48801 | Zot:2    | 48801 ||| Stepping ~*~*~tactically~*~*~ (hiding).
 48802 | Zot:2    | 48802 ||| Stepping ~*~*~tactically~*~*~ (hiding).
 48805 | Zot:2    | 48805 ||| INVOKING Heroism.
 48951 | Zot:2    | Noticed a Killer Klown
 48952 | Zot:2    | 48952 ||| Stepping ~*~*~tactically~*~*~ (hiding).
 48955 | Zot:2    | 48955 ||| Stepping ~*~*~tactically~*~*~ (hiding).
 48956 | Zot:2    | 48956 ||| INVOKING Heroism.
 48957 | Zot:2    | 48957 ||| Stepping ~*~*~tactically~*~*~ (hiding).
 48958 | Zot:2    | 48958 ||| INVOKING Finesse.
 48976 | Zot:2    | 48976 ||| Stepping ~*~*~tactically~*~*~ (hiding).
 48977 | Zot:2    | 48977 ||| Stepping ~*~*~tactically~*~*~ (hiding).
 48980 | Zot:2    | 48980 ||| Stepping ~*~*~tactically~*~*~ (hiding).
 48981 | Zot:2    | 48981 ||| Stepping ~*~*~tactically~*~*~ (hiding).
 48982 | Zot:2    | 48982 ||| Stepping ~*~*~tactically~*~*~ (hiding).
 48983 | Zot:2    | 48983 ||| Stepping ~*~*~tactically~*~*~ (hiding).
 48989 | Zot:2    | Killed a Killer Klown
 49135 | Zot:2    | Identified the amulet "Qiosem" {rF++ Will+ Regen+}
 49150 | Zot:2    | 49150 ||| INVOKING Heroism.
 49158 | Zot:2    | Reached skill level 24 in Fighting
 49417 | Zot:2    | 49417 ||| INVOKING Heroism.
 49693 | Zot:2    | 49693 ||| DROPPING +1 plate armour of Ivuxeew {Harm Fly
                  | Str+3}.
 49694 | Zot:2    | 49694 ||| UPGRADING to amulet "Qiosem" {rF++ Will+ Regen+}.
 49704 | Zot:2    | 49704 ||| UPGRADING to +3 pair of seven-league boots
                  | {Rampage+∞}.
 49740 | Zot:3    | 49740 ||| INVOKING Heroism.
 49773 | Zot:3    | 49773 ||| Stepping ~*~*~tactically~*~*~ (hiding).
 49776 | Zot:3    | 49776 ||| Stepping ~*~*~tactically~*~*~ (hiding).
 49824 | Zot:3    | 49824 ||| INVOKING Heroism.
 49853 | Zot:3    | 49853 ||| Stepping ~*~*~tactically~*~*~ (hiding).
 49855 | Zot:3    | 49855 ||| Stepping ~*~*~tactically~*~*~ (hiding).
 49858 | Zot:3    | 49858 ||| Stepping ~*~*~tactically~*~*~ (hiding).
 49859 | Zot:3    | 49859 ||| Stepping ~*~*~tactically~*~*~ (stealth).
 49860 | Zot:3    | 49860 ||| INVOKING Heroism.
 49938 | Zot:3    | 49938 ||| INVOKING Heroism.
 50071 | Zot:3    | Found a transporter.
 50072 | Zot:3    | 50072 ||| INVOKING Heroism.
 50117 | Zot:3    | Found a transporter.
 50145 | Zot:3    | Found a transporter.
 50168 | Zot:3    | Found a transporter.
 50169 | Zot:3    | 50169 ||| DROPPING +4 plate armour.
 50170 | Zot:3    | 50170 ||| READING 10 scrolls of teleportation.
 50208 | Zot:3    | 50208 ||| READING 9 scrolls of teleportation.
 50234 | Zot:3    | 50234 ||| Stepping ~*~*~tactically~*~*~ (hiding).
 50235 | Zot:3    | 50235 ||| Stepping ~*~*~tactically~*~*~ (hiding).
 50237 | Zot:3    | 50237 ||| Stepping ~*~*~tactically~*~*~ (hiding).
 50630 | Zot:4    | 50630 ||| Stepping ~*~*~tactically~*~*~ (hiding).
 50635 | Zot:4    | 50635 ||| INVOKING Heroism.
 50907 | Zot:4    | 50907 ||| INVOKING Heroism.
 51194 | Zot:4    | 51194 ||| Stepping ~*~*~tactically~*~*~ (stealth).
 51333 | Zot:4    | 51333 ||| INVOKING Heroism.
 51472 | Zot:4    | 51472 ||| PLANNING THE SHINING ONE WORSHIP
 51472 | Zot:4    | 51472 ||| READING scroll labelled ICUATU MARHEU.
 51472 | Zot:4    | Identified a scroll of acquirement
 51472 | Zot:4    | 51472 ||| ACQUIRING 786 gold pieces
 51472 | Zot:4    | Acquired 786 gold pieces
 51474 | Zot:4    | 51474 ||| DROPPING scroll of summoning.
 51872 | Temple   | Fell from the grace of Okawaru
 51872 | Temple   | Became a worshipper of the Shining One
 51873 | Temple   | 51873 ||| PLANNING CRYPT
 51873 | Temple   | 51873 ||| SWAPPING to +6 war axe "Jatun" {flame, rC+ Int-2
                  | Dex+6}.
 52172 | Crypt:1  | Entered Level 1 of the Crypt
 52349 | Crypt:1  | 52349 ||| Stepping ~*~*~tactically~*~*~ (stealth).
 52354 | Crypt:1  | Reached * piety under the Shining One
 52355 | Crypt:1  | 52355 ||| Stepping ~*~*~tactically~*~*~ (stealth).
 52356 | Crypt:1  | 52356 ||| Stepping ~*~*~tactically~*~*~ (stealth).
 52430 | Crypt:1  | 52430 ||| Stepping ~*~*~tactically~*~*~ (hiding).
 52455 | Crypt:1  | 52455 ||| Stepping ~*~*~tactically~*~*~ (hiding).
 52456 | Crypt:1  | 52456 ||| Stepping ~*~*~tactically~*~*~ (hiding).
 52457 | Crypt:1  | 52457 ||| Stepping ~*~*~tactically~*~*~ (hiding).
 52459 | Crypt:1  | 52459 ||| Stepping ~*~*~tactically~*~*~ (hiding).
 52460 | Crypt:1  | 52460 ||| Stepping ~*~*~tactically~*~*~ (hiding).
 52461 | Crypt:1  | 52461 ||| Stepping ~*~*~tactically~*~*~ (hiding).
 52461 | Crypt:1  | Noticed Sojobo
 52476 | Crypt:1  | Killed Sojobo
 52481 | Crypt:1  | Reached ** piety under the Shining One
 52490 | Crypt:1  | Reached XP level 26. HP: 151/184 MP: 31/31
 52679 | Crypt:1  | Reached *** piety under the Shining One
 52823 | Crypt:1  | Reached skill level 12 in Invocations
 53026 | Crypt:2  | Reached **** piety under the Shining One
 53066 | Crypt:2  | Reached ***** piety under the Shining One
 53266 | Crypt:2  | 53266 ||| Stepping ~*~*~tactically~*~*~ (stealth).
 53310 | Crypt:2  | 53310 ||| Stepping ~*~*~tactically~*~*~ (stealth).
 53347 | Crypt:2  | 53347 ||| Stepping ~*~*~tactically~*~*~ (hiding).
 53349 | Crypt:2  | 53349 ||| Stepping ~*~*~tactically~*~*~ (hiding).
 53350 | Crypt:2  | 53350 ||| Stepping ~*~*~tactically~*~*~ (hiding).
 53553 | Crypt:2  | Noticed an ancient lich
 53554 | Crypt:2  | 53554 ||| INVOKING Summon Divine Warrior.
 53556 | Crypt:2  | 53556 ||| INVOKING Summon Divine Warrior.
 53563 | Crypt:2  | Killed an ancient lich
 53711 | Crypt:2  | 53711 ||| DROPPING amulet of reflection.
 53745 | Crypt:3  | Entered Level 3 of the Crypt
 53746 | Crypt:3  | 53746 ||| Stepping ~*~*~tactically~*~*~ (hiding).
 53746 | Crypt:3  | Noticed Jory
 53758 | Crypt:3  | Killed Jory
 53826 | Crypt:3  | Found a staircase to the Tomb.
 53849 | Crypt:3  | Reached ****** piety under the Shining One
 53852 | Crypt:3  | 53852 ||| INVOKING Cleansing Flame.
 53853 | Crypt:3  | 53853 ||| INVOKING Cleansing Flame.
 53854 | Crypt:3  | 53854 ||| INVOKING Cleansing Flame.
 53859 | Crypt:3  | 53859 ||| INVOKING Cleansing Flame.
 53862 | Crypt:3  | 53862 ||| INVOKING Cleansing Flame.
 53864 | Crypt:3  | Reached skill level 15 in Invocations
 53888 | Crypt:3  | 53888 ||| Stepping ~*~*~tactically~*~*~ (stealth).
 53900 | Crypt:3  | 53900 ||| INVOKING Brand Weapon With Holy Wrath.
 53900 | Crypt:3  | Identified a +4 broad axe of holy wrath (a +2 vampiric
                  | broad axe blessed by the Shining One)
 53900 | Crypt:3  | Received a gift from the Shining One
 53901 | Crypt:3  | 53901 ||| SWAPPING to +4 broad axe of holy wrath.
 53902 | Crypt:3  | 53902 ||| READING scroll of enchant weapon.
 53902 | Crypt:3  | 53902 ||| ENCHANTING +4 broad axe of holy wrath.
 53926 | Crypt:3  | 53926 ||| SWAPPING to +6 war axe "Jatun" {flame, rC+ Int-2
                  | Dex+6}.
 54346 | Crypt:3  | 54346 ||| Stepping ~*~*~tactically~*~*~ (stealth).
 54347 | Crypt:3  | 54347 ||| Stepping ~*~*~tactically~*~*~ (stealth).
 54488 | Crypt:3  | Noticed a royal mummy
 54489 | Crypt:3  | 54489 ||| INVOKING Summon Divine Warrior.
 54497 | Crypt:3  | 54497 ||| INVOKING Cleansing Flame.
 54504 | Crypt:3  | 54504 ||| INVOKING Cleansing Flame.
 54506 | Crypt:3  | Killed a royal mummy
 54526 | Crypt:3  | 54526 ||| INVOKING Cleansing Flame.
 54796 | Crypt:3  | Found the +9 staff of Olgreb {rPois∞}
 54800 | Crypt:3  | Identified the amulet "Saziosch" {Faith Int+4 Stlth-}
 55230 | Crypt:3  | 55230 ||| PLANNING TOMB
 55230 | Crypt:3  | 55230 ||| SWAPPING to +5 broad axe of holy wrath.
 55231 | Crypt:3  | 55231 ||| DROPPING +6 crystal plate armour of Incorporation
                  | {*Slow rN+++ Str-5 Int+4}.
 55232 | Crypt:3  | 55232 ||| DROPPING amulet "Saziosch" {Faith Int+4 Stlth-}.
 55257 | Tomb:1   | Entered Level 1 of the Tomb of the Ancients
 55445 | Tomb:1   | 55445 ||| INVOKING Cleansing Flame.
 55723 | Tomb:1   | Reached skill level 18 in Invocations
 55750 | Tomb:1   | Noticed a royal mummy
 55751 | Tomb:1   | 55751 ||| INVOKING Summon Divine Warrior.
 55751 | Tomb:1   | Identified the +6 tower shield "Ifautueseo" {Rampage Str+3}
 55754 | Tomb:1   | 55754 ||| INVOKING Cleansing Flame.
 55756 | Tomb:1   | Killed a royal mummy
 55760 | Tomb:1   | Reached XP level 27. HP: 180/190 MP: 35/36
 55763 | Tomb:1   | Noticed a royal mummy
 55763 | Tomb:1   | Noticed a royal mummy
 55764 | Tomb:1   | 55764 ||| INVOKING Summon Divine Warrior.
 55769 | Tomb:1   | 55769 ||| INVOKING Cleansing Flame.
 55770 | Tomb:1   | 55770 ||| INVOKING Cleansing Flame.
 55772 | Tomb:1   | 55772 ||| INVOKING Cleansing Flame.
 55773 | Tomb:1   | 55773 ||| INVOKING Cleansing Flame.
 55776 | Tomb:1   | Killed a royal mummy
 55777 | Tomb:1   | Killed a royal mummy
 55785 | Tomb:1   | 55785 ||| INVOKING Cleansing Flame.
 55791 | Tomb:1   | 55791 ||| INVOKING Cleansing Flame.
 56070 | Tomb:2   | 56070 ||| DRINKING 8 potions of haste.
 56070 | Tomb:2   | Noticed a royal mummy
 56071 | Tomb:2   | 56071 ||| DRINKING 8 potions of attraction.
 56072 | Tomb:2   | 56072 ||| INVOKING Summon Divine Warrior.
 56073 | Tomb:2   | 56073 ||| INVOKING Cleansing Flame.
 56079 | Tomb:2   | Killed a royal mummy
 56079 | Tomb:2   | Noticed a royal mummy
 56082 | Tomb:2   | 56082 ||| INVOKING Cleansing Flame.
 56082 | Tomb:2   | Noticed a royal mummy
 56083 | Tomb:2   | 56083 ||| INVOKING Cleansing Flame.
 56085 | Tomb:2   | Killed a royal mummy
 56087 | Tomb:2   | Killed a royal mummy
 56095 | Tomb:2   | Noticed a royal mummy
 56103 | Tomb:2   | 56103 ||| INVOKING Cleansing Flame.
 56104 | Tomb:2   | 56104 ||| INVOKING Cleansing Flame.
 56109 | Tomb:2   | Killed a royal mummy
 56110 | Tomb:2   | 56110 ||| INVOKING Cleansing Flame.
 56111 | Tomb:2   | 56111 ||| INVOKING Cleansing Flame.
 56207 | Tomb:2   | 56207 ||| INVOKING Cleansing Flame.
 56312 | Tomb:2   | Was forgiven by Okawaru
 56592 | Tomb:1   | 56592 ||| Stepping ~*~*~tactically~*~*~ (stealth).
 56593 | Tomb:1   | Noticed a royal mummy
 56593 | Tomb:1   | Noticed a royal mummy
 56594 | Tomb:1   | 56594 ||| Stepping ~*~*~tactically~*~*~ (hiding).
 56595 | Tomb:1   | Noticed a royal mummy
 56596 | Tomb:1   | 56596 ||| Stepping ~*~*~tactically~*~*~ (stealth).
 56597 | Tomb:1   | 56597 ||| Stepping ~*~*~tactically~*~*~ (hiding).
 56598 | Tomb:1   | 56598 ||| INVOKING Summon Divine Warrior.
 56600 | Tomb:1   | 56600 ||| INVOKING Cleansing Flame.
 56601 | Tomb:1   | 56601 ||| INVOKING Cleansing Flame.
 56602 | Tomb:1   | 56602 ||| INVOKING Cleansing Flame.
 56602 | Tomb:1   | Killed a royal mummy
 56603 | Tomb:1   | 56603 ||| INVOKING Cleansing Flame.
 56604 | Tomb:1   | 56604 ||| INVOKING Cleansing Flame.
 56605 | Tomb:1   | 56605 ||| INVOKING Cleansing Flame.
 56605 | Tomb:1   | Killed a royal mummy
 56606 | Tomb:1   | Noticed a royal mummy
 56606 | Tomb:1   | Noticed a royal mummy
 56606 | Tomb:1   | Noticed a royal mummy
 56606 | Tomb:1   | Noticed a royal mummy
 56613 | Tomb:1   | Killed a royal mummy
 56614 | Tomb:1   | Killed a royal mummy
 56615 | Tomb:1   | 56615 ||| INVOKING Cleansing Flame.
 56616 | Tomb:1   | 56616 ||| DRINKING 5 potions of magic.
 56617 | Tomb:1   | 56617 ||| INVOKING Cleansing Flame.
 56617 | Tomb:1   | Killed a royal mummy
 56618 | Tomb:1   | Reached skill level 21 in Invocations
 56618 | Tomb:1   | 56618 ||| INVOKING Cleansing Flame.
 56619 | Tomb:1   | 56619 ||| INVOKING Cleansing Flame.
 56620 | Tomb:1   | 56620 ||| INVOKING Cleansing Flame.
 56620 | Tomb:1   | Killed a royal mummy
 56622 | Tomb:1   | 56622 ||| INVOKING Cleansing Flame.
 56623 | Tomb:1   | 56623 ||| DRINKING 4 potions of magic.
 56624 | Tomb:1   | 56624 ||| INVOKING Cleansing Flame.
 56625 | Tomb:1   | 56625 ||| INVOKING Cleansing Flame.
 56630 | Tomb:1   | 56630 ||| INVOKING Cleansing Flame.
 56631 | Tomb:1   | 56631 ||| INVOKING Cleansing Flame.
 56631 | Tomb:1   | Killed a royal mummy
 56783 | Tomb:1   | Noticed a royal mummy
 56787 | Tomb:1   | Noticed a royal mummy
 56789 | Tomb:1   | Killed a royal mummy
 56790 | Tomb:1   | 56790 ||| INVOKING Cleansing Flame.
 56791 | Tomb:1   | 56791 ||| INVOKING Cleansing Flame.
 56792 | Tomb:1   | 56792 ||| INVOKING Cleansing Flame.
 56792 | Tomb:1   | Killed a royal mummy
 56850 | Tomb:1   | Noticed a royal mummy
 56852 | Tomb:1   | Noticed a royal mummy
 56862 | Tomb:1   | Killed a royal mummy
 56868 | Tomb:1   | Killed a royal mummy
 56928 | Tomb:1   | Noticed a royal mummy
 56929 | Tomb:1   | 56929 ||| Stepping ~*~*~tactically~*~*~ (stealth).
 56930 | Tomb:1   | Noticed a royal mummy
 56931 | Tomb:1   | 56931 ||| Stepping ~*~*~tactically~*~*~ (hiding).
 56932 | Tomb:1   | 56932 ||| Stepping ~*~*~tactically~*~*~ (hiding).
 56937 | Tomb:1   | 56937 ||| Stepping ~*~*~tactically~*~*~ (stealth).
 56938 | Tomb:1   | 56938 ||| INVOKING Summon Divine Warrior.
 56939 | Tomb:1   | Noticed a royal mummy
 56945 | Tomb:1   | Killed a royal mummy
 56946 | Tomb:1   | 56946 ||| INVOKING Cleansing Flame.
 56947 | Tomb:1   | 56947 ||| INVOKING Cleansing Flame.
 56948 | Tomb:1   | 56948 ||| INVOKING Cleansing Flame.
 56949 | Tomb:1   | 56949 ||| INVOKING Cleansing Flame.
 56950 | Tomb:1   | 56950 ||| INVOKING Cleansing Flame.
 56950 | Tomb:1   | Killed a royal mummy
 56951 | Tomb:1   | 56951 ||| INVOKING Cleansing Flame.
 56952 | Tomb:1   | 56952 ||| INVOKING Cleansing Flame.
 56953 | Tomb:1   | 56953 ||| DRINKING 3 potions of magic.
 56954 | Tomb:1   | 56954 ||| INVOKING Cleansing Flame.
 56959 | Tomb:1   | 56959 ||| INVOKING Cleansing Flame.
 56960 | Tomb:1   | 56960 ||| INVOKING Cleansing Flame.
 56961 | Tomb:1   | 56961 ||| INVOKING Cleansing Flame.
 56961 | Tomb:1   | Killed a royal mummy
 59923 | Tomb:2   | 59923 ||| INVOKING Cleansing Flame.
 59924 | Tomb:2   | 59924 ||| INVOKING Cleansing Flame.
 59937 | Tomb:2   | 59937 ||| INVOKING Cleansing Flame.
 60110 | Tomb:3   | Entered Level 3 of the Tomb of the Ancients
 60111 | Tomb:3   | 60111 ||| DRINKING 8 potions of haste.
 60112 | Tomb:3   | 60112 ||| DRINKING 8 potions of attraction.
 60138 | Tomb:3   | Noticed a royal mummy
 60138 | Tomb:3   | 60138 ||| INVOKING Summon Divine Warrior.
 60141 | Tomb:3   | Noticed a royal mummy
 60142 | Tomb:3   | 60142 ||| INVOKING Cleansing Flame.
 60144 | Tomb:3   | 60144 ||| INVOKING Cleansing Flame.
 60147 | Tomb:3   | Killed a royal mummy
 60152 | Tomb:3   | Killed a royal mummy
 60154 | Tomb:3   | Noticed a royal mummy
 60159 | Tomb:3   | Noticed a royal mummy
 60165 | Tomb:3   | 60165 ||| INVOKING Cleansing Flame.
 60170 | Tomb:3   | Killed a royal mummy
 60171 | Tomb:3   | 60171 ||| INVOKING Cleansing Flame.
 60172 | Tomb:3   | 60172 ||| INVOKING Cleansing Flame.
 60173 | Tomb:3   | 60173 ||| INVOKING Cleansing Flame.
 60174 | Tomb:3   | 60174 ||| INVOKING Cleansing Flame.
 60174 | Tomb:3   | Killed a royal mummy
 60176 | Tomb:3   | 60176 ||| INVOKING Cleansing Flame.
 60178 | Tomb:3   | 60178 ||| INVOKING Cleansing Flame.
 60178 | Tomb:3   | HP: 39/190 [mummy priest/divine providence (11)]
 60179 | Tomb:3   | 60179 ||| READING 13 scrolls of teleportation.
 60180 | Tomb:3   | 60180 ||| DRINKING 12 potions of heal wounds.
 60191 | Tomb:3   | 60191 ||| INVOKING Summon Divine Warrior.
 60195 | Tomb:3   | Reached skill level 24 in Invocations
 60201 | Tomb:3   | 60201 ||| INVOKING Cleansing Flame.
 60213 | Tomb:3   | 60213 ||| INVOKING Cleansing Flame.
 60214 | Tomb:3   | 60214 ||| INVOKING Cleansing Flame.
 60221 | Tomb:3   | Noticed a royal mummy
 60226 | Tomb:3   | 60226 ||| INVOKING Cleansing Flame.
 60226 | Tomb:3   | Noticed a royal mummy
 60227 | Tomb:3   | 60227 ||| INVOKING Cleansing Flame.
 60227 | Tomb:3   | Killed a royal mummy
 60230 | Tomb:3   | Noticed a royal mummy
 60232 | Tomb:3   | Noticed a royal mummy
 60232 | Tomb:3   | Killed a royal mummy
 60233 | Tomb:3   | 60233 ||| INVOKING Cleansing Flame.
 60234 | Tomb:3   | 60234 ||| INVOKING Cleansing Flame.
 60235 | Tomb:3   | 60235 ||| DRINKING 2 potions of magic.
 60235 | Tomb:3   | Killed a royal mummy
 60240 | Tomb:3   | Killed a royal mummy
 60344 | Tomb:3   | Got a golden rune of Zot
 60669 | Tomb:3   | Identified the ring "Asavvos" {AC+4 Int+5}
 60690 | Tomb:3   | Identified the +8 whip of Calculation {venom, rElec rN+
                  | rCorr Dex-3}
 60701 | Tomb:3   | Identified the +4 war axe "Luasoph" {holy, Str+4}
 60703 | Tomb:3   | 60703 ||| DROPPING +4 war axe "Luasoph" {holy, Str+4}.
 60724 | Tomb:3   | 60724 ||| PLANNING PAN
 60724 | Tomb:3   | 60724 ||| DROPPING ring "Asavvos" {AC+4 Int+5}.
 60725 | Tomb:3   | 60725 ||| DROPPING +4 ring of evasion.
 61138 | Pan      | Entered Pandemonium
 61162 | Pan      | 61162 ||| Stepping ~*~*~tactically~*~*~ (hiding).
 61163 | Pan      | 61163 ||| INVOKING Summon Divine Warrior.
 61164 | Pan      | 61164 ||| INVOKING Cleansing Flame.
 61214 | Pan      | 61214 ||| INVOKING Cleansing Flame.
 61232 | Pan      | Found an exit through the horrors of the Abyss.
 61537 | Pan      | Noticed Zuogejampom the pandemonium lord
 61540 | Pan      | 61540 ||| Stepping ~*~*~tactically~*~*~ (cloud).
 61542 | Pan      | 61542 ||| Stepping ~*~*~tactically~*~*~ (cloud).
 61548 | Pan      | 61548 ||| Stepping ~*~*~tactically~*~*~ (cloud).
 61572 | Pan      | 61572 ||| Stepping ~*~*~tactically~*~*~ (hiding).
 61595 | Pan      | 61595 ||| Stepping ~*~*~tactically~*~*~ (hiding).
 61615 | Pan      | 61615 ||| Stepping ~*~*~tactically~*~*~ (hiding).
 61713 | Pan      | 61713 ||| Stepping ~*~*~tactically~*~*~ (stealth).
 61715 | Pan      | 61715 ||| INVOKING Summon Divine Warrior.
 61717 | Pan      | 61717 ||| Stepping ~*~*~tactically~*~*~ (cloud).
 61720 | Pan      | 61720 ||| Stepping ~*~*~tactically~*~*~ (cloud).
 61721 | Pan      | 61721 ||| INVOKING Cleansing Flame.
 61722 | Pan      | 61722 ||| INVOKING Cleansing Flame.
 61723 | Pan      | 61723 ||| INVOKING Cleansing Flame.
 61724 | Pan      | 61724 ||| Stepping ~*~*~tactically~*~*~ (cloud).
 61731 | Pan      | 61731 ||| Stepping ~*~*~tactically~*~*~ (cloud).
 61737 | Pan      | 61737 ||| Stepping ~*~*~tactically~*~*~ (cloud).
 61738 | Pan      | 61738 ||| Stepping ~*~*~tactically~*~*~ (cloud).
 61742 | Pan      | 61742 ||| Stepping ~*~*~tactically~*~*~ (cloud).
 61744 | Pan      | 61744 ||| Stepping randomly (cloudy).
 61746 | Pan      | 61746 ||| Stepping ~*~*~tactically~*~*~ (cloud).
 61748 | Pan      | 61748 ||| Stepping ~*~*~tactically~*~*~ (cloud).
 61751 | Pan      | 61751 ||| Stepping ~*~*~tactically~*~*~ (cloud).
 61752 | Pan      | 61752 ||| Stepping ~*~*~tactically~*~*~ (cloud).
 61756 | Pan      | 61756 ||| Stepping ~*~*~tactically~*~*~ (cloud).
 61759 | Pan      | 61759 ||| Stepping ~*~*~tactically~*~*~ (cloud).
 61808 | Pan      | 61808 ||| INVOKING Summon Divine Warrior.
 61811 | Pan      | 61811 ||| Stepping ~*~*~tactically~*~*~ (cloud).
 61812 | Pan      | 61812 ||| INVOKING Cleansing Flame.
 61813 | Pan      | 61813 ||| Stepping ~*~*~tactically~*~*~ (cloud).
 61814 | Pan      | 61814 ||| Stepping ~*~*~tactically~*~*~ (cloud).
 61819 | Pan      | 61819 ||| Stepping ~*~*~tactically~*~*~ (cloud).
 61820 | Pan      | 61820 ||| INVOKING Summon Divine Warrior.
 61825 | Pan      | 61825 ||| INVOKING Cleansing Flame.
 61826 | Pan      | 61826 ||| Stepping ~*~*~tactically~*~*~ (cloud).
 61828 | Pan      | 61828 ||| Stepping ~*~*~tactically~*~*~ (cloud).
 61829 | Pan      | 61829 ||| INVOKING Cleansing Flame.
 61831 | Pan      | 61831 ||| INVOKING Cleansing Flame.
 61831 | Pan      | Killed Zuogejampom the pandemonium lord
 61906 | Pan      | Got a demonic rune of Zot
 61926 | Pan      | 61926 ||| INVOKING Cleansing Flame.
 61953 | Pan      | 61953 ||| Stepping ~*~*~tactically~*~*~ (hiding).
 61954 | Pan      | 61954 ||| Stepping ~*~*~tactically~*~*~ (hiding).
 61956 | Pan      | 61956 ||| INVOKING Summon Divine Warrior.
 61958 | Pan      | 61958 ||| INVOKING Summon Divine Warrior.
 61963 | Pan      | 61963 ||| INVOKING Cleansing Flame.
 61965 | Pan      | Noticed Gewn the pandemonium lord
 61970 | Pan      | 61970 ||| INVOKING Cleansing Flame.
 61970 | Pan      | Killed Gewn the pandemonium lord
 62002 | Pan      | 62002 ||| INVOKING Cleansing Flame.
 62003 | Pan      | 62003 ||| INVOKING Cleansing Flame.
 62005 | Pan      | 62005 ||| INVOKING Cleansing Flame.
 62006 | Pan      | 62006 ||| INVOKING Cleansing Flame.
 62020 | Pan      | 62020 ||| INVOKING Cleansing Flame.
 62021 | Pan      | 62021 ||| INVOKING Cleansing Flame.
 62028 | Pan      | 62028 ||| INVOKING Cleansing Flame.
 62029 | Pan      | 62029 ||| INVOKING Cleansing Flame.
 62045 | Depths:2 | Escaped Pandemonium
 62047 | Pan      | Entered the realm of Cerebov.
 62047 | Pan      | Entered Pandemonium
 62142 | Pan      | 62142 ||| INVOKING Summon Divine Warrior.
 62228 | Pan      | Identified the +12 rapier of Eblih {vorpal, Str+4}
 62228 | Pan      | Found the +6 sword of Cerebov {flame}
 62228 | Pan      | Noticed Cerebov
 62229 | Pan      | 62229 ||| DRINKING 8 potions of haste.
 62230 | Pan      | 62230 ||| DRINKING 12 potions of might.
 62233 | Pan      | 62233 ||| Stepping randomly (cloudy).
 62234 | Pan      | 62234 ||| Stepping randomly (cloudy).
 62235 | Pan      | 62235 ||| Stepping randomly (cloudy).
 62236 | Pan      | 62236 ||| INVOKING Summon Divine Warrior.
 62238 | Pan      | 62238 ||| READING 15 scrolls of teleportation.
 62301 | Pan      | 62301 ||| DRINKING 7 potions of haste.
 62306 | Pan      | 62306 ||| DRINKING 9 potions of resistance.
 62312 | Pan      | 62312 ||| INVOKING Summon Divine Warrior.
 62323 | Pan      | Killed Cerebov
 62459 | Pan      | Got a fiery rune of Zot
 62530 | Pan      | 62530 ||| Stepping ~*~*~tactically~*~*~ (hiding).
 62567 | Pan      | 62567 ||| Stepping ~*~*~tactically~*~*~ (hiding).
 62570 | Pan      | 62570 ||| Stepping ~*~*~tactically~*~*~ (hiding).
 62574 | Pan      | Noticed Falocenwie the pandemonium lord
 62575 | Pan      | 62575 ||| INVOKING Summon Divine Warrior.
 62580 | Pan      | 62580 ||| INVOKING Cleansing Flame.
 62581 | Pan      | 62581 ||| Stepping ~*~*~tactically~*~*~ (cloud).
 62582 | Pan      | 62582 ||| INVOKING Summon Divine Warrior.
 62583 | Pan      | 62583 ||| Stepping ~*~*~tactically~*~*~ (cloud).
 62584 | Pan      | HP: 9/192 [Falocenwie the pandemonium lord/great icy blast
                  | (44)]
 62584 | Pan      | Killed Falocenwie the pandemonium lord
 62585 | Pan      | 62585 ||| Stepping ~*~*~tactically~*~*~ (cloud).
 62602 | Pan      | 62602 ||| READING 14 scrolls of teleportation.
 62605 | Pan      | 62605 ||| DRINKING 12 potions of heal wounds.
 62606 | Pan      | 62606 ||| INVOKING Summon Divine Warrior.
 62615 | Pan      | Reached skill level 27 in Invocations
 62673 | Pan      | Found an exit through the horrors of the Abyss.
 62697 | Pan      | Noticed Ushuw the pandemonium lord
 62698 | Pan      | 62698 ||| INVOKING Summon Divine Warrior.
 62700 | Abyss:2  | Cast into level 2 of the Abyss (+0 demon trident of
                  | distortion)
 62792 | Abyss:2  | 62792 ||| Stepping ~*~*~tactically~*~*~ (stealth).
 62882 | Abyss:2  | 62882 ||| Stepping ~*~*~tactically~*~*~ (stealth).
 62895 | Abyss:2  | 62895 ||| Stepping ~*~*~tactically~*~*~ (stealth).
 62978 | Abyss:2  | 62978 ||| Stepping ~*~*~tactically~*~*~ (stealth).
 62985 | Abyss:2  | 62985 ||| Stepping ~*~*~tactically~*~*~ (stealth).
 62986 | Abyss:2  | 62986 ||| Stepping ~*~*~tactically~*~*~ (stealth).
 62988 | Abyss:2  | 62988 ||| Stepping ~*~*~tactically~*~*~ (stealth).
 62989 | Abyss:2  | 62989 ||| Stepping ~*~*~tactically~*~*~ (stealth).
 62991 | Abyss:2  | 62991 ||| Stepping ~*~*~tactically~*~*~ (stealth).
 63005 | Abyss:2  | 63005 ||| Stepping ~*~*~tactically~*~*~ (stealth).
 63008 | Abyss:2  | 63008 ||| Stepping ~*~*~tactically~*~*~ (stealth).
 63211 | Abyss:2  | 63211 ||| Stepping ~*~*~tactically~*~*~ (stealth).
 63245 | Abyss:2  | 63245 ||| UPGRADING to +0 pair of gloves of Roerheny {rC-
                  | Will+ Str+3}.
 63268 | Abyss:2  | 63268 ||| Stepping ~*~*~tactically~*~*~ (hiding).
 63269 | Abyss:2  | 63269 ||| Stepping ~*~*~tactically~*~*~ (hiding).
 63280 | Abyss:2  | Gained mutation: Armour fits poorly on your strangely
                  | shaped body. [a neqoxec]
 63282 | Abyss:2  | 63282 ||| Stepping ~*~*~tactically~*~*~ (hiding).
 63283 | Abyss:2  | 63283 ||| DRINKING 17 potions of mutation.
 63283 | Abyss:2  | Lost mutation: Armour fits poorly on your strangely shaped
                  | body. [potion of mutation]
 63283 | Abyss:2  | Lost mutation: You are strong-willed. (Will+) [potion of
                  | mutation]
 63283 | Abyss:2  | Gained mutation: You are covered in fur. (AC +1) [potion of
                  | mutation]
 63284 | Abyss:2  | 63284 ||| Stepping ~*~*~tactically~*~*~ (hiding).
 63285 | Abyss:2  | 63285 ||| Stepping ~*~*~tactically~*~*~ (hiding).
 63286 | Abyss:2  | 63286 ||| UPGRADING to ring of Rupus {Ice rN+ Will+ Str+2}.
 63288 | Abyss:2  | 63288 ||| Stepping ~*~*~tactically~*~*~ (hiding).
 63289 | Abyss:2  | 63289 ||| Stepping ~*~*~tactically~*~*~ (hiding).
 63294 | Abyss:2  | 63294 ||| Stepping ~*~*~tactically~*~*~ (stealth).
 63295 | Abyss:2  | 63295 ||| UPGRADING to +0 pair of boots "Xutekhlatz"
                  | {Rampage Drain rF+ rN+ Dex+4}.
 63344 | Abyss:2  | 63344 ||| Stepping ~*~*~tactically~*~*~ (stealth).
 63345 | Abyss:2  | 63345 ||| Stepping ~*~*~tactically~*~*~ (stealth).
 63392 | Abyss:2  | 63392 ||| Stepping ~*~*~tactically~*~*~ (stealth).
 63511 | Abyss:2  | 63511 ||| Stepping ~*~*~tactically~*~*~ (hiding).
 63556 | Pan      | Escaped the Abyss
 63557 | Pan      | 63557 ||| INVOKING Summon Divine Warrior.
 63559 | Pan      | 63559 ||| INVOKING Cleansing Flame.
 63560 | Pan      | HP: 36/193 [Ushuw the pandemonium lord (26)]
 63561 | Pan      | 63561 ||| READING 13 scrolls of teleportation.
 63561 | Pan      | HP: 17/193 [+1 lajatang of distortion (3)]
 63562 | Pan      | 63562 ||| DRINKING 11 potions of heal wounds.
 63563 | Pan      | 63563 ||| DRINKING 10 potions of heal wounds.
 63564 | Pan      | 63564 ||| READING 12 scrolls of teleportation.
 63565 | Pan      | 63565 ||| DRINKING 9 potions of heal wounds.
 63614 | Pan      | 63614 ||| Stepping ~*~*~tactically~*~*~ (stealth).
 63618 | Pan      | 63618 ||| Stepping ~*~*~tactically~*~*~ (stealth).
 63619 | Pan      | 63619 ||| Stepping ~*~*~tactically~*~*~ (stealth).
 63640 | Pan      | 63640 ||| Stepping ~*~*~tactically~*~*~ (stealth).
 63641 | Pan      | 63641 ||| Stepping ~*~*~tactically~*~*~ (stealth).
 63642 | Pan      | 63642 ||| Stepping ~*~*~tactically~*~*~ (stealth).
 63644 | Pan      | 63644 ||| Stepping ~*~*~tactically~*~*~ (stealth).
 63645 | Pan      | 63645 ||| Stepping ~*~*~tactically~*~*~ (stealth).
 63646 | Pan      | Gained mutation: You occasionally lose the ability to drink
                  | potions when taking damage. [a cacodemon]
 63647 | Pan      | 63647 ||| Stepping ~*~*~tactically~*~*~ (hiding).
 63655 | Pan      | 63655 ||| Stepping ~*~*~tactically~*~*~ (hiding).
 63659 | Pan      | Gained mutation: You are occasionally teleported next to
                  | monsters. [a cacodemon]
 63661 | Pan      | 63661 ||| Stepping ~*~*~tactically~*~*~ (hiding).
 63677 | Pan      | 63677 ||| DRINKING 16 potions of mutation.
 63677 | Pan      | Lost mutation: You have large cloven feet. [potion of
                  | mutation]
 63677 | Pan      | Lost mutation: You are occasionally teleported next to
                  | monsters. [potion of mutation]
 63677 | Pan      | Lost mutation: You possess an exceptional clarity of mind.
                  | [potion of mutation]
 63677 | Pan      | Gained mutation: Your muscles are strong. (Str +4, Int/Dex
                  | -1) [potion of mutation]
 63677 | Pan      | Gained mutation: Your muscles are very strong. (Str +8,
                  | Int/Dex -2) [potion of mutation]
 63678 | Pan      | 63678 ||| DRINKING 15 potions of mutation.
 63678 | Pan      | Lost mutation: You have a pair of small horns on your head.
                  | [potion of mutation]
 63678 | Pan      | Lost mutation: You are covered in fur. (AC +1) [potion of
                  | mutation]
 63678 | Pan      | Gained mutation: You passively dampen the noise of your
                  | surroundings. [potion of mutation]
 63678 | Pan      | Gained mutation: You have supernaturally acute eyesight.
                  | (SInv) [potion of mutation]
 63678 | Pan      | Lost mutation: You passively dampen the noise of your
                  | surroundings. [potion of mutation]
 63679 | Pan      | 63679 ||| DRINKING 14 potions of mutation.
 63679 | Pan      | Lost mutation: Your muscles are very strong. (Str +8,
                  | Int/Dex -2) [potion of mutation]
 63679 | Pan      | Lost mutation: You have supernaturally acute eyesight.
                  | (SInv) [potion of mutation]
 63679 | Pan      | Lost mutation: You occasionally lose the ability to drink
                  | potions when taking damage. [potion of mutation]
 63679 | Pan      | Lost mutation: Your muscles are strong. (Str +4, Int/Dex
                  | -1) [potion of mutation]
 63679 | Pan      | Gained mutation: You have a pair of small horns on your
                  | head. [potion of mutation]
 63679 | Pan      | Gained mutation: Your spells are a little harder to cast,
                  | but a little more powerful. [potion of mutation]
 63709 | Pan      | 63709 ||| INVOKING Summon Divine Warrior.
 63712 | Pan      | 63712 ||| INVOKING Cleansing Flame.
 63735 | Pan      | 63735 ||| Stepping ~*~*~tactically~*~*~ (hiding).
 63762 | Pan      | 63762 ||| Stepping ~*~*~tactically~*~*~ (stealth).
 63859 | Depths:2 | Escaped Pandemonium
 63860 | Depths:2 | 63860 ||| UPGRADING to +0 pair of gloves of the Servitors
                  | {rPois Int-5 Dex+5 SInv}.
 63871 | Pan      | Entered Pandemonium
 63876 | Pan      | 63876 ||| INVOKING Summon Divine Warrior.
 63881 | Pan      | Noticed Regulias the pandemonium lord
 63885 | Pan      | 63885 ||| INVOKING Cleansing Flame.
 63894 | Pan      | Killed Regulias the pandemonium lord
 63899 | Pan      | 63899 ||| INVOKING Cleansing Flame.
 63900 | Pan      | 63900 ||| INVOKING Cleansing Flame.
 63901 | Pan      | 63901 ||| INVOKING Cleansing Flame.
 63915 | Pan      | 63915 ||| DRINKING 8 potions of resistance.
 63919 | Pan      | 63919 ||| INVOKING Cleansing Flame.
 63973 | Pan      | 63973 ||| Stepping randomly (cloudy).
 63974 | Pan      | 63974 ||| Stepping randomly (cloudy).
 63975 | Pan      | 63975 ||| Stepping ~*~*~tactically~*~*~ (cloud).
 64077 | Pan      | Entered the realm of Gloorx Vloq.
 64096 | Pan      | 64096 ||| Stepping ~*~*~tactically~*~*~ (stealth).
 64098 | Pan      | 64098 ||| Stepping ~*~*~tactically~*~*~ (stealth).
 64099 | Pan      | 64099 ||| Stepping ~*~*~tactically~*~*~ (stealth).
 64100 | Pan      | 64100 ||| Stepping ~*~*~tactically~*~*~ (stealth).
 64171 | Pan      | 64171 ||| Stepping ~*~*~tactically~*~*~ (stealth).
 64238 | Pan      | 64238 ||| Stepping ~*~*~tactically~*~*~ (stealth).
 64296 | Pan      | Noticed Gloorx Vloq
 64297 | Pan      | 64297 ||| INVOKING Summon Divine Warrior.
 64300 | Pan      | 64300 ||| INVOKING Cleansing Flame.
 64301 | Pan      | 64301 ||| INVOKING Cleansing Flame.
 64311 | Pan      | 64311 ||| INVOKING Cleansing Flame.
 64318 | Pan      | Killed Gloorx Vloq
 64471 | Pan      | Got a dark rune of Zot
 64558 | Pan      | Entered the realm of Lom Lobon.
 64669 | Pan      | 64669 ||| Stepping ~*~*~tactically~*~*~ (hiding).
 64908 | Pan      | 64908 ||| Stepping ~*~*~tactically~*~*~ (hiding).
 65270 | Pan      | 65270 ||| Stepping ~*~*~tactically~*~*~ (stealth).
 65301 | Pan      | 65301 ||| Stepping ~*~*~tactically~*~*~ (stealth).
 65417 | Pan      | 65417 ||| Stepping ~*~*~tactically~*~*~ (hiding).
 65668 | Pan      | Noticed Lom Lobon
 65669 | Pan      | 65669 ||| DRINKING 6 potions of haste.
 65670 | Pan      | 65670 ||| INVOKING Summon Divine Warrior.
 65671 | Pan      | 65671 ||| INVOKING Cleansing Flame.
 65672 | Pan      | 65672 ||| INVOKING Cleansing Flame.
 65673 | Pan      | 65673 ||| DRINKING 11 potions of might.
 65680 | Pan      | 65680 ||| INVOKING Summon Divine Warrior.
 65685 | Pan      | Killed Lom Lobon
 65686 | Pan      | Reached skill level 24 in Armour
 65865 | Pan      | Got a magical rune of Zot
 65915 | Pan      | Entered the realm of Mnoleg.
 66020 | Pan      | 66020 ||| Stepping ~*~*~tactically~*~*~ (hiding).
 66021 | Pan      | 66021 ||| Stepping ~*~*~tactically~*~*~ (stealth).
 66043 | Pan      | 66043 ||| Stepping ~*~*~tactically~*~*~ (hiding).
 66197 | Pan      | Gained mutation: Armour fits poorly on your strangely
                  | shaped body. [a neqoxec]
 66205 | Pan      | Lost mutation: Your spells are a little harder to cast, but
                  | a little more powerful. [a neqoxec]
 66211 | Pan      | 66211 ||| DRINKING 13 potions of mutation.
 66211 | Pan      | Lost mutation: You have a pair of small horns on your head.
                  | [potion of mutation]
 66211 | Pan      | Lost mutation: Armour fits poorly on your strangely shaped
                  | body. [potion of mutation]
 66211 | Pan      | Gained mutation: You are agile. (Dex +4, Str/Int -1)
                  | [potion of mutation]
 66211 | Pan      | Gained mutation: Your movements are slightly less
                  | encumbered by armour. (ER -2) [potion of mutation]
 66220 | Pan      | Noticed Mnoleg
 66221 | Pan      | 66221 ||| INVOKING Summon Divine Warrior.
 66221 | Pan      | Gained mutation: Your body sometimes deteriorates upon
                  | taking damage. [a neqoxec]
 66223 | Pan      | Gained mutation: Armour fits poorly on your strangely
                  | shaped body. [a neqoxec]
 66226 | Pan      | 66226 ||| INVOKING Cleansing Flame.
 66228 | Pan      | 66228 ||| INVOKING Cleansing Flame.
 66229 | Pan      | 66229 ||| INVOKING Cleansing Flame.
 66230 | Pan      | 66230 ||| INVOKING Summon Divine Warrior.
 66232 | Pan      | 66232 ||| DRINKING 7 potions of resistance.
 66233 | Pan      | 66233 ||| INVOKING Cleansing Flame.
 66233 | Pan      | Killed Mnoleg
 66286 | Pan      | 66286 ||| DRINKING 12 potions of mutation.
 66286 | Pan      | Lost mutation: You are agile. (Dex +4, Str/Int -1) [potion
                  | of mutation]
 66286 | Pan      | Lost mutation: Your body sometimes deteriorates upon taking
                  | damage. [potion of mutation]
 66286 | Pan      | Gained mutation: Your flesh is heat resistant. (rF+)
                  | [potion of mutation]
 66286 | Pan      | Lost mutation: Your flesh is heat resistant. (rF+) [potion
                  | of mutation]
 66286 | Pan      | Gained mutation: You have a pair of small horns on your
                  | head. [potion of mutation]
 66287 | Pan      | 66287 ||| DRINKING 11 potions of mutation.
 66287 | Pan      | Lost mutation: You have a pair of small horns on your head.
                  | [potion of mutation]
 66287 | Pan      | Lost mutation: Your movements are slightly less encumbered
                  | by armour. (ER -2) [potion of mutation]
 66287 | Pan      | Lost mutation: Armour fits poorly on your strangely shaped
                  | body. [potion of mutation]
 66287 | Pan      | Gained mutation: You are frail. (-10% HP) [potion of
                  | mutation]
 66287 | Pan      | Gained mutation: Your flesh is heat resistant. (rF+)
                  | [potion of mutation]
 66287 | Pan      | Gained mutation: You have a pair of small horns on your
                  | head. [potion of mutation]
 66287 | Pan      | Gained mutation: You have a pair of horns on your head.
                  | [potion of mutation]
 66288 | Pan      | 66288 ||| DRINKING 10 potions of mutation.
 66288 | Pan      | Lost mutation: You are frail. (-10% HP) [potion of
                  | mutation]
 66288 | Pan      | Lost mutation: Your flesh is heat resistant. (rF+) [potion
                  | of mutation]
 66288 | Pan      | Lost mutation: You have a pair of horns on your head.
                  | [potion of mutation]
 66288 | Pan      | Gained mutation: You occasionally shout uncontrollably at
                  | your foes. [potion of mutation]
 66288 | Pan      | Gained mutation: You have large cloven feet. [potion of
                  | mutation]
 66288 | Pan      | Gained mutation: You are agile. (Dex +4, Str/Int -1)
                  | [potion of mutation]
 66321 | Pan      | Got a glowing rune of Zot
 66486 | Pan      | Gained mutation: You are vulnerable to heat. (rF-) [a
                  | neqoxec]
 66652 | Pan      | 66652 ||| Stepping ~*~*~tactically~*~*~ (hiding).
 66686 | Pan      | 66686 ||| INVOKING Cleansing Flame.
 66698 | Pan      | 66698 ||| Stepping ~*~*~tactically~*~*~ (hiding).
 66936 | Pan      | Gained mutation: You are frail. (-10% HP) [a neqoxec]
 66941 | Pan      | 66941 ||| DRINKING 9 potions of mutation.
 66941 | Pan      | Lost mutation: You have a pair of small horns on your head.
                  | [potion of mutation]
 66941 | Pan      | Lost mutation: You have large cloven feet. [potion of
                  | mutation]
 66941 | Pan      | Lost mutation: You are frail. (-10% HP) [potion of
                  | mutation]
 66941 | Pan      | Gained mutation: You have hidden genetic potential. [potion
                  | of mutation]
 66941 | Pan      | Gained mutation: You frequently scream uncontrollably at
                  | your foes. [potion of mutation]
 66941 | Pan      | Gained mutation: You are strong-willed. (Will+) [potion of
                  | mutation]
 67211 | Pan      | 67211 ||| Stepping ~*~*~tactically~*~*~ (stealth).
 67212 | Pan      | 67212 ||| Stepping ~*~*~tactically~*~*~ (stealth).
 67241 | Pan      | 67241 ||| Stepping ~*~*~tactically~*~*~ (hiding).
 67242 | Pan      | 67242 ||| Stepping ~*~*~tactically~*~*~ (hiding).
 67271 | Pan      | 67271 ||| PLANNING SLIME:5
 67271 | Pan      | 67271 ||| UPGRADING to +1 storm dragon scales of Sin {rElec
                  | rCorr Int+2 Dex-5}.
 67281 | Pan      | 67281 ||| UPGRADING to +3 pair of seven-league boots
                  | {Rampage+∞}.
 67291 | Pan      | 67291 ||| UPGRADING to amulet of Vitality {RegenMP++
                  | Regen++}.
 67301 | Pan      | 67301 ||| DRINKING 8 potions of mutation.
 67301 | Pan      | Lost mutation: You are strong-willed. (Will+) [potion of
                  | mutation]
 67301 | Pan      | Lost mutation: You frequently scream uncontrollably at your
                  | foes. [potion of mutation]
 67301 | Pan      | Lost mutation: You are vulnerable to heat. (rF-) [potion of
                  | mutation]
 67301 | Pan      | Gained mutation: Your movements are slightly less
                  | encumbered by armour. (ER -2) [potion of mutation]
 67301 | Pan      | Was placed under penance by the Shining One
 67375 | Pan      | 67375 ||| Stepping ~*~*~tactically~*~*~ (stealth).
 67376 | Pan      | 67376 ||| Stepping ~*~*~tactically~*~*~ (stealth).
 67384 | Pan      | 67384 ||| SWAPPING to +6 war axe "Jatun" {flame, rC+ Int-2
                  | Dex+6}.
 67407 | Pan      | 67407 ||| Stepping ~*~*~tactically~*~*~ (stealth).
 67501 | Pan      | Fell from the grace of the Shining One
 67544 | Pan      | 67544 ||| Stepping ~*~*~tactically~*~*~ (hiding).
 67545 | Pan      | 67545 ||| Stepping ~*~*~tactically~*~*~ (hiding).
 67611 | Pan      | 67611 ||| Stepping ~*~*~tactically~*~*~ (stealth).
 67616 | Pan      | 67616 ||| Stepping ~*~*~tactically~*~*~ (hiding).
 67619 | Pan      | 67619 ||| Stepping ~*~*~tactically~*~*~ (hiding).
 67622 | Pan      | 67622 ||| DRINKING 6 potions of resistance.
 67636 | Pan      | 67636 ||| Stepping ~*~*~tactically~*~*~ (hiding).
 67728 | Pan      | 67728 ||| Stepping ~*~*~tactically~*~*~ (stealth).
 67729 | Pan      | 67729 ||| Stepping ~*~*~tactically~*~*~ (stealth).
 67816 | Pan      | 67816 ||| UPGRADING to +4 ring of protection.
 67818 | Pan      | 67818 ||| Stepping randomly (cloudy).
 67821 | Pan      | 67821 ||| Stepping ~*~*~tactically~*~*~ (hiding).
 67827 | Pan      | 67827 ||| Stepping randomly (cloudy).
 67828 | Pan      | 67828 ||| Stepping randomly (cloudy).
 67839 | Pan      | Noticed Kunael the pandemonium lord
 67865 | Pan      | Killed Kunael the pandemonium lord
 67915 | Pan      | 67915 ||| Stepping ~*~*~tactically~*~*~ (stealth).
 67922 | Pan      | 67922 ||| Stepping ~*~*~tactically~*~*~ (hiding).
 67925 | Pan      | 67925 ||| Stepping ~*~*~tactically~*~*~ (hiding).
 67926 | Pan      | 67926 ||| Stepping ~*~*~tactically~*~*~ (hiding).
 67947 | Pan      | Found an exit through the horrors of the Abyss.
 68001 | Pan      | 68001 ||| Stepping ~*~*~tactically~*~*~ (stealth).
 68060 | Pan      | 68060 ||| Stepping ~*~*~tactically~*~*~ (hiding).
 68237 | Pan      | 68237 ||| PLANNING OKAWARU WORSHIP
 68237 | Pan      | 68237 ||| UPGRADING to +0 gold dragon scales.
 68247 | Pan      | 68247 ||| SWAPPING to +5 broad axe of holy wrath.
 68248 | Pan      | 68248 ||| UPGRADING to +4 plate armour of Tartarus {Str+6}.
 68258 | Pan      | 68258 ||| UPGRADING to +0 pair of boots "Xutekhlatz"
                  | {Rampage Drain rF+ rN+ Dex+4}.
 68268 | Pan      | 68268 ||| UPGRADING to +0 tower shield of fire resistance.
 68278 | Pan      | 68278 ||| DROPPING +0 tower shield.
 68279 | Pan      | 68279 ||| UPGRADING to ring of the Fool {rF+ Str+6}.
 68281 | Pan      | 68281 ||| UPGRADING to +3 pair of seven-league boots
                  | {Rampage+∞}.
 68283 | Pan      | 68283 ||| Stepping ~*~*~tactically~*~*~ (stealth).
 68284 | Pan      | 68284 ||| Stepping ~*~*~tactically~*~*~ (stealth).
 68285 | Pan      | 68285 ||| UPGRADING to +3 pair of seven-league boots
                  | {Rampage+∞}.
 68294 | Pan      | 68294 ||| UPGRADING to +3 pair of seven-league boots
                  | {Rampage+∞}.
 68304 | Pan      | 68304 ||| DROPPING 2 potions of magic.
 68318 | Pan      | 68318 ||| Stepping ~*~*~tactically~*~*~ (hiding).
 68326 | Pan      | Reached skill level 1 in Evocations
 68346 | Pan      | 68346 ||| Stepping ~*~*~tactically~*~*~ (hiding).
 68375 | Pan      | 68375 ||| Stepping ~*~*~tactically~*~*~ (stealth).
 68391 | Pan      | 68391 ||| Stepping ~*~*~tactically~*~*~ (hiding).
 68420 | Pan      | Noticed Eraxigra the pandemonium lord
 68424 | Pan      | 68424 ||| Stepping ~*~*~tactically~*~*~ (cloud).
 68425 | Pan      | 68425 ||| Stepping ~*~*~tactically~*~*~ (cloud).
 68428 | Pan      | 68428 ||| Stepping ~*~*~tactically~*~*~ (cloud).
 68429 | Pan      | 68429 ||| Stepping ~*~*~tactically~*~*~ (cloud).
 68430 | Pan      | 68430 ||| Stepping ~*~*~tactically~*~*~ (cloud).
 68435 | Pan      | 68435 ||| Stepping ~*~*~tactically~*~*~ (cloud).
 68436 | Pan      | 68436 ||| Stepping ~*~*~tactically~*~*~ (cloud).
 68437 | Pan      | 68437 ||| Stepping ~*~*~tactically~*~*~ (cloud).
 68438 | Pan      | 68438 ||| Stepping ~*~*~tactically~*~*~ (cloud).
 68439 | Pan      | 68439 ||| Stepping ~*~*~tactically~*~*~ (cloud).
 68440 | Pan      | 68440 ||| Stepping ~*~*~tactically~*~*~ (cloud).
 68441 | Pan      | 68441 ||| Stepping ~*~*~tactically~*~*~ (cloud).
 68442 | Pan      | 68442 ||| Stepping ~*~*~tactically~*~*~ (cloud).
 68443 | Pan      | 68443 ||| Stepping ~*~*~tactically~*~*~ (cloud).
 68444 | Pan      | 68444 ||| Stepping ~*~*~tactically~*~*~ (cloud).
 68446 | Pan      | 68446 ||| Stepping ~*~*~tactically~*~*~ (cloud).
 68447 | Pan      | 68447 ||| Stepping ~*~*~tactically~*~*~ (cloud).
 68448 | Pan      | 68448 ||| Stepping ~*~*~tactically~*~*~ (cloud).
 68457 | Pan      | 68457 ||| Stepping ~*~*~tactically~*~*~ (cloud).
 68458 | Pan      | 68458 ||| Stepping ~*~*~tactically~*~*~ (cloud).
 68459 | Pan      | 68459 ||| Stepping ~*~*~tactically~*~*~ (cloud).
 68461 | Pan      | 68461 ||| Stepping ~*~*~tactically~*~*~ (cloud).
 68462 | Pan      | 68462 ||| Stepping ~*~*~tactically~*~*~ (cloud).
 68463 | Pan      | 68463 ||| Stepping ~*~*~tactically~*~*~ (cloud).
 68464 | Pan      | 68464 ||| Stepping ~*~*~tactically~*~*~ (cloud).
 68465 | Pan      | 68465 ||| Stepping ~*~*~tactically~*~*~ (cloud).
 68466 | Pan      | 68466 ||| Stepping ~*~*~tactically~*~*~ (cloud).
 68468 | Pan      | 68468 ||| Stepping ~*~*~tactically~*~*~ (cloud).
 68469 | Pan      | 68469 ||| Stepping ~*~*~tactically~*~*~ (cloud).
 68470 | Pan      | 68470 ||| Stepping ~*~*~tactically~*~*~ (cloud).
 68471 | Pan      | 68471 ||| Stepping ~*~*~tactically~*~*~ (cloud).
 68472 | Pan      | 68472 ||| Stepping ~*~*~tactically~*~*~ (cloud).
 68473 | Pan      | 68473 ||| Stepping ~*~*~tactically~*~*~ (cloud).
 68474 | Pan      | 68474 ||| Stepping ~*~*~tactically~*~*~ (cloud).
 68475 | Pan      | 68475 ||| Stepping ~*~*~tactically~*~*~ (cloud).
 68477 | Pan      | 68477 ||| Stepping ~*~*~tactically~*~*~ (cloud).
 68478 | Pan      | 68478 ||| Stepping ~*~*~tactically~*~*~ (cloud).
 68479 | Pan      | 68479 ||| Stepping ~*~*~tactically~*~*~ (cloud).
 68480 | Pan      | 68480 ||| Stepping ~*~*~tactically~*~*~ (cloud).
 68481 | Pan      | 68481 ||| Stepping ~*~*~tactically~*~*~ (cloud).
 68484 | Pan      | 68484 ||| Stepping ~*~*~tactically~*~*~ (cloud).
 68485 | Pan      | 68485 ||| Stepping ~*~*~tactically~*~*~ (cloud).
 68486 | Pan      | 68486 ||| Stepping ~*~*~tactically~*~*~ (cloud).
 68487 | Pan      | 68487 ||| Stepping ~*~*~tactically~*~*~ (cloud).
 68488 | Pan      | 68488 ||| Stepping ~*~*~tactically~*~*~ (hiding).
 68489 | Pan      | 68489 ||| Stepping ~*~*~tactically~*~*~ (hiding).
 68490 | Pan      | 68490 ||| Stepping ~*~*~tactically~*~*~ (cloud).
 68491 | Pan      | 68491 ||| Stepping ~*~*~tactically~*~*~ (cloud).
 68492 | Pan      | 68492 ||| Stepping ~*~*~tactically~*~*~ (cloud).
 68499 | Pan      | Killed Eraxigra the pandemonium lord
 68500 | Pan      | Reached skill level 3 in Evocations
 68575 | Pan      | Found an exit through the horrors of the Abyss.
 68592 | Pan      | 68592 ||| Stepping ~*~*~tactically~*~*~ (hiding).
 68593 | Pan      | 68593 ||| Stepping ~*~*~tactically~*~*~ (hiding).
 68650 | Pan      | 68650 ||| DRINKING 5 potions of resistance.
 69175 | Pan      | 69175 ||| Stepping ~*~*~tactically~*~*~ (stealth).
 69195 | Pan      | Noticed Umugro Fuwu the pandemonium lord
 69199 | Pan      | 69199 ||| Stepping ~*~*~tactically~*~*~ (hiding).
 69202 | Pan      | Reached skill level 27 in Fighting
 69202 | Pan      | 69202 ||| Stepping ~*~*~tactically~*~*~ (hiding).
 69214 | Pan      | Killed Umugro Fuwu the pandemonium lord
 69263 | Pan      | Found an exit through the horrors of the Abyss.
 69264 | Pan      | 69264 ||| Stepping ~*~*~tactically~*~*~ (stealth).
 69272 | Pan      | 69272 ||| Stepping ~*~*~tactically~*~*~ (stealth).
 69275 | Pan      | 69275 ||| Stepping ~*~*~tactically~*~*~ (stealth).
 69311 | Pan      | 69311 ||| Stepping ~*~*~tactically~*~*~ (stealth).
 69464 | Pan      | 69464 ||| Stepping ~*~*~tactically~*~*~ (hiding).
 69615 | Pan      | 69615 ||| Stepping ~*~*~tactically~*~*~ (stealth).
 69659 | Pan      | 69659 ||| Stepping ~*~*~tactically~*~*~ (hiding).
 69723 | Pan      | 69723 ||| Stepping ~*~*~tactically~*~*~ (hiding).
 69818 | Pan      | 69818 ||| Stepping ~*~*~tactically~*~*~ (stealth).
 69820 | Pan      | 69820 ||| Stepping ~*~*~tactically~*~*~ (hiding).
 69822 | Pan      | 69822 ||| Stepping ~*~*~tactically~*~*~ (hiding).
 69823 | Pan      | 69823 ||| Stepping ~*~*~tactically~*~*~ (hiding).
 69824 | Pan      | 69824 ||| DRINKING 4 potions of resistance.
 70035 | Pan      | 70035 ||| Stepping ~*~*~tactically~*~*~ (hiding).
 70040 | Pan      | Gained mutation: Your spells are a little easier to cast,
                  | but a little less powerful. [a neqoxec]
 70085 | Pan      | 70085 ||| Stepping ~*~*~tactically~*~*~ (stealth).
 70086 | Pan      | 70086 ||| Stepping ~*~*~tactically~*~*~ (stealth).
 70087 | Pan      | 70087 ||| Stepping ~*~*~tactically~*~*~ (stealth).
 70089 | Pan      | 70089 ||| Stepping ~*~*~tactically~*~*~ (stealth).
 70090 | Pan      | 70090 ||| Stepping ~*~*~tactically~*~*~ (stealth).
 70196 | Pan      | 70196 ||| Stepping ~*~*~tactically~*~*~ (stealth).
 70210 | Pan      | 70210 ||| READING 14 scrolls of teleportation.
 70220 | Pan      | 70220 ||| Stepping ~*~*~tactically~*~*~ (stealth).
 70222 | Pan      | 70222 ||| Stepping ~*~*~tactically~*~*~ (hiding).
 70337 | Pan      | 70337 ||| Stepping ~*~*~tactically~*~*~ (hiding).
 70427 | Pan      | 70427 ||| Stepping ~*~*~tactically~*~*~ (stealth).
 70428 | Pan      | 70428 ||| Stepping ~*~*~tactically~*~*~ (stealth).
 70449 | Depths:2 | Escaped Pandemonium
 70678 | D:6      | Became a worshipper of Warmaster Okawaru
 70679 | D:6      | 70679 ||| PLANNING SLIME:5
 70679 | D:6      | 70679 ||| SWAPPING to +6 war axe "Jatun" {flame, rC+ Int-2
                  | Dex+6}.
 70680 | D:6      | 70680 ||| UPGRADING to +1 storm dragon scales of Sin {rElec
                  | rCorr Int+2 Dex-5}.
 70690 | D:6      | 70690 ||| UPGRADING to +4 ring of protection.
 70924 | Slime:1  | Entered Level 1 of the Pits of Slime
 70926 | Slime:1  | Gained mutation: Your body sometimes deteriorates upon
                  | taking damage. [a shining eye]
 70930 | Slime:1  | 70930 ||| DRINKING 31 potions of curing.
 70930 | Slime:1  | 70930 ||| (to cure confusion)
 70937 | Slime:1  | 70937 ||| DRINKING 30 potions of curing.
 70937 | Slime:1  | 70937 ||| (to cure confusion)
 70940 | Slime:1  | 70940 ||| DRINKING 29 potions of curing.
 70940 | Slime:1  | 70940 ||| (to cure confusion)
 70945 | Slime:1  | 70945 ||| DRINKING 28 potions of curing.
 70945 | Slime:1  | 70945 ||| (to cure confusion)
 70947 | Slime:1  | 70947 ||| DRINKING 27 potions of curing.
 70947 | Slime:1  | 70947 ||| (to cure confusion)
 70971 | Slime:2  | Gained mutation: You occasionally lose the ability to drink
                  | potions when taking damage. [a shining eye]
 70972 | Slime:2  | Gained mutation: You are frail. (-10% HP) [a shining eye]
 70980 | Slime:2  | 70980 ||| DRINKING 7 potions of mutation.
 70980 | Slime:2  | Lost mutation: Your body sometimes deteriorates upon taking
                  | damage. [potion of mutation]
 70980 | Slime:2  | Lost mutation: You are agile. (Dex +4, Str/Int -1) [potion
                  | of mutation]
 70980 | Slime:2  | Gained mutation: You have a pair of small antennae on your
                  | head. [potion of mutation]
 70981 | Slime:2  | 70981 ||| DRINKING 6 potions of mutation.
 70981 | Slime:2  | Lost mutation: You occasionally shout uncontrollably at
                  | your foes. [potion of mutation]
 70981 | Slime:2  | Lost mutation: You occasionally lose the ability to drink
                  | potions when taking damage. [potion of mutation]
 70981 | Slime:2  | Gained mutation: You possess an exceptional clarity of
                  | mind. [potion of mutation]
 70982 | Slime:2  | 70982 ||| DRINKING 5 potions of mutation.
 70982 | Slime:2  | Lost mutation: You are frail. (-10% HP) [potion of
                  | mutation]
 70982 | Slime:2  | Lost mutation: You have hidden genetic potential. [potion
                  | of mutation]
 70982 | Slime:2  | Lost mutation: You have a pair of small antennae on your
                  | head. [potion of mutation]
 70982 | Slime:2  | Gained mutation: You are occasionally teleported next to
                  | monsters. [potion of mutation]
 70982 | Slime:2  | Gained mutation: You have large cloven feet. [potion of
                  | mutation]
 70992 | Slime:2  | 70992 ||| DRINKING 4 potions of mutation.
 70992 | Slime:2  | Lost mutation: You have large cloven feet. [potion of
                  | mutation]
 70992 | Slime:2  | Lost mutation: Your spells are a little easier to cast, but
                  | a little less powerful. [potion of mutation]
 70992 | Slime:2  | Gained mutation: You occasionally lose the ability to drink
                  | potions when taking damage. [potion of mutation]
 70992 | Slime:2  | Gained mutation: Your spells are a little harder to cast,
                  | but a little more powerful. [potion of mutation]
 70992 | Slime:2  | Gained mutation: You are strong-willed. (Will+) [potion of
                  | mutation]
 70993 | Slime:2  | 70993 ||| DRINKING 3 potions of mutation.
 70993 | Slime:2  | Lost mutation: You possess an exceptional clarity of mind.
                  | [potion of mutation]
 70993 | Slime:2  | Lost mutation: Your movements are slightly less encumbered
                  | by armour. (ER -2) [potion of mutation]
 70993 | Slime:2  | Gained mutation: Armour fits poorly on your strangely
                  | shaped body. [potion of mutation]
 70993 | Slime:2  | Gained mutation: Your mind is acute. (Int +4, Str/Dex -1)
                  | [potion of mutation]
 70993 | Slime:2  | Lost mutation: Armour fits poorly on your strangely shaped
                  | body. [potion of mutation]
 70993 | Slime:2  | Gained mutation: You are somewhat resistant to further
                  | mutation. [potion of mutation]
 70994 | Slime:2  | 70994 ||| DRINKING 2 potions of mutation.
 70994 | Slime:2  | Lost mutation: You are strong-willed. (Will+) [potion of
                  | mutation]
 70994 | Slime:2  | Lost mutation: You are occasionally teleported next to
                  | monsters. [potion of mutation]
 70994 | Slime:2  | Lost mutation: You are somewhat resistant to further
                  | mutation. [potion of mutation]
 70994 | Slime:2  | Gained mutation: Your magical capacity is low. (-10% MP)
                  | [potion of mutation]
 70994 | Slime:2  | Lost mutation: Your mind is acute. (Int +4, Str/Dex -1)
                  | [potion of mutation]
 70994 | Slime:2  | Gained mutation: You passively map a small area around you.
                  | [potion of mutation]
 70995 | Slime:2  | 70995 ||| DRINKING potion of mutation.
 70995 | Slime:2  | Lost mutation: You passively map a small area around you.
                  | [potion of mutation]
 70995 | Slime:2  | Lost mutation: Your spells are a little harder to cast, but
                  | a little more powerful. [potion of mutation]
 70995 | Slime:2  | Lost mutation: Your magical capacity is low. (-10% MP)
                  | [potion of mutation]
 70995 | Slime:2  | Lost mutation: You occasionally lose the ability to drink
                  | potions when taking damage. [potion of mutation]
 70995 | Slime:2  | Gained mutation: You have large cloven feet. [potion of
                  | mutation]
 70995 | Slime:2  | Gained mutation: Your mind is acute. (Int +4, Str/Dex -1)
                  | [potion of mutation]
 71005 | Slime:3  | 71005 ||| STAIRDANCE
 71027 | Slime:3  | 71027 ||| READING 13 scrolls of teleportation.
 71030 | Slime:3  | 71030 ||| Stepping randomly (stuck).
 71030 | Slime:3  | Gained mutation: You occasionally shout uncontrollably at
                  | your foes. [a shining eye]
 71032 | Slime:3  | 71032 ||| READING 12 scrolls of teleportation.
 71033 | Slime:3  | 71033 ||| Stepping randomly (stuck).
 71034 | Slime:3  | 71034 ||| Stepping randomly (stuck).
 71035 | Slime:3  | 71035 ||| Stepping randomly (stuck).
 71075 | Slime:3  | Gained mutation: You are somewhat resistant to further
                  | mutation. [a shining eye]
 71352 | Slime:3  | 71352 ||| READING 11 scrolls of teleportation.
 71355 | Slime:3  | 71355 ||| READING 10 scrolls of teleportation.
 71356 | Slime:3  | 71356 ||| Stepping randomly (stuck).
 71357 | Slime:3  | 71357 ||| Stepping randomly (stuck).
 71358 | Slime:3  | 71358 ||| READING 9 scrolls of teleportation.
 71359 | Slime:3  | 71359 ||| Stepping randomly (stuck).
 71368 | Slime:3  | 71368 ||| READING 8 scrolls of teleportation.
 71371 | Slime:3  | 71371 ||| READING 7 scrolls of teleportation.
 71372 | Slime:3  | 71372 ||| Stepping randomly (stuck).
 71373 | Slime:3  | 71373 ||| Stepping randomly (stuck).
 71385 | Slime:3  | 71385 ||| READING 6 scrolls of teleportation.
 71388 | Slime:3  | 71388 ||| READING 5 scrolls of teleportation.
 71389 | Slime:3  | 71389 ||| Stepping randomly (stuck).
 71393 | Slime:3  | 71393 ||| READING 4 scrolls of teleportation.
 71394 | Slime:3  | 71394 ||| Stepping randomly (stuck).
 71395 | Slime:3  | 71395 ||| Stepping randomly (stuck).
 71398 | Slime:3  | 71398 ||| READING 3 scrolls of teleportation.
 71399 | Slime:3  | 71399 ||| Stepping randomly (stuck).
 71402 | Slime:3  | 71402 ||| READING 2 scrolls of teleportation.
 71403 | Slime:3  | 71403 ||| Stepping randomly (stuck).
 71404 | Slime:3  | 71404 ||| Stepping randomly (stuck).
 71405 | Slime:3  | 71405 ||| Stepping randomly (stuck).
 71406 | Slime:3  | 71406 ||| READING scroll of teleportation.
 71407 | Slime:3  | 71407 ||| Stepping randomly (stuck).
 71408 | Slime:3  | 71408 ||| Stepping randomly (stuck).
 71409 | Slime:3  | 71409 ||| Stepping randomly (stuck).
 71410 | Slime:3  | 71410 ||| INVOKING Heroism.
 71417 | Slime:3  | HP: 49/199 [acid (5)]
 71419 | Slime:3  | 71419 ||| DRINKING 9 potions of heal wounds.
 71423 | Slime:3  | HP: 48/199 [acid (3)]
 71425 | Slime:3  | 71425 ||| DRINKING 8 potions of heal wounds.
 71427 | Slime:3  | 71427 ||| Stepping randomly (stuck).
 71428 | Slime:3  | 71428 ||| Stepping randomly (stuck).
 71429 | Slime:3  | 71429 ||| Stepping randomly (stuck).
 71429 | Slime:3  | HP: 44/199 [acid (9)]
 71430 | Slime:3  | 71430 ||| Stepping randomly (stuck).
 71658 | Slime:5  | Entered Level 5 of the Pits of Slime
 71677 | Slime:5  | 71677 ||| INVOKING Heroism.
 71786 | Slime:5  | 71786 ||| DRINKING 8 potions of cancellation.
 71803 | Slime:5  | 71803 ||| Stepping randomly (stuck).
 71818 | Slime:5  | 71818 ||| INVOKING Heroism.
 71871 | Slime:5  | Found a viscous altar of Jiyva.
 72022 | Slime:5  | Noticed the Royal Jelly
 72023 | Slime:5  | 72023 ||| INVOKING Heroism.
 72050 | Slime:5  | 72050 ||| DRINKING 7 potions of cancellation.
 72058 | Slime:5  | Killed the Royal Jelly
 72140 | Slime:5  | Found the +10 zealot's sword {holy, *Rage rN+ EV+3}
 72147 | Slime:5  | Identified the +5 long sword of Aryzxel {drain, Fragile
                  | rPois rF+++ Int+8}
 72149 | Slime:5  | Got a slimy rune of Zot
 72156 | Slime:5  | Identified the +8 hand axe "Fuxall Ideh" {freeze, rElec rC+
                  | Str+2 Int-4}
 72205 | Slime:5  | Identified the +2 cloak of Zeurocw {Harm *Slow Will- Dex+7}
 72439 | Slime:5  | 72439 ||| PLANNING RUNE:DIS RUNE
 72439 | Slime:5  | 72439 ||| SWAPPING to +5 broad axe of holy wrath.
 72440 | Slime:5  | 72440 ||| UPGRADING to +0 gold dragon scales.
 72450 | Slime:5  | 72450 ||| DROPPING +1 plate armour of poison resistance.
 72451 | Slime:5  | 72451 ||| UPGRADING to +4 plate armour of Tartarus {Str+6}.
 72461 | Slime:5  | 72461 ||| DROPPING +2 cloak of Zeurocw {Harm *Slow Will-
                  | Dex+7}.
 72462 | Slime:5  | 72462 ||| DROPPING +1 storm dragon scales of Sin {rElec
                  | rCorr Int+2 Dex-5}.
 72463 | Slime:5  | 72463 ||| UPGRADING to +0 pair of boots "Xutekhlatz"
                  | {Rampage Drain rF+ rN+ Dex+4}.
 72473 | Slime:5  | 72473 ||| DROPPING +1 hat of the Old and Reckless {*Slow
                  | rF- rN+++ rCorr}.
 72474 | Slime:5  | 72474 ||| DROPPING ring of resist corrosion.
 72475 | Slime:5  | 72475 ||| DROPPING ring of resist corrosion.
 72476 | Slime:5  | 72476 ||| UPGRADING to ring of Rupus {Ice rN+ Will+ Str+2}.
 72478 | Slime:5  | 72478 ||| UPGRADING to amulet "Qiosem" {rF++ Will+ Regen+}.
 72488 | Slime:5  | 72488 ||| UPGRADING to +3 pair of seven-league boots
                  | {Rampage+∞}.
 72871 | Hell     | Entered the Vestibule of Hell
 72871 | Hell     | Noticed Geryon
 72872 | Hell     | 72872 ||| Stepping ~*~*~tactically~*~*~ (hiding).
 72874 | Hell     | 72874 ||| INVOKING Heroism.
 72903 | Hell     | Noticed Murray
 72926 | Hell     | HP: 40/171 [??? (7)]
 72927 | Hell     | 72927 ||| READING scroll of teleportation.
 72928 | Hell     | 72928 ||| DRINKING 9 potions of heal wounds.
 72933 | Hell     | Found a gateway to the freezing wastes of Cocytus.
 72941 | Hell     | HP: 30/176 [blizzard demon/the air (22)]
 72942 | Hell     | 72942 ||| DRINKING 8 potions of heal wounds.
 72945 | Hell     | 72945 ||| DRINKING 7 potions of heal wounds.
 72946 | Hell     | 72946 ||| DRINKING 6 potions of heal wounds.
 72995 | Hell     | HP: 43/182 [reaper/+3 scythe of freezing (13)]
 72996 | Hell     | 72996 ||| DRINKING 5 potions of heal wounds.
 73007 | Hell     | 73007 ||| INVOKING Heroism.
 73027 | Hell     | HP: 42/183 [reaper/+3 scythe of freezing (11)]
 73028 | Hell     | 73028 ||| DRINKING 4 potions of heal wounds.
 73045 | Hell     | HP: 35/185 [reaper/+3 scythe of pain (25)]
 73046 | Hell     | 73046 ||| DRINKING 3 potions of heal wounds.
 73053 | Hell     | HP: 43/187 [??? (8)]
 73054 | Hell     | 73054 ||| DRINKING 2 potions of heal wounds.
 73062 | Hell     | HP: 45/188 [phantasmal warrior[Murray] (16)]
 73063 | Hell     | 73063 ||| DRINKING potion of heal wounds.
 73071 | Hell     | HP: 44/188 [Geryon (16)]
 73078 | Hell     | Killed Murray
 73092 | Hell     | HP: 39/191 [hell beast[Geryon] (4)]
 73097 | Hell     | HP: 23/191 [reaper/+4 scythe of protection (7)]
 73112 | Hell     | HP: 33/192 [hell beast[Geryon] (3)]
 73124 | Hell     | HP: 37/192 [Geryon (6)]
 73129 | Hell     | Killed Geryon
 73129 | Hell     | HP: 29/192 [hell hog/fireball (7)]
 73137 | Hell     | HP: 33/195 [ice statue] (2)]
 73144 | Hell     | HP: 13/195 [iron golem (23)]
 73145 | Hell     | HP: 5/195 [hell hog/fireball (9)]
 73147 | Hell     | 73147 ||| INVOKING Heroism.
 73147 | Hell     | Mangled by a reaper

Levels and vault maps discovered:
D:1:      dpeg_arrival_round_a, layout_basic
D:2:      layout_basic, dilly_ecumenical_altar_fadedgnrine,
          minmay_misc_feat_rugged, minmay_goblin_kobold_house
D:3:      layout_rooms
D:4:      layout_loops_ring, lightli_temple_of_fire, temple_green
D:5:      layout_basic, biasface_ghost_orc_armoury, kennysheep_small_circle,
          uniq_edmund
D:6:      layout_basic, okawaru_trees_2
D:7:      layout_gridville, nicolae_overflow_hidden_temple, serial_shops, shop
D:8:      layout_rooms, vehumet_crystals, regret_index_temple_of_mockery,
          lightli_church_of_beogh, uniq_psyche
D:9:      layout_loops_corners, elyvilon_altar_5,
          mainiacjoe_overflow_tiny_flanked, due_lair_maze_entry_diamond,
          serial_aquarium, aquarium_bridge_long_separate
          [aquarium_subvault_wall, aquarium_subvault_balcony,
          aquarium_subvault_bridge, aquarium_subvault_wall,
          aquarium_subvault_wall, aquarium_subvault_bridge], aquarium_window_2,
          aquarium_window_1, aquarium_window_1, aquarium_window_fake,
          aquarium_view_2c, aquarium_view_2c, aquarium_balcony_3a,
          amethyst_killhole, kennysheep_windowed_goal
D:10:     layout_stronghold, orc_0_dummy, serial_rivers,
          chequers_serial_rivers_micro_e, chequers_serial_rivers_large_a,
          chequers_serial_rivers_micro_a, chequers_serial_rivers_large_b,
          chequers_serial_rivers_micro_e, chequers_serial_rivers_marsh,
          nicolae_two_hexagons, palyth_stone_intersect, uniq_snorg
D:11:     layout_loops_ring, portal_ice_cave_entry_pillars_1,
          ebering_ghost_funeral_grove, eino_curves_01
D:12:     layout_roguey, minmay_misc_feat_square, minmay_stone_trees_medium
D:13:     kennysheep_kobold_lugonu_temple, layout_cave_pools
D:14:     layout_roguey [special_room_mythical_zoo],
          lightli_vaults_fourway_checkpoint
D:15:     grunt_enter_depths_hoard, layout_irregular_city,
          hangedman_decor_growths, grunt_decor_cap, jiyva_altar_1
Temple:   nicolae_temple_bog_church
Lair:1:   gammafunk_boulding_lane, layout_cave_pods, minivault_26,
          chequers_serial_rivers_small_3, minivault_27,
          nicolae_lair_liquid_snakes
Lair:2:   layout_regular_city, dreamdust_gnoll_shepherd, lemuel_fruit_fields,
          uniq_nergalle
Lair:3:   layout_regular_city, minmay_swamp_entry_reptiles,
          spider_nest_entry_web_field, serial_rivers,
          chequers_serial_rivers_micro_b, chequers_serial_rivers_micro_b,
          chequers_serial_rivers_micro_a, chequers_serial_rivers_micro_b
Lair:4:   layout_small_grid, minmay_holes, ldierk_geyser,
          minmay_shattered_shrine
Lair:5:   minmay_lair_end_frog_pond, layout_regular_city, slime_entry_1,
          ebering_ghost_reflecting_pool
Swamp:1:  layout_basic_swamp, nicolae_swamp_decorative_isthmus,
          infiniplex_staircase_pool_2
Swamp:2:  layout_basic_swamp, nicolae_swamp_well_well_well
Swamp:3:  layout_basic_swamp, evilmike_swamp_ruin_house_1, uniq_louise
Swamp:4:  swamp_basic_johnstein, layout_basic_swamp
Spider:1: layout_spider_delve, drop_trap, hellmonk_deceptive_appearances
Spider:2: layout_spider_delve, nicolae_spider_spiderdrome, uniq_arachne,
          uniq_frances
Spider:3: layout_spider_delve
Spider:4: grunt_spider_rune_island
Slime:1:  layout_caves
Slime:2:  layout_caves
Slime:3:  layout_caves, nicolae_slime_barrier, nicolae_slime_phagocytosis
Slime:4:  layout_caves
Slime:5
Orc:1:    layout_caves
Orc:2:    pubby_orc_utopia
Vaults:1: gammafunk_dig_for_victory, nicolae_vaults_mini_display_case,
          nicolae_vaults_circle_grid_b, vaults_room_large_hall,
          vaults_standard_mumra_enter_the_diamond,
          nicolae_vaults_little_squares_6, v_misc_2, dpeg_vaults_monster_box,
          serial_ice_b, nicolae_vaults_gold_heap, layout_vaults_omnigrid
Vaults:2: nicolae_vaults_little_squares_1, v_misc_29,
          nicolae_vaults_circle_grid_a, minmay_crypt_entry_simple_round,
          v_misc_29, hangedman_vaults_nails, vaults_dpeg_cross,
          nicolae_vaults_yaktaur_gun_rack, serial_ice_g, layout_vaults_big_room,
          serial_shops, shop, uniq_mara
Vaults:3: nicolae_vaults_big_ls, v_misc_9, hangedman_vaults_slither,
          vaults_room_boxed, hangedman_vaults_variations,
          ontoclasm_vaults_idyll, ontoclasm_vaults_hangar, v_misc_5,
          vaults_dpeg_encased_lava, layout_vaults_ring
Vaults:4: vaults_standard_mumra_x, ontoclasm_vaults_decontamination,
          nicolae_vaults_network_periphery, nicolae_vaults_quartermaster,
          hangedman_vaults_capsules, vaults_room_pool,
          ontoclasm_vaults_misaligned, ontoclasm_vaults_twist,
          nicolae_vaults_circle_grid_b, v_misc_12, vaults_room_pool, v_misc_3,
          v_misc_10, layout_vaults_omnicross, uniq_donald
Vaults:5: serial_shops
Crypt:1:  layout_gridlike, st_stairs_9, grunt_crypt_arrival_webbed, uniq_sojobo
Crypt:2:  layout_chaotic_city
Crypt:3:  due_elkab, layout_chaotic_city, small_statue_intersection, uniq_jory
Tomb:1
Tomb:2
Tomb:3
Depths:1: layout_basic, mu_enter_wizlab_2, amcnicky_mini_rare_corridor_liquid,
          lightli_too_deep, kennysheep_nondescript, minmay_multi_spiral,
          serial_bayou_shore_b, minmay_shop_star, uniq_bai_suzhen
Depths:2: ragdoll_tomb_raider, layout_basic, pan_entry, hell_entry,
          gammafunk_ghost_grave, minmay_shop_grove,
          minmay_staircase_statues_hall_small, uniq_saint_roka
Depths:3: spriggan_forest, pan_entry, abyss_entry, hell_entry, uniq_josephina
Depths:4: grunt_zot_entry_bicorn, layout_basic, hell_entry,
          nicolae_abyss_entry_one_way_or_another, abandoned_shop,
          nicolae_rare_books, led_xom_imps
Hell
Zot:1:    layout_basic, grunt_ministairs_7, uniq_tiamat
Zot:2:    kennysheep_six_static_rooms, layout_cathedral_of_symmetry,
          st_stairs_6, grunt_ministairs_10
Zot:3:    layout_onion_interference, hangedman_zot_diagonal_lockstep,
          nicolae_transporter_circle
Zot:4:    layout_cathedral_of_symmetry

Skill      XL: |  1  2  3  4  5  6  7  8  9 10 11 12 13 14 15 16 17 18 19 20 21 22 23 24 25 26 27 |
---------------+----------------------------------------------------------------------------------+-----
Axes           | 2 3 4 5 6 7 9 10 11 12 14 15 16 18 20 | 20.0
Dodging        | 1 2 3 4 5 6 7 8 9 10 11 12 14 | 14.4
Fighting       | 4 5 6 7 8 9 10 12 13 15 17 19 20 21 23 24 27 | 27.0
Shields        | 7 8 9 10 11 12 13 14 17 18 19 20 21 22 23 | 23.0
Invocations    | 1 4 9 10 11 18 27 | 27.0
Throwing       | 1 2 3 4 7 9 10 11 12 13 | 13.9
Armour         | 4 5 7 8 9 11 14 15 16 18 19 20 21 22 24 | 24.7
Evocations     | 4 |  4.8

Action                   |  1- 3 |  4- 6 |  7- 9 | 10-12 | 13-15 | 16-18 | 19-21 | 22-24 | 25-27 || total
-------------------------+-------+-------+-------+-------+-------+-------+-------+-------+-------++-------
Melee: War axe           |    93 |   193 |   226 |   676 |  1177 |  1726 |   139 |       |   985 ||  5215
       Morningstar       |       |       |       |       |    40 |    49 |       |       |       ||    89
       Headbutt          |       |       |       |       |       |   277 |   502 |   494 |   839 ||  2112
       Broad axe         |       |       |       |       |       |       |  1334 |  1512 |  2178 ||  5024
Throw: Boomerang         |       |       |    10 |    27 |   144 |   117 |   114 |    12 |   289 ||   713
       Javelin           |       |       |       |    11 |    23 |    35 |    89 |    77 |   161 ||   396
Invok: Heroism           |       |       |     7 |    35 |    48 |    55 |    45 |    44 |    23 ||   257
       Finesse           |       |       |       |     1 |    10 |    16 |    11 |    15 |     1 ||    54
       Cleansing Flame   |       |       |       |       |       |       |       |       |   111 ||   111
       Summon Divine War |       |       |       |       |       |       |       |       |    31 ||    31
       Brand Weapon With |       |       |       |       |       |       |       |       |     1 ||     1
  Use: Scroll            |     3 |     8 |     8 |     3 |     6 |     9 |     3 |     2 |    24 ||    66
       Potion            |       |     4 |     1 |     1 |     1 |     3 |       |       |    59 ||    69
 Stab: Distracted        |       |       |       |       |     1 |       |       |       |       ||     1
Armor: Scale mail        |    44 |    45 |       |       |       |       |       |       |       ||    89
       Chain mail        |       |    96 |   120 |   303 |   386 |    54 |       |       |       ||   959
       Plate armour      |       |       |       |       |       |   237 |   329 |   427 |  1187 ||  2180
       Crystal plate arm |       |       |       |       |       |   991 |       |       |       ||   991
       Storm dragon scal |       |       |       |       |       |       |       |       |   145 ||   145
Dodge: Dodged            |    39 |    52 |    79 |   184 |   385 |  1309 |   566 |   520 |  1480 ||  4614
Block: Buckler           |    20 |    38 |    19 |       |       |       |       |       |       ||    77
       Kite shield       |       |       |   116 |   393 |   594 |   481 |       |       |       ||  1584
       Tower shield      |       |       |       |       |       |  1302 |  1255 |  1237 |  3107 ||  6901

Table legend:
 A = Non-vault XP
 B = Vault XP
 C = Vault XP percentage of total XP
 D = Non-vault monster count
 E = Vault monster count
 F = Vault count percentage of total count
                 A         B        C        D         E       F
            +---------+---------+-------+---------+---------+-------
      Total | 1034931 |  967692 |  48.3 |    2026 |    1250 |  38.2
            +---------+---------+-------+---------+---------+-------
        D:1 |      48 |       0 |   0.0 |      25 |       0 |   0.0
        D:2 |      70 |      11 |  13.6 |      20 |       6 |  23.1
        D:3 |     233 |       0 |   0.0 |      25 |       0 |   0.0
        D:4 |     215 |       0 |   0.0 |      14 |       0 |   0.0
        D:5 |     379 |     383 |  50.3 |      12 |       3 |  20.0
        D:6 |     536 |       0 |   0.0 |      19 |       0 |   0.0
        D:7 |    1527 |       0 |   0.0 |      16 |       0 |   0.0
        D:8 |    2859 |     391 |  12.0 |      35 |       1 |   2.8
        D:9 |    6131 |    1835 |  23.0 |      52 |      13 |  20.0
       D:10 |    5608 |     939 |  14.3 |      27 |       1 |   3.6
       D:11 |    4982 |       0 |   0.0 |      14 |       0 |   0.0
       D:12 |    5662 |       0 |   0.0 |      17 |       0 |   0.0
       D:13 |    2956 |    1105 |  27.2 |      10 |       3 |  23.1
       D:14 |    9919 |   11988 |  54.7 |      17 |      38 |  69.1
       D:15 |   10975 |    2201 |  16.7 |      21 |       6 |  22.2
     Lair:1 |    5499 |     358 |   6.1 |      27 |       7 |  20.6
     Lair:2 |    2002 |    1328 |  39.9 |      10 |       4 |  28.6
     Lair:3 |    8711 |     997 |  10.3 |      32 |       4 |  11.1
     Lair:4 |    4926 |    4511 |  47.8 |      18 |      10 |  35.7
     Lair:5 |   10818 |   10784 |  49.9 |      33 |      37 |  52.9
    Swamp:1 |   17312 |       0 |   0.0 |      39 |       0 |   0.0
    Swamp:2 |   16925 |       0 |   0.0 |      32 |       0 |   0.0
    Swamp:3 |   11719 |    1189 |   9.2 |      26 |       1 |   3.7
    Swamp:4 |    7129 |   24225 |  77.3 |      12 |      33 |  73.3
   Spider:1 |   22910 |    1542 |   6.3 |      61 |       2 |   3.2
   Spider:2 |   11952 |    3430 |  22.3 |      31 |       2 |   6.1
   Spider:3 |   18627 |       0 |   0.0 |      48 |       0 |   0.0
   Spider:4 |   15042 |   19256 |  56.1 |      37 |      36 |  49.3
    Slime:1 |    4727 |       0 |   0.0 |       9 |       0 |   0.0
    Slime:2 |    5463 |       0 |   0.0 |      13 |       0 |   0.0
    Slime:3 |    8347 |       0 |   0.0 |      17 |       0 |   0.0
    Slime:5 |   13187 |   23899 |  64.4 |      25 |      17 |  40.5
      Orc:1 |    5821 |     331 |   5.4 |      53 |      10 |  15.9
      Orc:2 |       0 |   20679 | 100.0 |       0 |     131 | 100.0
   Vaults:1 |   37985 |   18369 |  32.6 |      65 |      29 |  30.9
   Vaults:2 |   22533 |   21858 |  49.2 |      32 |      25 |  43.9
   Vaults:3 |   19123 |   21484 |  52.9 |      35 |      25 |  41.7
   Vaults:4 |   23745 |   48857 |  67.3 |      36 |      60 |  62.5
   Vaults:5 |   19291 |  118046 |  86.0 |      23 |      94 |  80.3
    Crypt:1 |   19141 |    9308 |  32.7 |      32 |       7 |  17.9
    Crypt:2 |   36641 |       0 |   0.0 |      52 |       0 |   0.0
    Crypt:3 |   42293 |   30194 |  41.7 |      61 |      59 |  49.2
     Tomb:1 |    6211 |   99320 |  94.1 |      23 |      66 |  74.2
     Tomb:2 |   16092 |   33301 |  67.4 |      53 |      50 |  48.5
     Tomb:3 |    8304 |   72639 |  89.7 |      19 |      68 |  78.2
   Depths:1 |   43214 |   20030 |  31.7 |      54 |      17 |  23.9
   Depths:2 |   39256 |   17957 |  31.4 |      43 |      19 |  30.6
   Depths:3 |    3643 |   63917 |  94.6 |      14 |     101 |  87.8
   Depths:4 |   34982 |   18091 |  34.1 |      50 |      19 |  27.5
       Hell |   10366 |   23145 |  69.1 |      13 |      36 |  73.5
      Zot:1 |   49646 |   19652 |  28.4 |      42 |      15 |  26.3
      Zot:2 |   33292 |   15744 |  32.1 |      30 |      10 |  25.0
      Zot:3 |   37619 |       0 |   0.0 |      31 |       0 |   0.0
      Zot:4 |   20976 |       0 |   0.0 |      20 |       0 |   0.0
    Abyss:2 |   33763 |       0 |   0.0 |      93 |       0 |   0.0
        Pan |  231948 |  184398 |  44.3 |     340 |     185 |  35.2
     WizLab |    1650 |       0 |   0.0 |      18 |       0 |   0.0
            +---------+---------+-------+---------+---------+-------
